Workbook
Name \0: #REF!
Name \0: #REF!
Name _?: #REF!
Name _?: #REF!
Name _??????: #REF!
Name _??????: #REF!
Name __?: #REF!
Name __??????: #REF!
Name _06: #REF!
Name _06: #REF!
Name _13_?: #REF!
Name _13_?: #REF!
Name _26_??????: #REF!
Name _26_??????: #REF!
Name _27M10_: #N/A
Name _27M10_: #N/A
Name _28P10_: #N/A
Name _28P10_: #N/A
Name _29其他资产_开办费除外_明细表: #REF!
Name _29其他资产_开办费除外_明细表: #REF!
Name _3_?: #REF!
Name _3_?: #REF!
Name _6_??????: #REF!
Name _6_??????: #REF!
Name _7M10_: 机器设备评估过程表!_7M10_
Name _7M10_: _7M10_
Name _8P10_: 机器设备评估过程表!_8P10_
Name _8P10_: _8P10_
Name _9其他资产_开办费除外_明细表: #REF!
Name _9其他资产_开办费除外_明细表: #REF!
Name _BSP2: #REF!
Name _BSP2: #REF!
Name _h1: [1]收入!$A$26
Name _h1: [2]收入!$A$26
Name _M10: '成本途径存货——产成品分析表(倒扣整体法)'!_M10
Name _M10: _M10
Name _P10: '成本途径存货——产成品分析表(倒扣整体法)'!_P10
Name _P10: _P10
Name a: #REF!
Name A: #REF!
Name A: #REF!
Name aa: '[3]江苏苏州本部（中央）'!$C$39
Name bb: [4]说明!$C$31
Name bbkm: [5]W!$B$2:$B$65
Name bbxml: #REF!
Name bbxml: #REF!
Name BS: #REF!
Name BS: #REF!
Name BSCS: #REF!
Name BSCS: #REF!
Name BSCSP2: #REF!
Name BSCSP2: #REF!
Name chb: [6]完!$G$2:$G$32
Name chmxb: #REF!
Name chmxb: #REF!
Name cost: #REF!
Name cost: #REF!
Name Database: '[7]8月消耗'!$A$1:$L$824
Name DCF打印: #REF!
Name DCF打印: #REF!

Sheet 成本法资料清单
A1: 资产评估委托方或被评估单位提供的资料清单(成本法) 索引号：G-6
A2: 序号 | B2: 资 料 名 称 | C2: 适用性 | D2: 已提供 | E2: 备 注
A3: 一 | B3: 委托方
A4: 1 | B4: 委托方企业法人营业执照
A5: 2 | B5: 委托方历史沿革
A6: 3 | B6: 资产评估业务约定书(评估机构提供格式)
A7: 4 | B7: 委托方承诺函(评估机构提供格式)
A8: 5 | B8: 资产评估有关事项说明(评估机构提供格式)
A9: 6 | B9: 与评估目的相对应的经济行为文件及上级批准文件；股东大会、董事会决议或合作协议等
A10: 7 | B10: 资产重组方案、土地处置方案
A11: 8 | B11: 核准备案申请文件
A12: 9 | B12: 国有资产管理部门盖章的核准备案文件
A13: 10 | B13: 委托方反馈意见表(评估机构提供格式)
A14: 11 | B14: 评估报告签收单(评估机构提供格式)
A15: 12 | B15: 其他可能需要的资料
A16: 二 | B16: 被评估单位综合资料
A17: 1 | B17: 被评估单位企业法人营业执照、税务登记证
A18: 2 | B18: 被评估单位组织代码证
A19: 3 | B19: 被评估单位税务登记证
A20: 4 | B20: 被评估单位国有资产产权登记证
A21: 5 | B21: 被评估单位的各类资质证书、采矿许可证、进出口许可证、专营权许可证
A22: 6 | B22: 被评估单位工商登记变更查询资料,最后验资报告、最后章程
A23: 7 | B23: 被评估单位发生的实际和计划中的股权变动事宜，包括股权数量、变动形式（第三方购买、内部变动、赠与等）、转让价格、价格确定的方式（协商、评估等）、以及其他与转让有关的特殊背景资料
A24: 8 | B24: 被评估单位下属机构的简况和框架图
A25: 9 | B25: 被评估单位贷款卡查询资料
A26: 10 | B26: 被评估资产中有关抵押、担保、诉讼情况表及有关抵押、担保、诉讼资料
A27: 11 | B27: 被评估资产中有关租赁情况表（融资、租赁凭证及合同）
A28: 12 | B28: 被评估单位出纳员声明书(评估机构提供格式)
... A37: 21 | B37: 其他
A38: 三 | B38: 成本法资产评估所需资料
A39: （一） | B39: 流动资产及负债的资料清单
A40: 1 | B40: 现金：现金盘点表(评估机构提供格式)
A41: 2 | B41: 银行存款：提供银行存款对账单、余额调节表、询证函
A42: 3 | B42: 其他货币资金：提供承兑保证合同,银行存款对账单、余额调节表、询证函、存款存单等复印件
A43: 4 | B43: 交易性资产-股票：提供对账单，提供基准日市价及应收股利资料
A44: 5 | B44: 交易性资产-债券：提供对账单，提供基准日市价及应收利息资料
A45: 6 | B45: 交易性资产-基金：提供对账单，提供基准日市价及应收股利资料
A46: 7 | B46: 应收票据：提供盘点表、票据复印件，已贴现的提供账务处理凭证
A47: 8 | B47: 应收帐款：提供大额款项购销合同等入账凭证、进行账龄分析、坏账证明文件、询证函（询证函样本由本公司提供）
A48: 9 | B48: 预付帐款：提供大额款项购销合同等入账凭证、坏账证明文件、询证函（询证函样本由本公司提供）
A49: 10 | B49: 应收利息：提供利息的入账凭证；
A50: 11 | B50: 应收股利：提供被投资单位营业执照、验资报告、章程，股东大会利润分配决议；
A51: 12 | B51: 其他应收款：提供大额款项入账凭证、进行账龄分析、坏账证明文件、询证函（询证函样本由本公司提供）
... A68: 29 | B68: 其他
A69: （二） | B69: 房屋建筑物的资料清单
A70: 1 | B70: 厂区平面布置图
A71: 2 | B71: 账面价值组成说明（工程造价、分摊费用等）
A72: 3 | B72: 房屋所有权证及其权属说明
A73: 4 | B73: 建设用地规划许可证\建筑施工许可证
A74: 5 | B74: 典型建筑预（决）算资料
A75: 6 | B75: 当地行政建设收费标准,至少包含配套费\防空费等
A76: 7 | B76: 主要房屋建筑清查表
A77: 8 | B77: 主要房屋建筑物的近期照片
A78: 9 | B78: 其他资料
A79: （三） | B79: 机器设备及车辆的资料清单
A80: 1 | B80: 企业生产工艺流程图及相关技术文件说明
A81: 2 | B81: 机器设备账面价值组成说明（原始购置价值、清产核资入账价值、前次评估入账价值）
A82: 3 | B82: 大型设备、进口设备技术资料、产品说明书等
A83: 4 | B83: 进口设备的合同、报关单等
A84: 5 | B84: 大型设备、重要设备的购货发票或定货合同（10万元以上）
A85: 6 | B85: 电梯、行车、压力容器、锅炉等设备的检验资料
A86: 7 | B86: 大型设备安装预（决）算资料
A87: 8 | B87: 主要设备资产清查表
A88: 8 | B88: 主要设备及进口设备的近期照片
A89: 9 | B89: 机器设备账面价值组成说明（原始购置价值、清产核资入账价值、前次评估入账价值）
A90: 10 | B90: 车辆行驶证原件及复印件，权证非本单位的由车主、被评估单位提供产权证明
A91: 11 | B91: 其他资料
A92: （四） | B92: 土地使用权的资料清单
A93: 1 | B93: 国有土地使用权证书、建设用地规划许可证复印件
A94: 2 | B94: 国有土地使用权出转（让）合同、协议复印件
A95: 3 | B95: 政府有关部门关于土地使用情况的批文,土地规划用途、建筑面积、容积率、绿化标准及规划部门的批文
A96: 4 | B96: 土地位置图（在城市行政区划图中标出）
A97: 5 | B97: 用地红线图
A98: 6 | B98: 土地开发规划说明及规划图
A99: 7 | B99: 基础设施开发程度资料，即七通一平情况（包括：道路、电信、自来水、污水、煤气、热力）及其所花费用,商业服务设施配套情况说明
A100: 8 | B100: 地产所在地区土地基准地价修正体系（基准地价文件及级别划分图）
A101: 9 | B101: 当地土地征收费用标准
A102: 10 | B102: 近期周边土地出让、转让交易实例
A103: 11 | B103: 其他
A104: （四） | B104: 专利权及专有技术资料清单
A105: 1 | B105: 专利权证书、专利权利要求及说明书、最近交费证明
A106: 2 | B106: 专有技术、申请专利权的相关文件资料
A107: 3 | B107: 购买、转让专利权或合同复印件
A108: 4 | B108: 专利权或专有技术的详细介绍（包括：技术来源、技术开发的起因、时间、解决的主要技术问题；主要的应用范围、所达到的技术经济指标，国内国际同类型技术的比较分析、该技术所处国内国际的水平分析）
A109: 5 | B109: 专利技术研制报告及项目可行性研究报告
A110: 6 | B110: 有关政府批文、有关合同文件
A111: 7 | B111: 专利技术的说明书、使用方式
A112: 8 | B112: 企业近几年的收益状况（财务报表）、市场占有率统计、销售网络的分布图
A113: 9 | B113: 专有技术的实质内容是否可通过其产品轻易取得、该专有技术可被模仿的难易程度、转移性、是否会被新的专有技术替代
A114: 10 | B114: 企业获取该专利或专有技术的耗费明细，自研技术包括投入时间、人力（工作日及人员技术结构）、资金、物质材料的数量及价值等方面的凭证和情况介绍
A115: 11 | B115: 国内外市场分析与预测：企业面临市场竞争的形势（有利因素、不利因素）、未来竞争的格局、能占有市场的份额及开发的潜力
A116: 12 | B116: 国内外同行业的投资收益率、平均成本、利润率、销售税金、销售成本、销售费用、财务费用、销售收入占企业收入的比例、折旧占销售成本的比例
... A125: 21 | B125: 其他
A126: （五） | B126: 其他无形资产资料清单
B127: 商标
A128: 1 | B128: 商标注册证书复印件
A129: 2 | B129: 商标样式复印件
A130: 3 | B130: 转让注册商标相关文件的复印件
A131: 4 | B131: 商标的使用情况、使用方式的说明
A132: 5 | B132: 使用商标产品的生产投资规模、成本费用、销售收入历史数据及未来预测数据
...

Sheet 收益法资料清单
A1: 收益法调查资料清单
A2: 被评估单位：
A3: 评估基准日： | D3: 索引号： | E3: SY-1-3
A4: 编号 | B4: 资料名称 | C4: 需提供 | D4: 已提供 | E4: 备注
A5: 一 | B5: 整体资料
A6: 1 | B6: 最近3年财务年度资产负债表、损益表、现金流量表和股东权益表
A7: 2 | B7: 同、上年的纳税记录
A8: 3 | B8: 从评估基准日算起的过度报表以及以前年度同期比较报表
A9: 4 | B9: 主要的会计政策与制度
A10: 5 | B10: 访谈记录
A11: 二 | B11: 宏观经济、产业信息与市场信息
A12: 1 | B12: 当前的宏观经济形势、政策法律法规、经济增长速度、全球经济发展速度、利率和汇率水平
A13: 2 | B13: 产业的特点、准入制度、市场分割状况以及行业整体发展的情况
A14: 3 | B14: 行业资料统计，包括行业平均资金利税率、成本利润率、资产利润率、净资产；利润率、基准收益率、行业平均销售利润率
A15: 4 | B15: 产品市场占有率统计、营销网络分布清单、主要产品经销商、供应商情况介绍，相关产业链各环节结构示意图
A16: 5 | B16: 企业的主要竞争对象，企业在行业中的地位、优劣势分析资料
A17: 6 | B17: 企业面临生产竞争性分析（有利因素、不利因素），预测竞争格局，有否市场垄断（或部分垄断）可能，垄断期限；生产开发潜能预测及开发设想；企业自身投资开发能力
A18: 7 | B18: 国内、国外同行业企业资产负债率、投资收益率、平均成本利润率、资金利润率、销售（营业）税金、销售（经营）成本、销售（经营）费用和利息支付，财务费用占销售（营业）收入的比例，折旧占销售（经营）成本的比例等情况的现状及变化趋势相关资料；
A19: 三 | B19: 营业收入
A20: 1 | B20: 企业前三年分产品品种、类别销售统计表
A21: 2 | B21: 主要产品的设计生产能力，前三年实际生产量、销售量统计资料
A22: 3 | B22: 基准日未执行的销售合同，长期供货协议等
A23: 4 | B23: 基准日当年销售计划\销售指标分解表\销售任务书\代理协议书
A24: 5 | B24: 未来5年销售预测
A25: 三 | B25: 营业成本
A26: 1 | B26: 企业前三年分产品品种、类别营业成本统计表
A27: 2 | B27: 企业前三年分产品品种成本组成(主材费\辅助材料费\人工费\燃料与动力费\制造费用—折旧与摊销\制造费用—人工\制造费用—其他)统计表
A28: 3 | B28: 未来5年营业成本预测
A29: 四 | B29: 营业税金及附加
A30: 1 | B30: 企业前三年营业税金及附加统计表
A31: 2 | B31: 未来5年营业税金及附加预测
A32: 五 | B32: 营业费用
A33: 1 | B33: 企业前三年营业费用统计表
A34: 2 | B34: 营业费用预测说明
A35: 3 | B35: 营业费用中人工费用\折旧与摊销预测说明
A36: 4 | B36: 未来5年营业费用预测
A37: 六 | B37: 管理费用
A38: 1 | B38: 企业前三年管理费用统计表
A39: 2 | B39: 管理费用预测说明
A40: 3 | B40: 管理费用中人工费用\折旧与摊销及其他固定费用预测说明
A41: 4 | B41: 未来5年管理费用预测
A42: 七 | B42: 财务费用
A43: 1 | B43: 企业前三年财务费用统计表
A44: 2 | B44: 财务费用中利息收入\利息支出\手续费\汇兑损益预测说明
A45: 3 | B45: 未来5年财务费用预测
A46: 八 | B46: 投资收益
A47: 1 | B47: 企业前三年投资收益统计表
A48: 2 | B48: 投资收益预测说明
A49: 3 | B49: 未来5年投资收益预测
A50: 九 | B50: 营业外收支
A51: 1 | B51: 企业前三年营业外收支统计表
A52: 2 | B52: 营业外收支预测说明
A53: 3 | B53: 未来5年营业外收支预测
A54: 十 | B54: 所得税
A55: 1 | B55: 所得税优惠文件
A56: 2 | B56: 未来5年所得税预测
A57: 十 | B57: 营运资金
A58: 1 | B58: 企业前三年现金支出明细表,标注非经营性收支
A59: 2 | B59: 企业前三年银行存款明细表,标注非经营性收支
A60: 3 | B60: 企业前三年应收票据余额明细表,标注非经营性\非经营性
A61: 4 | B61: 企业前三年应收账款余额明细表,标注非经营性\非经营性
A62: 5 | B62: 企业前三年预收账款余额明细表,标注非经营性\非经营性
A63: 6 | B63: 企业前三年其他应收款余额明细表,标注非经营性\非经营性
A64: 7 | B64: 企业前三年存货统计表,标注非经营性\非经营性
A65: 8 | B65: 企业前三年应付票据余额明细表,标注非经营性\非经营性
A66: 9 | B66: 企业前三年其他货币资金余额明细表,标注非经营性\非经营性
A67: 10 | B67: 企业前三年应付账款余额明细表,标注非经营性\非经营性
A68: 11 | B68: 企业前三年预付账款余额明细表,标注非经营性\非经营性
A69: 12 | B69: 企业前三年其他应付款余额明细表,标注非经营性\非经营性
A70: 十一 | B70: 折旧与摊销
A71: 1 | B71: 企业各类资产折旧与摊销年限
A72: 2 | B72: 企业前三年折旧与摊销统计表
A73: 3 | B73: 企业基准日前1月分类折旧与摊销统计表
A74: 4 | B74: 未来5年折旧与摊销预测
A75: 十二 | B75: 资本性支出
A76: 1 | B76: 企业未来5年的投资计划
A77: 2 | B77: 尚未完工扩产投资尚需资本性支出统计表
A78: 3 | B78: 预付账款中已支出的设备款\工程款
A79: 4 | B79: 未来5年新增资产支出预测
A80: 5 | B80: 未来5年原有资产更新支出预测
A81: 十三 | B81: 折现率
A82: 1 | B82: 无风险利率(取5年以上国债到期收益率)
A83: 2 | B83: 风险溢价(上海深圳指数几何收益率\评级机构统计数据\上市公司前5年净资产收益率分析确定)
A84: 3 | B84: β系数(巨灵咨询:剔除财务杠杆调整后数据)
A85: 4 | B85: 目标资本结构(巨灵咨询)
A86: 5 | B86: 特有风险(分类估算法\绩效评价法\上市公司规模指数统计法)
A87: 6 | B87: 有息负债统计表
A88: 7 | B88: 企业资本结构
A89: 十四 | B89: 溢余资产
A90: 1 | B90: 金融性资产中非经营性资产统计表
A91: 1 | B91: 预付账款中非经营性资产统计表
A92: 2 | B92: 其他应收款中非经营性资产统计表
A93: 3 | B93: 存货中非经营性资产统计表
A94: 4 | B94: 固定资产中非经营性资产统计表
A95: 5 | B95: 无形资产中非经营性资产统计表
A96: 6 | B96: 金融性负债中非经营性资产统计表
A97: 7 | B97: 应付票据中非经营性资产统计表
A98: 8 | B98: 应付账款中增加产能的工程款\设备款非经营性资产统计表
A99: 9 | B99: 预收账款中非经营性资产统计表
A100: 10 | B100: 其他应付款中非经营性资产统计表
...

Sheet 索引目录
A1: 资产评估申报表索引目录
B2: 评估申报表封面
B3: 评估申报表说明（填表前请先阅读）
B4: 基本情况表 | C4: 企业原始报表 | D4: 审计后资产负债表 | E4: 汇总表 | F4: 分类汇总表
C5: 资产类科目 | G5: 负债类科目
C6: 流动资产 | D6: 货币资金 | E6: 现金 | G6: 流动负债 | I6: 短期借款
E7: 银行存款 | I7: 交易性金融负债
E8: 其他货币资金 | I8: 应付票据
D9: 交易性金融资产 | E9: 股票投资 | I9: 应付账款
E10: 债券投资 | I10: 预收款项
E11: 基金投资 | I11: 应付职工薪酬
D12: 应收票据 | I12: 应交税费
D13: 应收账款 | I13: 应付利息
D14: 预付账款 | I14: 应付股利（应付利润）
D15: 应收利息 | I15: 其他应付款
D16: 应收股利 | I16: 一年内到期的非流动负债
D17: 其他应收款 | I17: 其他流动负债
D18: 存货 | E18: 原材料
E19: 材料采购（在途物资）
E20: 在库低值易耗品 | G20: 非流动负债 | I20: 长期借款
E21: 包装物 | I21: 应付债券
E22: 委托加工物资 | I22: 长期应付款
E23: 产成品(库存商品) | I23: 专项应付款
E24: 开发产品 | I24: 预计负债
E25: 出租开发产品 | I25: 递延所得税负债
E26: 在产品 | I26: 其他非流动负债
E27: 开发成本
E28: 分期收款发出商品
E29: 在用低值易耗品
E30: 委托代销商品
E31: 受托代销商品
E32: 未结算工程
E33: 周转材料
D34: 一年到期非流动资产
D35: 其他流动资产
D36: 可供出售金融资产 | E36: 股票投资
E37: 债券投资
E38: 其他投资
D39: 持有至到期投资
D40: 长期应收款
D41: 长期股权投资
D42: 投资性房地产 | E42: （房屋成本计量 | F42: 房屋公允价值计量 | H42: 土地成本计量 | I42: 土地公允价值计量）
D43: 固定资产 | E43: 房屋建筑物
E44: 构筑物及其他辅助设施
E45: 管道及沟槽
E46: 机器设备
E47: 车辆
E48: 电子设备
C49: 非流动资产 | E49: 土地
D50: 在建工程 | E50: 在建工程-土建工程
E51: 在建工程-设备安装工程
D52: 工程物资
D53: 固定资产清理
D54: 生产性生物资产
D55: 油气资产
D56: 无形资产 | E56: 土地使用权
E57: 矿业权
D58: 开发支出 | E58: 其他无形资产
D59: 商誉
D60: 长期待摊费用
D61: 递延所得税资产
D62: 其他非流动资产 | E62: 其他长期资产
E63: 临时设施
E64: 特准储备物资

Sheet 汇总表
B1: 返回索引页
A2: 资 产 评 估 结 果 汇 总 表
A3: =CONCATENATE(#REF!,#REF!,#REF!,#REF!,#REF!,#REF!,#REF!) -> #REF!
A4: =#REF!&#REF! -> #REF! | G4: 金额单位：人民币万元
A5: 项 目 | C5: 审计前账面价值 | D5: 账面价值 | E5: 评估价值 | F5: 增减值 | G5: 增值率％
D6: A | E6: B | F6: C=B-A | G6: D=C/A×100%
A7: 1 | B7: 流动资产 | C7: =ROUND(分类汇总!C6/10000,2) -> 0 | D7: =ROUND(分类汇总!E6/10000,2) -> 0 | E7: =ROUND(分类汇总!F6/10000,2) -> 0 | F7: =E7-D7 -> 0 | G7: =IF(D7=0,"",F7/D7*100)
A8: =MAX(A$7:$B7)+1 -> 2 | B8: 非流动资产 | C8: =分类汇总!C18/10000 -> #REF! | D8: =分类汇总!E18/10000 -> #REF! | E8: =分类汇总!F18/10000 -> #REF! | F8: =E8-D8 -> #REF! | G8: =IF(D8=0,"",F8/D8*100) -> #REF!
A9: =MAX(A$7:$B8)+1 -> 3 | B9: 其中：可供出售金融资产 | C9: =ROUND(分类汇总!C19/10000,2) -> 0 | D9: =ROUND(分类汇总!E19/10000,2) -> 0 | E9: =ROUND(分类汇总!F19/10000,2) -> 0 | F9: =E9-D9 -> 0 | G9: =IF(D9=0,"",F9/D9*100)
A10: 4 | B10: 持有至到期投资 | C10: =ROUND(分类汇总!C20/10000,2) -> 0 | D10: =ROUND(分类汇总!E20/10000,2) -> 0 | E10: =ROUND(分类汇总!F20/10000,2) -> 0 | F10: =E10-D10 -> 0 | G10: =IF(D10=0,"",F10/D10*100)
A11: 5 | B11: 长期应收款 | C11: =ROUND(分类汇总!C21/10000,2) -> 0 | D11: =ROUND(分类汇总!E21/10000,2) -> 0 | E11: =ROUND(分类汇总!F21/10000,2) -> 0 | F11: =E11-D11 -> 0 | G11: =IF(D11=0,"",F11/D11*100)
A12: 6 | B12: 长期股权投资 | C12: =ROUND(分类汇总!C22/10000,2) -> 0 | D12: =ROUND(分类汇总!E22/10000,2) -> 0 | E12: =ROUND(分类汇总!F22/10000,2) -> 0 | F12: =E12-D12 -> 0 | G12: =IF(D12=0,"",F12/D12*100)
A13: 7 | B13: 投资性房地产 | C13: =ROUND(分类汇总!C23/10000,2) -> 0 | D13: =ROUND(分类汇总!E23/10000,2) -> 0 | E13: =ROUND(分类汇总!F23/10000,2) -> 0 | F13: =E13-D13 -> 0 | G13: =IF(D13=0,"",F13/D13*100)
A14: 8 | B14: 固定资产 | C14: =ROUND(分类汇总!C24/10000,2) -> #REF! | D14: =ROUND(分类汇总!E24/10000,2) -> #REF! | E14: =ROUND(分类汇总!F24/10000,2) -> #REF! | F14: =E14-D14 -> #REF! | G14: =IF(D14=0,"",F14/D14*100) -> #REF!
A15: 9 | B15: 在建工程 | C15: =ROUND(分类汇总!C25/10000,2) -> 0 | D15: =ROUND(分类汇总!E25/10000,2) -> 0 | E15: =ROUND(分类汇总!F25/10000,2) -> 0 | F15: =E15-D15 -> 0 | G15: =IF(D15=0,"",F15/D15*100)
A16: 10 | B16: 工程物资 | C16: =ROUND(分类汇总!C26/10000,2) -> 0 | D16: =ROUND(分类汇总!E26/10000,2) -> 0 | E16: =ROUND(分类汇总!F26/10000,2) -> 0 | F16: =E16-D16 -> 0 | G16: =IF(D16=0,"",F16/D16*100)
A17: 11 | B17: 固定资产清理 | C17: =ROUND(分类汇总!C27/10000,2) -> 0 | D17: =ROUND(分类汇总!E27/10000,2) -> 0 | E17: =ROUND(分类汇总!F27/10000,2) -> 0 | F17: =E17-D17 -> 0 | G17: =IF(D17=0,"",F17/D17*100)
A18: 12 | B18: 生产性生物资产 | C18: =ROUND(分类汇总!C28/10000,2) -> 0 | D18: =ROUND(分类汇总!E28/10000,2) -> 0 | E18: =ROUND(分类汇总!F28/10000,2) -> 0 | F18: =E18-D18 -> 0 | G18: =IF(D18=0,"",F18/D18*100)
A19: 13 | B19: 油气资产 | C19: =ROUND(分类汇总!C29/10000,2) -> 0 | D19: =ROUND(分类汇总!E29/10000,2) -> 0 | E19: =ROUND(分类汇总!F29/10000,2) -> 0 | F19: =E19-D19 -> 0 | G19: =IF(D19=0,"",F19/D19*100)
A20: 14 | B20: 无形资产 | C20: =ROUND(分类汇总!C30/10000,2) -> 0 | D20: =ROUND(分类汇总!E30/10000,2) -> 0 | E20: =ROUND(分类汇总!F30/10000,2) -> 0 | F20: =E20-D20 -> 0 | G20: =IF(D20=0,"",F20/D20*100)
A21: 15 | B21: 开发支出 | C21: =ROUND(分类汇总!C31/10000,2) -> 0 | D21: =ROUND(分类汇总!E31/10000,2) -> 0 | E21: =ROUND(分类汇总!F31/10000,2) -> 0 | F21: =E21-D21 -> 0 | G21: =IF(D21=0,"",F21/D21*100)
... A25: 19 | B25: 其他非流动资产 | C25: =ROUND(分类汇总!C35/10000,2) -> 0 | D25: =ROUND(分类汇总!E35/10000,2) -> 0 | E25: =ROUND(分类汇总!F35/10000,2) -> 0 | F25: =E25-D25 -> 0 | G25: =IF(D25=0,"",F25/D25*100)
A26: 20 | B26: 资产总计 | C26: =分类汇总!C36/10000 -> #REF! | D26: =分类汇总!E36/10000 -> #REF! | E26: =分类汇总!F36/10000 -> #REF! | F26: =E26-D26 -> #REF! | G26: =IF(D26=0,"",F26/D26*100) -> #REF!
A27: 21 | B27: 流动负债 | C27: =ROUND(分类汇总!C37/10000,2) -> 0 | D27: =ROUND(分类汇总!E37/10000,2) -> 0 | E27: =ROUND(分类汇总!F37/10000,2) -> 0 | F27: =E27-D27 -> 0 | G27: =IF(D27=0,"",F27/D27*100)
A28: 22 | B28: 非流动负债 | C28: =ROUND(分类汇总!C50/10000,2) -> 0 | D28: =ROUND(分类汇总!E50/10000,2) -> 0 | E28: =ROUND(分类汇总!F50/10000,2) -> 0 | F28: =E28-D28 -> 0 | G28: =IF(D28=0,"",F28/D28*100)
A29: 23 | B29: 负债合计 | C29: =分类汇总!C58/10000 -> 0 | D29: =分类汇总!E58/10000 -> 0 | E29: =分类汇总!F58/10000 -> 0 | F29: =E29-D29 -> 0 | G29: =IF(D29=0,"",F29/D29*100)
A30: 24 | B30: 净资产（所有者权益） | C30: =分类汇总!C59/10000 -> #REF! | D30: =分类汇总!E59/10000 -> #REF! | E30: =分类汇总!F59/10000 -> #REF! | F30: =E30-D30 -> #REF! | G30: =分类汇总!H59 -> #REF!
A31: 评估机构名称: | F31: 签字资产评估师：
A32: 法定代表人：
D33: 人民币大写 | E33: =ROUND(分类汇总!F59,-2) -> #REF!

Sheet 分类汇总
A1: 返回索引页 | B1: 返回
A2: 资产评估结果分类汇总表
A3: =CONCATENATE(#REF!,#REF!,#REF!,#REF!,#REF!,#REF!,#REF!) -> #REF!
A4: =#REF!&#REF! -> #REF! | H4: 金额单位：人民币元
A5: 序号 | B5: 科目名称 | C5: 审计前账面值 | D5: 账面调整值 | E5: 账面价值 | F5: 评估价值 | G5: 增减值 | H5: 增值率% | I5: 检验
A6: 1 | B6: 一、流动资产合计 | C6: =SUM(C7:C17) -> 0 | D6: =E6-C6 -> 0 | E6: =SUM(E7:E17) -> 0 | F6: =SUM(F7:F17) -> 0 | G6: =SUM(G7:G17) -> 0 | H6: =IF(E6=0,"",G6/E6*100) | I6: =IF(F6="","",IF(G6=0,"正常","非正常核查原因")) -> 正常
A7: 2 | B7: 货币资金 | C7: =流动汇总!C6 -> 0 | D7: =E7-C7 -> 0 | E7: =流动汇总!D6 -> 0 | F7: =流动汇总!E6 -> 0 | G7: =F7-E7 -> 0 | H7: =IF(E7=0,"",G7/E7*100) | I7: =IF(F7="","",IF(G7=0,"正常","非正常核查原因")) -> 正常
A8: 3 | B8: 交易性金融资产 | C8: =流动汇总!C7 -> 0 | D8: =E8-C8 -> 0 | E8: =流动汇总!D7 -> 0 | F8: =流动汇总!E7 -> 0 | G8: =F8-E8 -> 0 | H8: =IF(E8=0,"",G8/E8*100) | I8: =IF(F8="","",IF(G8=0,"正常","非正常核查原因")) -> 正常
A9: 4 | B9: 应收票据 | C9: =流动汇总!C8 -> 0 | D9: =E9-C9 -> 0 | E9: =流动汇总!D8 -> 0 | F9: =流动汇总!E8 -> 0 | G9: =F9-E9 -> 0 | H9: =IF(E9=0,"",G9/E9*100) | I9: =IF(F9="","",IF(G9=0,"正常","非正常核查原因")) -> 正常
A10: 5 | B10: 应收账款 | C10: =流动汇总!C11 -> 0 | D10: =E10-C10 -> 0 | E10: =流动汇总!D11 -> 0 | F10: =流动汇总!E11 -> 0 | G10: =F10-E10 -> 0 | H10: =IF(E10=0,"",G10/E10*100) | I10: =IF(F10="","",IF(G10=0,"正常","非正常核查原因")) -> 正常
A11: 6 | B11: 预付款项 | C11: =流动汇总!C12 -> 0 | D11: =E11-C11 -> 0 | E11: =流动汇总!D12 -> 0 | F11: =流动汇总!E12 -> 0 | G11: =F11-E11 -> 0 | H11: =IF(E11=0,"",G11/E11*100) | I11: =IF(F11="","",IF(G11=0,"正常","非正常核查原因")) -> 正常
A12: 7 | B12: 应收利息 | C12: =流动汇总!C13 -> 0 | D12: =E12-C12 -> 0 | E12: =流动汇总!D13 -> 0 | F12: =流动汇总!E13 -> 0 | G12: =F12-E12 -> 0 | H12: =IF(E12=0,"",G12/E12*100) | I12: =IF(F12="","",IF(G12=0,"正常","非正常核查原因")) -> 正常
A13: 8 | B13: 应收股利 | C13: =流动汇总!C14 -> 0 | D13: =E13-C13 -> 0 | E13: =流动汇总!D14 -> 0 | F13: =流动汇总!E14 -> 0 | G13: =F13-E13 -> 0 | H13: =IF(E13=0,"",G13/E13*100) | I13: =IF(F13="","",IF(G13=0,"正常","非正常核查原因")) -> 正常
A14: 9 | B14: 其他应收款 | C14: =流动汇总!C17 -> 0 | D14: =E14-C14 -> 0 | E14: =流动汇总!D17 -> 0 | F14: =流动汇总!E17 -> 0 | G14: =F14-E14 -> 0 | H14: =IF(E14=0,"",G14/E14*100) | I14: =IF(F14="","",IF(G14=0,"正常","非正常核查原因")) -> 正常
A15: 10 | B15: 存货 | C15: =流动汇总!C18 -> 0 | D15: =E15-C15 -> 0 | E15: =流动汇总!D18 -> 0 | F15: =流动汇总!E18 -> 0 | G15: =F15-E15 -> 0 | H15: =IF(E15=0,"",G15/E15*100) | I15: =IF(H15="","正常",IF(H15>30,"非正常核查原因",IF(H15<-30,"非正常核查原因","正常"))) -> 正常
A16: 11 | B16: 一年内到期的非流动资产 | C16: =流动汇总!C19 -> 0 | D16: =E16-C16 -> 0 | E16: =流动汇总!D19 -> 0 | F16: =流动汇总!E19 -> 0 | G16: =F16-E16 -> 0 | H16: =IF(E16=0,"",G16/E16*100) | I16: =IF(F16="","",IF(G16=0,"正常","非正常核查原因")) -> 正常
A17: 12 | B17: 其他流动资产 | C17: =流动汇总!C20 -> 0 | D17: =E17-C17 -> 0 | E17: =流动汇总!D20 -> 0 | F17: =流动汇总!E20 -> 0 | G17: =F17-E17 -> 0 | H17: =IF(E17=0,"",G17/E17*100) | I17: =IF(F17="","",IF(G17=0,"正常","非正常核查原因")) -> 正常
A18: 13 | B18: 二、非流动资产合计 | C18: =SUM(C19:C35) -> #REF! | D18: =E18-C18 -> #REF! | E18: =SUM(E19:E35) -> #REF! | F18: =SUM(F19:F35) -> #REF! | G18: =F18-E18 -> #REF! | H18: =IF(E18=0,"",G18/E18*100) -> #REF! | I18: =IF(H18="","正常",IF(H18>30,"非正常核查原因",IF(H18<-30,"非正常核查原因","正常"))) -> #REF!
A19: 14 | B19: 可供出售金融资产 | C19: =非流动资产汇总!C6 -> 0 | D19: =E19-C19 -> 0 | E19: =非流动资产汇总!D6 -> 0 | F19: =非流动资产汇总!F6 -> 0 | G19: =F19-E19 -> 0 | H19: =IF(E19=0,"",G19/E19*100) | I19: =IF(H19="","正常",IF(H19>30,"非正常核查原因",IF(H19<-30,"非正常核查原因","正常"))) -> 正常
A20: 15 | B20: 持有至到期投资 | C20: =非流动资产汇总!C7 -> 0 | D20: =E20-C20 -> 0 | E20: =非流动资产汇总!D7 -> 0 | F20: =非流动资产汇总!F7 -> 0 | G20: =F20-E20 -> 0 | H20: =IF(E20=0,"",G20/E20*100) | I20: =IF(H20="","正常",IF(H20>30,"非正常核查原因",IF(H20<-30,"非正常核查原因","正常"))) -> 正常
A21: 16 | B21: 长期应收款 | C21: =非流动资产汇总!C8 -> 0 | D21: =E21-C21 -> 0 | E21: =非流动资产汇总!D8 -> 0 | F21: =非流动资产汇总!F8 -> 0 | G21: =F21-E21 -> 0 | H21: =IF(E21=0,"",G21/E21*100) | I21: =IF(H21="","正常",IF(H21>30,"非正常核查原因",IF(H21<-30,"非正常核查原因","正常"))) -> 正常
A22: 17 | B22: 长期股权投资 | C22: =非流动资产汇总!C9 -> 0 | D22: =E22-C22 -> 0 | E22: =非流动资产汇总!D9 -> 0 | F22: =非流动资产汇总!F9 -> 0 | G22: =F22-E22 -> 0 | H22: =IF(E22=0,"",G22/E22*100) | I22: =IF(H22="","正常",IF(H22>30,"非正常核查原因",IF(H22<-30,"非正常核查原因","正常"))) -> 正常
A23: 18 | B23: 投资性房地产 | C23: =非流动资产汇总!C10 -> 0 | D23: =E23-C23 -> 0 | E23: =非流动资产汇总!D10 -> 0 | F23: =非流动资产汇总!F10 -> 0 | G23: =F23-E23 -> 0 | H23: =IF(E23=0,"",G23/E23*100) | I23: =IF(H23="","正常",IF(H23>30,"非正常核查原因",IF(H23<-30,"非正常核查原因","正常"))) -> 正常
A24: 19 | B24: 固定资产 | C24: =非流动资产汇总!C11 -> #REF! | D24: =E24-C24 -> #REF! | E24: =非流动资产汇总!D11 -> #REF! | F24: =非流动资产汇总!F11 -> #REF! | G24: =F24-E24 -> #REF! | H24: =IF(E24=0,"",G24/E24*100) -> #REF! | I24: =IF(H24="","正常",IF(H24>30,"非正常核查原因",IF(H24<-30,"非正常核查原因","正常"))) -> #REF!
A25: 20 | B25: 在建工程 | C25: =非流动资产汇总!C12 -> 0 | D25: =E25-C25 -> 0 | E25: =非流动资产汇总!D12 -> 0 | F25: =非流动资产汇总!F12 -> 0 | G25: =F25-E25 -> 0 | H25: =IF(E25=0,"",G25/E25*100) | I25: =IF(F25="","",IF(G25=0,"正常","非正常核查原因")) -> 正常
A26: 21 | B26: 工程物资 | C26: =非流动资产汇总!C13 -> 0 | D26: =E26-C26 -> 0 | E26: =非流动资产汇总!D13 -> 0 | F26: =非流动资产汇总!F13 -> 0 | G26: =F26-E26 -> 0 | H26: =IF(E26=0,"",G26/E26*100) | I26: =IF(F26="","",IF(G26=0,"正常","非正常核查原因")) -> 正常
A27: 22 | B27: 固定资产清理 | C27: =非流动资产汇总!C14 -> 0 | D27: =E27-C27 -> 0 | E27: =非流动资产汇总!D14 -> 0 | F27: =非流动资产汇总!F14 -> 0 | G27: =F27-E27 -> 0 | H27: =IF(E27=0,"",G27/E27*100) | I27: =IF(F27="","",IF(G27=0,"正常","非正常核查原因")) -> 正常
A28: 23 | B28: 生产性生物资产 | C28: =非流动资产汇总!C15 -> 0 | D28: =E28-C28 -> 0 | E28: =非流动资产汇总!D15 -> 0 | F28: =非流动资产汇总!F15 -> 0 | G28: =F28-E28 -> 0 | H28: =IF(E28=0,"",G28/E28*100) | I28: =IF(H28="","正常",IF(H28>30,"非正常核查原因",IF(H28<-30,"非正常核查原因","正常"))) -> 正常
A29: 24 | B29: 油气资产 | C29: =非流动资产汇总!C16 -> 0 | D29: =E29-C29 -> 0 | E29: =非流动资产汇总!D16 -> 0 | F29: =非流动资产汇总!F16 -> 0 | G29: =F29-E29 -> 0 | H29: =IF(E29=0,"",G29/E29*100) | I29: =IF(H29="","正常",IF(H29>30,"非正常核查原因",IF(H29<-30,"非正常核查原因","正常"))) -> 正常
A30: 25 | B30: 无形资产 | C30: =非流动资产汇总!C17 -> 0 | D30: =E30-C30 -> 0 | E30: =非流动资产汇总!D17 -> 0 | F30: =非流动资产汇总!F17 -> 0 | G30: =F30-E30 -> 0 | H30: =IF(E30=0,"",G30/E30*100) | I30: =IF(H30="","正常",IF(H30>30,"非正常核查原因",IF(H30<-30,"非正常核查原因","正常"))) -> 正常
A31: 26 | B31: 开发支出 | C31: =非流动资产汇总!C18 -> 0 | D31: =E31-C31 -> 0 | E31: =非流动资产汇总!D18 -> 0 | F31: =非流动资产汇总!F18 -> 0 | G31: =F31-E31 -> 0 | H31: =IF(E31=0,"",G31/E31*100) | I31: =IF(F31="","",IF(G31=0,"正常","非正常核查原因")) -> 正常
A32: 27 | B32: 商誉 | C32: =非流动资产汇总!C19 -> 0 | D32: =E32-C32 -> 0 | E32: =非流动资产汇总!D19 -> 0 | F32: =非流动资产汇总!F19 -> 0 | G32: =F32-E32 -> 0 | H32: =IF(E32=0,"",G32/E32*100) | I32: =IF(F32="","",IF(G32=0,"正常","非正常核查原因")) -> 正常
A33: 28 | B33: 长期待摊费用 | C33: =非流动资产汇总!C20 -> 0 | D33: =E33-C33 -> 0 | E33: =非流动资产汇总!D20 -> 0 | F33: =非流动资产汇总!F20 -> 0 | G33: =F33-E33 -> 0 | H33: =IF(E33=0,"",G33/E33*100) | I33: =IF(F33="","",IF(G33=0,"正常","非正常核查原因")) -> 正常
A34: 29 | B34: 递延所得税资产 | C34: =非流动资产汇总!C21 -> 0 | D34: =E34-C34 -> 0 | E34: =非流动资产汇总!D21 -> 0 | F34: =非流动资产汇总!F21 -> 0 | G34: =F34-E34 -> 0 | H34: =IF(E34=0,"",G34/E34*100) | I34: =IF(F34="","",IF(G34=0,"正常","非正常核查原因")) -> 正常
A35: 30 | B35: 其他非流动资产 | C35: =非流动资产汇总!C22 -> 0 | D35: =E35-C35 -> 0 | E35: =非流动资产汇总!D22 -> 0 | F35: =非流动资产汇总!F22 -> 0 | G35: =F35-E35 -> 0 | H35: =IF(E35=0,"",G35/E35*100) | I35: =IF(F35="","",IF(G35=0,"正常","非正常核查原因")) -> 正常
A36: 31 | B36: 三、资产总计 | C36: =SUM(C6,C18) -> #REF! | D36: =E36-C36 -> #REF! | E36: =SUM(E6,E18) -> #REF! | F36: =SUM(F6,F18) -> #REF! | G36: =SUM(G6,G18) -> #REF! | H36: =IF(E36=0,"",G36/E36*100) -> #REF! | I36: =IF(H36="","正常",IF(H36>30,"非正常核查原因",IF(H36<-30,"非正常核查原因","正常"))) -> #REF!
A37: 32 | B37: 四、流动负债合计 | C37: =SUM(C38:C49) -> 0 | D37: =E37-C37 -> 0 | E37: =SUM(E38:E49) -> 0 | F37: =SUM(F38:F49) -> 0 | G37: =SUM(G38:G49) -> 0 | H37: =IF(E37=0,"",G37/E37*100) | I37: =IF(F37="","",IF(G37=0,"正常","非正常核查原因")) -> 正常
A38: 33 | B38: 短期借款 | C38: =流动负债汇总!C6 -> 0 | D38: =E38-C38 -> 0 | E38: =流动负债汇总!D6 -> 0 | F38: =流动负债汇总!E6 -> 0 | G38: =F38-E38 -> 0 | H38: =IF(E38=0,"",G38/E38*100) | I38: =IF(F38="","",IF(G38=0,"正常","非正常核查原因")) -> 正常
A39: 34 | B39: 交易性金融负债 | C39: =流动负债汇总!C7 -> 0 | D39: =E39-C39 -> 0 | E39: =流动负债汇总!D7 -> 0 | F39: =流动负债汇总!E7 -> 0 | G39: =F39-E39 -> 0 | H39: =IF(E39=0,"",G39/E39*100) | I39: =IF(F39="","",IF(G39=0,"正常","非正常核查原因")) -> 正常
A40: 35 | B40: 应付票据 | C40: =流动负债汇总!C8 -> 0 | D40: =E40-C40 -> 0 | E40: =流动负债汇总!D8 -> 0 | F40: =流动负债汇总!E8 -> 0 | G40: =F40-E40 -> 0 | H40: =IF(E40=0,"",G40/E40*100) | I40: =IF(F40="","",IF(G40=0,"正常","非正常核查原因")) -> 正常
A41: 36 | B41: 应付账款 | C41: =流动负债汇总!C9 -> 0 | D41: =E41-C41 -> 0 | E41: =流动负债汇总!D9 -> 0 | F41: =流动负债汇总!E9 -> 0 | G41: =F41-E41 -> 0 | H41: =IF(E41=0,"",G41/E41*100) | I41: =IF(F41="","",IF(G41=0,"正常","非正常核查原因")) -> 正常
A42: 37 | B42: 预收款项 | C42: =流动负债汇总!C10 -> 0 | D42: =E42-C42 -> 0 | E42: =流动负债汇总!D10 -> 0 | F42: =流动负债汇总!E10 -> 0 | G42: =F42-E42 -> 0 | H42: =IF(E42=0,"",G42/E42*100) | I42: =IF(F42="","",IF(G42=0,"正常","非正常核查原因")) -> 正常
A43: 38 | B43: 应付职工薪酬 | C43: =流动负债汇总!C11 -> 0 | D43: =E43-C43 -> 0 | E43: =流动负债汇总!D11 -> 0 | F43: =流动负债汇总!E11 -> 0 | G43: =F43-E43 -> 0 | H43: =IF(E43=0,"",G43/E43*100) | I43: =IF(F43="","",IF(G43=0,"正常","非正常核查原因")) -> 正常
A44: 39 | B44: 应交税费 | C44: =流动负债汇总!C12 -> 0 | D44: =E44-C44 -> 0 | E44: =流动负债汇总!D12 -> 0 | F44: =流动负债汇总!E12 -> 0 | G44: =F44-E44 -> 0 | H44: =IF(E44=0,"",G44/E44*100) | I44: =IF(F44="","",IF(G44=0,"正常","非正常核查原因")) -> 正常
A45: 40 | B45: 应付利息 | C45: =流动负债汇总!C13 -> 0 | D45: =E45-C45 -> 0 | E45: =流动负债汇总!D13 -> 0 | F45: =流动负债汇总!E13 -> 0 | G45: =F45-E45 -> 0 | H45: =IF(E45=0,"",G45/E45*100) | I45: =IF(F45="","",IF(G45=0,"正常","非正常核查原因")) -> 正常
A46: 41 | B46: 应付股利 | C46: =流动负债汇总!C14 -> 0 | D46: =E46-C46 -> 0 | E46: =流动负债汇总!D14 -> 0 | F46: =流动负债汇总!E14 -> 0 | G46: =F46-E46 -> 0 | H46: =IF(E46=0,"",G46/E46*100) | I46: =IF(F46="","",IF(G46=0,"正常","非正常核查原因")) -> 正常
A47: 42 | B47: 其他应付款 | C47: =流动负债汇总!C15 -> 0 | D47: =E47-C47 -> 0 | E47: =流动负债汇总!D15 -> 0 | F47: =流动负债汇总!E15 -> 0 | G47: =F47-E47 -> 0 | H47: =IF(E47=0,"",G47/E47*100) | I47: =IF(F47="","",IF(G47=0,"正常","非正常核查原因")) -> 正常
A48: 43 | B48: 一年内到期的非流动负债 | C48: =流动负债汇总!C16 -> 0 | D48: =E48-C48 -> 0 | E48: =流动负债汇总!D16 -> 0 | F48: =流动负债汇总!E16 -> 0 | G48: =F48-E48 -> 0 | H48: =IF(E48=0,"",G48/E48*100) | I48: =IF(F48="","",IF(G48=0,"正常","非正常核查原因")) -> 正常
A49: 44 | B49: 其他流动负债 | C49: =流动负债汇总!C17 -> 0 | D49: =E49-C49 -> 0 | E49: =流动负债汇总!D17 -> 0 | F49: =流动负债汇总!E17 -> 0 | G49: =F49-E49 -> 0 | H49: =IF(E49=0,"",G49/E49*100) | I49: =IF(F49="","",IF(G49=0,"正常","非正常核查原因")) -> 正常
A50: 45 | B50: 五、非流动负债合计 | C50: =SUM(C51:C57) -> 0 | D50: =E50-C50 -> 0 | E50: =SUM(E51:E57) -> 0 | F50: =SUM(F51:F57) -> 0 | G50: =SUM(G51:G57) -> 0 | H50: =IF(E50=0,"",G50/E50*100) | I50: =IF(F50="","",IF(G50=0,"正常","非正常核查原因")) -> 正常
A51: 46 | B51: 长期借款 | C51: ='非流动负债汇总 '!C6 -> 0 | D51: =E51-C51 -> 0 | E51: ='非流动负债汇总 '!D6 -> 0 | F51: ='非流动负债汇总 '!E6 -> 0 | G51: =F51-E51 -> 0 | H51: =IF(E51=0,"",G51/E51*100) | I51: =IF(F51="","",IF(G51=0,"正常","非正常核查原因")) -> 正常
A52: 47 | B52: 应付债券 | C52: ='非流动负债汇总 '!C7 -> 0 | D52: =E52-C52 -> 0 | E52: ='非流动负债汇总 '!D7 -> 0 | F52: ='非流动负债汇总 '!E7 -> 0 | G52: =F52-E52 -> 0 | H52: =IF(E52=0,"",G52/E52*100) | I52: =IF(F52="","",IF(G52=0,"正常","非正常核查原因")) -> 正常
A53: 48 | B53: 长期应付款 | C53: ='非流动负债汇总 '!C8 -> 0 | D53: =E53-C53 -> 0 | E53: ='非流动负债汇总 '!D8 -> 0 | F53: ='非流动负债汇总 '!E8 -> 0 | G53: =F53-E53 -> 0 | H53: =IF(E53=0,"",G53/E53*100) | I53: =IF(F53="","",IF(G53=0,"正常","非正常核查原因")) -> 正常
A54: 49 | B54: 专项应付款 | C54: ='非流动负债汇总 '!C9 -> 0 | D54: =E54-C54 -> 0 | E54: ='非流动负债汇总 '!D9 -> 0 | F54: ='非流动负债汇总 '!E9 -> 0 | G54: =F54-E54 -> 0 | H54: =IF(E54=0,"",G54/E54*100) | I54: =IF(F54="","",IF(G54=0,"正常","非正常核查原因")) -> 正常
A55: 50 | B55: 预计负债 | C55: ='非流动负债汇总 '!C10 -> 0 | D55: =E55-C55 -> 0 | E55: ='非流动负债汇总 '!D10 -> 0 | F55: ='非流动负债汇总 '!E10 -> 0 | G55: =F55-E55 -> 0 | H55: =IF(E55=0,"",G55/E55*100) | I55: =IF(F55="","",IF(G55=0,"正常","非正常核查原因")) -> 正常
A56: 51 | B56: 递延所得税负债 | C56: ='非流动负债汇总 '!C11 -> 0 | D56: =E56-C56 -> 0 | E56: ='非流动负债汇总 '!D11 -> 0 | F56: ='非流动负债汇总 '!E11 -> 0 | G56: =F56-E56 -> 0 | H56: =IF(E56=0,"",G56/E56*100) | I56: =IF(F56="","",IF(G56=0,"正常","非正常核查原因")) -> 正常
A57: 52 | B57: 其他非流动负债 | C57: ='非流动负债汇总 '!C12 -> 0 | D57: =E57-C57 -> 0 | E57: ='非流动负债汇总 '!D12 -> 0 | F57: ='非流动负债汇总 '!E12 -> 0 | G57: =F57-E57 -> 0 | H57: =IF(E57=0,"",G57/E57*100) | I57: =IF(F57="","",IF(G57=0,"正常","非正常核查原因")) -> 正常
A58: 53 | B58: 六、负债总计 | C58: =SUM(C37,C50) -> 0 | D58: =E58-C58 -> 0 | E58: =SUM(E37,E50) -> 0 | F58: =SUM(F37,F50) -> 0 | G58: =SUM(G37,G50) -> 0 | H58: =IF(E58=0,"",G58/E58*100) | I58: =IF(F58="","",IF(G58=0,"正常","非正常核查原因")) -> 正常
A59: 54 | B59: 七、净资产(所有者权益) | C59: =C36-C58 -> #REF! | D59: =E59-C59 -> #REF! | E59: =E36-E58 -> #REF! | F59: =F36-F58 -> #REF! | G59: =G36-G58 -> #REF! | H59: =IF(E59=0,"",G59/ABS(E59)*100) -> #REF! | I59: =IF(H59="","正常",IF(H59>30,"非正常核查原因",IF(H59<-30,"非正常核查原因","正常"))) -> #REF!
B60: 评估机构名称:
F61: =ROUND(F59,-2) -> #REF!

Sheet 流动汇总
A1: 返回索引页 | B1: 返回
A2: 流动资产评估汇总表
A3: =CONCATENATE(#REF!,#REF!,#REF!,#REF!,#REF!,#REF!,#REF!) -> #REF!
A4: =#REF!&#REF! -> #REF! | G4: 金额单位：人民币元
A5: 编号 | B5: 科目名称 | C5: 审计前账面值 | D5: 账面价值 | E5: 评估价值 | F5: 增值额 | G5: 增值率% | H5: 检验
A6: 3-1 | B6: 货币资金 | C6: =货币资金汇总!C27 -> 0 | D6: =货币资金汇总!D27 -> 0 | E6: =货币资金汇总!E27 -> 0 | F6: =E6-D6 -> 0 | G6: =IF(D6=0,"",F6/D6*100) | H6: =IF(E6="","",IF(F6=0,"正常",IF(ABS(G6)>=30,"非正常核查原因","正常"))) -> 正常
A7: 3-2 | B7: 交易性金融资产 | C7: =交易性金融资产汇总!C27 -> 0 | D7: =交易性金融资产汇总!D27 -> 0 | E7: =交易性金融资产汇总!E27 -> 0 | F7: =E7-D7 -> 0 | G7: =IF(D7=0,"",F7/D7*100) | H7: =IF(E7="","",IF(F7=0,"正常",IF(ABS(G7)>=30,"非正常核查原因","正常"))) -> 正常
A8: 3-3 | B8: 应收票据 | C8: =应收票据!I27 -> 0 | D8: =应收票据!J27 -> 0 | E8: =应收票据!K27 -> 0 | F8: =E8-D8 -> 0 | G8: =IF(D8=0,"",F8/D8*100) | H8: =IF(E8="","",IF(F8=0,"正常",IF(ABS(G8)>=30,"非正常核查原因","正常"))) -> 正常
A9: 3-4-1 | B9: 应收账款余额 | C9: =应收账款!K24 -> 0 | D9: =应收账款!M24 -> 0 | E9: =应收账款!V24 -> 0 | F9: =E9-D9 -> 0 | G9: =IF(D9=0,"",F9/D9*100) | H9: =IF(E9="","",IF(F9=0,"正常",IF(ABS(G9)>=30,"非正常核查原因","正常"))) -> 正常
A10: 3-4-2 | B10: 应收账款坏账准备 | C10: =应收账款!K25 -> 0 | D10: =应收账款!M25 -> 0 | E10: =应收账款!V26 -> 0 | F10: =E10-D10 -> 0 | G10: =IF(D10=0,"",F10/D10*100) | H10: =IF(E10="","",IF(F10=0,"正常",IF(ABS(G10)>=30,"非正常核查原因","正常"))) -> 正常
A11: 3-4-3 | B11: 应收账款净值 | C11: =应收账款!K27 -> 0 | D11: =应收账款!M27 -> 0 | E11: =应收账款!V27 -> 0 | F11: =E11-D11 -> 0 | G11: =IF(D11=0,"",F11/D11*100) | H11: =IF(E11="","",IF(F11=0,"正常",IF(ABS(G11)>=30,"非正常核查原因","正常"))) -> 正常
A12: 3-5 | B12: 预付账款 | C12: =预付账款!G27 -> 0 | D12: =预付账款!H27 -> 0 | E12: =预付账款!P27 -> 0 | F12: =E12-D12 -> 0 | G12: =IF(D12=0,"",F12/D12*100) | H12: =IF(E12="","",IF(F12=0,"正常",IF(ABS(G12)>=30,"非正常核查原因","正常"))) -> 正常
A13: 3-6 | B13: 应收利息 | C13: =应收利息!I27 -> 0 | D13: =应收利息!J27 -> 0 | E13: =应收利息!K27 -> 0 | F13: =E13-D13 -> 0 | G13: =IF(D13=0,"",F13/D13*100) | H13: =IF(E13="","",IF(F13=0,"正常",IF(ABS(G13)>=30,"非正常核查原因","正常"))) -> 正常
A14: 3-7 | B14: 应收股利（应收利润） | C14: ='应收股利（利润）'!F27 -> 0 | D14: ='应收股利（利润）'!G27 -> 0 | E14: ='应收股利（利润）'!H27 -> 0 | F14: =E14-D14 -> 0 | G14: =IF(D14=0,"",F14/D14*100) | H14: =IF(E14="","",IF(F14=0,"正常",IF(ABS(G14)>=30,"非正常核查原因","正常"))) -> 正常
A15: 3-8-1 | B15: 其他应收款余额 | C15: =其他应收款!H24 -> 0 | D15: =其他应收款!I24 -> 0 | E15: =其他应收款!R24 -> 0 | F15: =E15-D15 -> 0 | G15: =IF(D15=0,"",F15/D15*100) | H15: =IF(E15="","",IF(F15=0,"正常",IF(ABS(G15)>=30,"非正常核查原因","正常"))) -> 正常
A16: 3-8-2 | B16: 其他应收款坏账准备 | C16: =其他应收款!H25 -> 0 | D16: =其他应收款!I25 -> 0 | E16: =其他应收款!R26 -> 0 | F16: =E16-D16 -> 0 | G16: =IF(D16=0,"",F16/D16*100) | H16: =IF(E16="","",IF(F16=0,"正常",IF(ABS(G16)>=30,"非正常核查原因","正常"))) -> 正常
A17: 3-8-3 | B17: 其他应收款净值 | C17: =其他应收款!H27 -> 0 | D17: =其他应收款!I27 -> 0 | E17: =其他应收款!R27 -> 0 | F17: =E17-D17 -> 0 | G17: =IF(D17=0,"",F17/D17*100) | H17: =IF(E17="","",IF(F17=0,"正常",IF(ABS(G17)>=30,"非正常核查原因","正常"))) -> 正常
A18: 3-9 | B18: 存货 | C18: =存货汇总!C27 -> 0 | D18: =存货汇总!D27 -> 0 | E18: =存货汇总!F27 -> 0 | F18: =E18-D18 -> 0 | G18: =IF(D18=0,"",F18/D18*100) | H18: =IF(E18="","",IF(F18=0,"正常",IF(ABS(G18)>=30,"非正常核查原因","正常"))) -> 正常
A19: 3-10 | B19: 一年内到期的非流动资产 | C19: =一年到期非流动资产!G27 -> 0 | D19: =一年到期非流动资产!H27 -> 0 | E19: =一年到期非流动资产!I27 -> 0 | F19: =E19-D19 -> 0 | G19: =IF(D19=0,"",F19/D19*100) | H19: =IF(E19="","",IF(F19=0,"正常",IF(ABS(G19)>=30,"非正常核查原因","正常"))) -> 正常
A20: 3-11 | B20: 其他流动资产 | C20: =其他流动资产!E27 -> 0 | D20: =其他流动资产!F27 -> 0 | E20: =其他流动资产!G27 -> 0 | F20: =E20-D20 -> 0 | G20: =IF(D20=0,"",F20/D20*100) | H20: =IF(E20="","",IF(F20=0,"正常",IF(ABS(G20)>=30,"非正常核查原因","正常"))) -> 正常
G21: =IF(D21=0,"",F21/D21*100) | H21: =IF(E21="","",IF(F21=0,"正常",IF(ABS(G21)>=30,"非正常核查原因","正常")))
G22: =IF(D22=0,"",F22/D22*100) | H22: =IF(E22="","",IF(F22=0,"正常",IF(ABS(G22)>=30,"非正常核查原因","正常")))
G23: =IF(D23=0,"",F23/D23*100) | H23: =IF(E23="","",IF(F23=0,"正常",IF(ABS(G23)>=30,"非正常核查原因","正常")))
G24: =IF(D24=0,"",F24/D24*100) | H24: =IF(E24="","",IF(F24=0,"正常",IF(ABS(G24)>=30,"非正常核查原因","正常")))
G25: =IF(D25=0,"",F25/D25*100) | H25: =IF(E25="","",IF(F25=0,"正常",IF(ABS(G25)>=30,"非正常核查原因","正常")))
G26: =IF(D26=0,"",F26/D26*100) | H26: =IF(E26="","",IF(F26=0,"正常",IF(ABS(G26)>=30,"非正常核查原因","正常")))
G27: =IF(D27=0,"",F27/D27*100) | H27: =IF(E27="","",IF(F27=0,"正常",IF(ABS(G27)>=30,"非正常核查原因","正常")))
G28: =IF(D28=0,"",F28/D28*100) | H28: =IF(E28="","",IF(F28=0,"正常",IF(ABS(G28)>=30,"非正常核查原因","正常")))
G29: =IF(D29=0,"",F29/D29*100) | H29: =IF(E29="","",IF(F29=0,"正常",IF(ABS(G29)>=30,"非正常核查原因","正常")))
H30: =IF(E30="","",IF(F30=0,"正常",IF(ABS(G30)>=30,"非正常核查原因","正常")))
A31: 3 | B31: 流动资产合计 | C31: =SUM(C6:C30)-C9-C10-C15-C16 -> 0 | D31: =SUM(D6:D30)-D9-D10-D15-D16 -> 0 | E31: =SUM(E6:E30)-E9-E10-E15-E16 -> 0 | F31: =E31-D31 -> 0 | G31: =IF(D31=0,"",F31/D31*100) | H31: =IF(E31="","",IF(F31=0,"正常",IF(ABS(G31)>=30,"非正常核查原因","正常"))) -> 正常
F32: ="评估人员："&#REF! -> #REF!

Sheet 货币资金汇总
A1: 返回索引页 | B1: 返回
A2: 货币资金评估汇总表
A3: =CONCATENATE(#REF!,#REF!,#REF!,#REF!,#REF!,#REF!,#REF!) -> #REF!
A4: =#REF!&#REF! -> #REF! | G4: 金额单位：人民币元
A5: 编号 | B5: 科目名称 | C5: 审计前账面值 | D5: 账面价值 | E5: 评估价值 | F5: 增值额 | G5: 增值率% | H5: 检验
A6: 3-1-1 | B6: 现金 | C6: =现金!G33 -> 0 | D6: =现金!H33 -> 0 | E6: =现金!I33 -> 0 | F6: =E6-D6 -> 0 | G6: =IF(D6=0,"",F6/D6*100) | H6: =IF(G6="","正常","非正常核查原因") -> 正常
A7: 3-1-2 | B7: 银行存款 | C7: =银行存款!H27 -> 0 | D7: =银行存款!I27 -> 0 | E7: =银行存款!J27 -> 0 | F7: =E7-D7 -> 0 | G7: =IF(D7=0,"",F7/D7*100) | H7: =IF(G7="","正常","非正常核查原因") -> 正常
A8: 3-1-3 | B8: 其他货币资金 | C8: =其他货币资金!I27 -> 0 | D8: =其他货币资金!J27 -> 0 | E8: =其他货币资金!K27 -> 0 | F8: =E8-D8 -> 0 | G8: =IF(D8=0,"",F8/D8*100) | H8: =IF(G8="","正常","非正常核查原因") -> 正常
H9: =IF(G9="","正常","非正常核查原因") -> 正常
H10: =IF(G10="","正常","非正常核查原因") -> 正常
H11: =IF(G11="","正常","非正常核查原因") -> 正常
H12: =IF(G12="","正常","非正常核查原因") -> 正常
H13: =IF(G13="","正常","非正常核查原因") -> 正常
H14: =IF(G14="","正常","非正常核查原因") -> 正常
H15: =IF(G15="","正常","非正常核查原因") -> 正常
H16: =IF(G16="","正常","非正常核查原因") -> 正常
H17: =IF(G17="","正常","非正常核查原因") -> 正常
H18: =IF(G18="","正常","非正常核查原因") -> 正常
H19: =IF(G19="","正常","非正常核查原因") -> 正常
H20: =IF(G20="","正常","非正常核查原因") -> 正常
... H26: =IF(G26="","正常","非正常核查原因") -> 正常
A27: 3-2 | B27: 货币资金合计 | C27: =SUM(C6:C26) -> 0 | D27: =SUM(D6:D26) -> 0 | E27: =SUM(E6:E26) -> 0 | F27: =SUM(F6:F26) -> 0 | G27: =IF(D27=0,"",F27/D27*100) | H27: =IF(G27="","正常","非正常核查原因") -> 正常
F28: ="评估人员："&#REF! -> #REF!

Sheet 现金
A1: 返回索引页 | B1: 返回
A2: 货币资金—现金评估明细表
A3: =CONCATENATE(#REF!,#REF!,#REF!,#REF!,#REF!,#REF!,#REF!) -> #REF!
A4: =#REF!&#REF! -> #REF! | L4: 金额单位：人民币元
A5: 序号 | B5: 对应核算单位 | C5: 存放部门（单位) | D5: 币种 | E5: 外币账面金额 | F5: 评估基准日汇率 | G5: 审计前账面值 | H5: 账面价值 | I5: 评估价值 | J5: 增减值 | K5: 增值率% | L5: 备注 | M5: 检验
J6: =IF(H6="","",I6-H6) | K6: =IF(H6=0,"",J6/H6*100) | M6: =IF(I6="","",IF(J6=0,"正常","非正常核查原因"))
J7: =IF(H7="","",I7-H7) | K7: =IF(H7=0,"",J7/H7*100) | M7: =IF(I7="","",IF(J7=0,"正常","非正常核查原因"))
M8: =IF(I8="","",IF(J8=0,"正常","非正常核查原因"))
M9: =IF(I9="","",IF(J9=0,"正常","非正常核查原因"))
M10: =IF(I10="","",IF(J10=0,"正常","非正常核查原因"))
M11: =IF(I11="","",IF(J11=0,"正常","非正常核查原因"))
M12: =IF(I12="","",IF(J12=0,"正常","非正常核查原因"))
M13: =IF(I13="","",IF(J13=0,"正常","非正常核查原因"))
J14: =IF(H14="","",I14-H14) | K14: =IF(H14=0,"",J14/H14*100) | M14: =IF(I14="","",IF(J14=0,"正常","非正常核查原因"))
J15: =IF(H15="","",I15-H15) | K15: =IF(H15=0,"",J15/H15*100) | M15: =IF(I15="","",IF(J15=0,"正常","非正常核查原因"))
J16: =IF(H16="","",I16-H16) | K16: =IF(H16=0,"",J16/H16*100) | M16: =IF(I16="","",IF(J16=0,"正常","非正常核查原因"))
J17: =IF(H17="","",I17-H17) | K17: =IF(H17=0,"",J17/H17*100) | M17: =IF(I17="","",IF(J17=0,"正常","非正常核查原因"))
J18: =IF(H18="","",I18-H18) | K18: =IF(H18=0,"",J18/H18*100) | M18: =IF(I18="","",IF(J18=0,"正常","非正常核查原因"))
J19: =IF(H19="","",I19-H19) | K19: =IF(H19=0,"",J19/H19*100) | M19: =IF(I19="","",IF(J19=0,"正常","非正常核查原因"))
J20: =IF(H20="","",I20-H20) | K20: =IF(H20=0,"",J20/H20*100) | M20: =IF(I20="","",IF(J20=0,"正常","非正常核查原因"))
J21: =IF(H21="","",I21-H21) | K21: =IF(H21=0,"",J21/H21*100) | M21: =IF(I21="","",IF(J21=0,"正常","非正常核查原因"))
J22: =IF(H22="","",I22-H22) | K22: =IF(H22=0,"",J22/H22*100) | M22: =IF(I22="","",IF(J22=0,"正常","非正常核查原因"))
J23: =IF(H23="","",I23-H23) | K23: =IF(H23=0,"",J23/H23*100) | M23: =IF(I23="","",IF(J23=0,"正常","非正常核查原因"))
J24: =IF(H24="","",I24-H24) | K24: =IF(H24=0,"",J24/H24*100) | M24: =IF(I24="","",IF(J24=0,"正常","非正常核查原因"))
J25: =IF(H25="","",I25-H25) | K25: =IF(H25=0,"",J25/H25*100) | M25: =IF(I25="","",IF(J25=0,"正常","非正常核查原因"))
... J32: =IF(H32="","",I32-H32) | K32: =IF(H32=0,"",J32/H32*100) | M32: =IF(I32="","",IF(J32=0,"正常","非正常核查原因"))
A33: 合 计 | G33: =SUM(G6:G32) -> 0 | H33: =SUM(H6:H32) -> 0 | I33: =SUM(I6:I32) -> 0 | J33: =IF(H33="","",I33-H33) -> 0 | K33: =IF(H33=0,"",J33/H33*100) | M33: =IF(I33="","",IF(J33=0,"正常","非正常核查原因")) -> 正常
A34: =#REF!&#REF! -> #REF! | I34: ="评估人员："&#REF! -> #REF!
A35: =CONCATENATE(#REF!,#REF!,#REF!,#REF!,#REF!,#REF!,#REF!) -> #REF!

Sheet 银行存款
A1: 返回索引页 | B1: 返回
A2: 货币资金—银行存款评估明细表
A3: =CONCATENATE(#REF!,#REF!,#REF!,#REF!,#REF!,#REF!,#REF!) -> #REF!
A4: =#REF!&#REF! -> #REF! | M4: 金额单位：人民币元
A5: 序号 | B5: 对应核算单位 | C5: 开户银行 | D5: 账号 | E5: 币种 | F5: 外币账面金额 | G5: 评估基准日汇率 | H5: 审计前账面值 | I5: 账面价值 | J5: 评估价值 | K5: 增减值 | L5: 增值率% | M5: 备注 | N5: 检验
K6: =IF(I6="","",J6-I6) | L6: =IF(I6=0,"",K6/I6*100) | N6: =IF(J6="","",IF(K6=0,"正常","非正常核查原因"))
K7: =IF(I7="","",J7-I7) | L7: =IF(I7=0,"",K7/I7*100) | N7: =IF(J7="","",IF(K7=0,"正常","非正常核查原因"))
K8: =IF(I8="","",J8-I8) | L8: =IF(I8=0,"",K8/I8*100) | N8: =IF(J8="","",IF(K8=0,"正常","非正常核查原因"))
K9: =IF(I9="","",J9-I9) | L9: =IF(I9=0,"",K9/I9*100) | N9: =IF(J9="","",IF(K9=0,"正常","非正常核查原因"))
K10: =IF(I10="","",J10-I10) | L10: =IF(I10=0,"",K10/I10*100) | N10: =IF(J10="","",IF(K10=0,"正常","非正常核查原因"))
K11: =IF(I11="","",J11-I11) | L11: =IF(I11=0,"",K11/I11*100) | N11: =IF(J11="","",IF(K11=0,"正常","非正常核查原因"))
K12: =IF(I12="","",J12-I12) | L12: =IF(I12=0,"",K12/I12*100) | N12: =IF(J12="","",IF(K12=0,"正常","非正常核查原因"))
K13: =IF(I13="","",J13-I13) | L13: =IF(I13=0,"",K13/I13*100) | N13: =IF(J13="","",IF(K13=0,"正常","非正常核查原因"))
K14: =IF(I14="","",J14-I14) | L14: =IF(I14=0,"",K14/I14*100) | N14: =IF(J14="","",IF(K14=0,"正常","非正常核查原因"))
K15: =IF(I15="","",J15-I15) | L15: =IF(I15=0,"",K15/I15*100) | N15: =IF(J15="","",IF(K15=0,"正常","非正常核查原因"))
K16: =IF(I16="","",J16-I16) | L16: =IF(I16=0,"",K16/I16*100) | N16: =IF(J16="","",IF(K16=0,"正常","非正常核查原因"))
K17: =IF(I17="","",J17-I17) | L17: =IF(I17=0,"",K17/I17*100) | N17: =IF(J17="","",IF(K17=0,"正常","非正常核查原因"))
... K26: =IF(I26="","",J26-I26) | L26: =IF(I26=0,"",K26/I26*100) | N26: =IF(J26="","",IF(K26=0,"正常","非正常核查原因"))
A27: 合 计 | H27: =SUM(H6:H26) -> 0 | I27: =SUM(I6:I26) -> 0 | J27: =SUM(J6:J26) -> 0 | K27: =IF(I27="","",J27-I27) -> 0 | L27: =IF(I27=0,"",K27/I27*100) | N27: =IF(J27="","",IF(K27=0,"正常","非正常核查原因")) -> 正常
A28: =#REF!&#REF! -> #REF! | J28: ="评估人员："&#REF! -> #REF!
A29: =CONCATENATE(#REF!,#REF!,#REF!,#REF!,#REF!,#REF!,#REF!) -> #REF!

Sheet 其他货币资金
A1: 返回索引页 | B1: 返回
A2: 货币资金—其他货币资金评估明细表
A3: =CONCATENATE(#REF!,#REF!,#REF!,#REF!,#REF!,#REF!,#REF!) -> #REF!
A4: =#REF!&#REF! -> #REF! | N4: 金额单位：人民币元
A5: 序号 | B5: 对应核算单位 | C5: 名称及内容 | D5: 账户号码 | E5: 用途/业务内容 | F5: 币种 | G5: 外币账面金额 | H5: 评估基准日汇率 | I5: 审计前账面值 | J5: 账面价值 | K5: 评估价值 | L5: 增减值 | M5: 增值率% | N5: 备注 | O5: 检验
L6: =IF(J6="","",K6-J6) | M6: =IF(J6=0,"",L6/J6*100) | O6: =IF(K6="","",IF(L6=0,"正常","非正常核查原因"))
L7: =IF(J7="","",K7-J7) | M7: =IF(J7=0,"",L7/J7*100) | O7: =IF(K7="","",IF(L7=0,"正常","非正常核查原因"))
L8: =IF(J8="","",K8-J8) | M8: =IF(J8=0,"",L8/J8*100) | O8: =IF(K8="","",IF(L8=0,"正常","非正常核查原因"))
L9: =IF(J9="","",K9-J9) | M9: =IF(J9=0,"",L9/J9*100) | O9: =IF(K9="","",IF(L9=0,"正常","非正常核查原因"))
L10: =IF(J10="","",K10-J10) | M10: =IF(J10=0,"",L10/J10*100) | O10: =IF(K10="","",IF(L10=0,"正常","非正常核查原因"))
L11: =IF(J11="","",K11-J11) | M11: =IF(J11=0,"",L11/J11*100) | O11: =IF(K11="","",IF(L11=0,"正常","非正常核查原因"))
L12: =IF(J12="","",K12-J12) | M12: =IF(J12=0,"",L12/J12*100) | O12: =IF(K12="","",IF(L12=0,"正常","非正常核查原因"))
L13: =IF(J13="","",K13-J13) | M13: =IF(J13=0,"",L13/J13*100) | O13: =IF(K13="","",IF(L13=0,"正常","非正常核查原因"))
L14: =IF(J14="","",K14-J14) | M14: =IF(J14=0,"",L14/J14*100) | O14: =IF(K14="","",IF(L14=0,"正常","非正常核查原因"))
L15: =IF(J15="","",K15-J15) | M15: =IF(J15=0,"",L15/J15*100) | O15: =IF(K15="","",IF(L15=0,"正常","非正常核查原因"))
L16: =IF(J16="","",K16-J16) | M16: =IF(J16=0,"",L16/J16*100) | O16: =IF(K16="","",IF(L16=0,"正常","非正常核查原因"))
L17: =IF(J17="","",K17-J17) | M17: =IF(J17=0,"",L17/J17*100) | O17: =IF(K17="","",IF(L17=0,"正常","非正常核查原因"))
... L26: =IF(J26="","",K26-J26) | M26: =IF(J26=0,"",L26/J26*100) | O26: =IF(K26="","",IF(L26=0,"正常","非正常核查原因"))
A27: 合 计 | I27: =SUM(I6:I26) -> 0 | J27: =SUM(J6:J26) -> 0 | K27: =SUM(K6:K26) -> 0 | L27: =IF(J27="","",K27-J27) -> 0 | M27: =IF(J27=0,"",L27/J27*100) | O27: =IF(K27="","",IF(L27=0,"正常","非正常核查原因")) -> 正常
A28: =#REF!&#REF! -> #REF! | K28: ="评估人员："&#REF! -> #REF!
A29: =CONCATENATE(#REF!,#REF!,#REF!,#REF!,#REF!,#REF!,#REF!) -> #REF!

Sheet 交易性金融资产汇总
A1: 返回索引页 | B1: 返回
A2: 交易性金融资产评估汇总表
A3: =CONCATENATE(#REF!,#REF!,#REF!,#REF!,#REF!,#REF!,#REF!) -> #REF!
A4: =#REF!&#REF! -> #REF! | G4: 金额单位：人民币元
A5: 编号 | B5: 科目名称 | C5: 审计前账面值 | D5: 账面价值 | E5: 评估价值 | F5: 增值额 | G5: 增值率% | H5: 检验
A6: 3-2-1 | B6: 交易性金融资产-股票投资 | C6: ='交易性-股票'!H27 -> 0 | D6: ='交易性-股票'!J27 -> 0 | E6: ='交易性-股票'!M27 -> 0 | F6: =E6-D6 -> 0 | G6: =IF(D6=0,"",F6/D6*100) | H6: =IF(G6="","正常","非正常核查原因") -> 正常
A7: 3-2-2 | B7: 交易性金融资产-债券投资 | C7: ='交易性-债券'!I27 -> 0 | D7: ='交易性-债券'!K27 -> 0 | E7: ='交易性-债券'!M27 -> 0 | F7: =E7-D7 -> 0 | G7: =IF(D7=0,"",F7/D7*100) | H7: =IF(G7="","正常","非正常核查原因") -> 正常
A8: 3-2-3 | B8: 交易性金融资产-基金投资 | C8: ='交易性-基金'!H27 -> 0 | D8: ='交易性-基金'!J27 -> 0 | E8: ='交易性-基金'!M27 -> 0 | F8: =E8-D8 -> 0 | G8: =IF(D8=0,"",F8/D8*100) | H8: =IF(G8="","正常","非正常核查原因") -> 正常
H9: =IF(G9="","正常","非正常核查原因") -> 正常
H10: =IF(G10="","正常","非正常核查原因") -> 正常
H11: =IF(G11="","正常","非正常核查原因") -> 正常
H12: =IF(G12="","正常","非正常核查原因") -> 正常
H13: =IF(G13="","正常","非正常核查原因") -> 正常
H14: =IF(G14="","正常","非正常核查原因") -> 正常
H15: =IF(G15="","正常","非正常核查原因") -> 正常
H16: =IF(G16="","正常","非正常核查原因") -> 正常
H17: =IF(G17="","正常","非正常核查原因") -> 正常
H18: =IF(G18="","正常","非正常核查原因") -> 正常
H19: =IF(G19="","正常","非正常核查原因") -> 正常
H20: =IF(G20="","正常","非正常核查原因") -> 正常
... H26: =IF(G26="","正常","非正常核查原因") -> 正常
A27: 3-2 | B27: 交易性金融资产合计 | C27: =SUM(C6:C26) -> 0 | D27: =SUM(D6:D26) -> 0 | E27: =SUM(E6:E26) -> 0 | F27: =SUM(F6:F26) -> 0 | G27: =IF(D27=0,"",F27/D27*100) | H27: =IF(G27="","正常","非正常核查原因") -> 正常
E28: ="评估人员："&#REF! -> #REF!

Sheet 交易性-股票
A1: 返回索引页 | B1: 返回
A2: 交易性金融资产—股票投资评估明细表
A3: =CONCATENATE(#REF!,#REF!,#REF!,#REF!,#REF!,#REF!,#REF!) -> #REF!
A4: =#REF!&#REF! -> #REF! | P4: 金额单位：人民币元
A5: 序号 | B5: 对应核算单位 | C5: 被投资单位名称 | D5: 股票名称 | E5: 投资日期 | F5: 持股数量 | G5: 成本 | H5: 审计前账面值 | I5: 减值准备 | J5: 账面价值 | K5: 减值准备 | L5: 基准日收盘价/股 | M5: 评估价值 | N5: 增减值 | O5: 增值率% | P5: 备注 | Q5: 检验
N6: =IF(J6="","",M6-J6+K6) | O6: =IF(J6=0,"",N6/(J6-K6)*100) | Q6: =IF(M6="","",IF(N6=0,"正常","非正常核查原因"))
N7: =IF(J7="","",M7-J7+K7) | O7: =IF(J7=0,"",N7/(J7-K7)*100) | Q7: =IF(M7="","",IF(N7=0,"正常","非正常核查原因"))
N8: =IF(J8="","",M8-J8+K8) | O8: =IF(J8=0,"",N8/(J8-K8)*100) | Q8: =IF(M8="","",IF(N8=0,"正常","非正常核查原因"))
N9: =IF(J9="","",M9-J9+K9) | O9: =IF(J9=0,"",N9/(J9-K9)*100) | Q9: =IF(M9="","",IF(N9=0,"正常","非正常核查原因"))
N10: =IF(J10="","",M10-J10+K10) | O10: =IF(J10=0,"",N10/(J10-K10)*100) | Q10: =IF(M10="","",IF(N10=0,"正常","非正常核查原因"))
N11: =IF(J11="","",M11-J11+K11) | O11: =IF(J11=0,"",N11/(J11-K11)*100) | Q11: =IF(M11="","",IF(N11=0,"正常","非正常核查原因"))
N12: =IF(J12="","",M12-J12+K12) | O12: =IF(J12=0,"",N12/(J12-K12)*100) | Q12: =IF(M12="","",IF(N12=0,"正常","非正常核查原因"))
N13: =IF(J13="","",M13-J13+K13) | O13: =IF(J13=0,"",N13/(J13-K13)*100) | Q13: =IF(M13="","",IF(N13=0,"正常","非正常核查原因"))
N14: =IF(J14="","",M14-J14+K14) | O14: =IF(J14=0,"",N14/(J14-K14)*100) | Q14: =IF(M14="","",IF(N14=0,"正常","非正常核查原因"))
N15: =IF(J15="","",M15-J15+K15) | O15: =IF(J15=0,"",N15/(J15-K15)*100) | Q15: =IF(M15="","",IF(N15=0,"正常","非正常核查原因"))
N16: =IF(J16="","",M16-J16+K16) | O16: =IF(J16=0,"",N16/(J16-K16)*100) | Q16: =IF(M16="","",IF(N16=0,"正常","非正常核查原因"))
N17: =IF(J17="","",M17-J17+K17) | O17: =IF(J17=0,"",N17/(J17-K17)*100) | Q17: =IF(M17="","",IF(N17=0,"正常","非正常核查原因"))
... N26: =IF(J26="","",M26-J26+K26) | O26: =IF(J26=0,"",N26/(J26-K26)*100) | Q26: =IF(M26="","",IF(N26=0,"正常","非正常核查原因"))
A27: 合 计 | H27: =SUM(H6:H26) -> 0 | J27: =SUM(J6:J26) -> 0 | K27: =SUM(K6:K26) -> 0 | M27: =SUM(M6:M26) -> 0 | N27: =IF(J27="","",M27-J27+K27) -> 0 | O27: =IF(J27=0,"",N27/(J27-K27)*100) | Q27: =IF(M27="","",IF(N27=0,"正常","非正常核查原因")) -> 正常
A28: =#REF!&#REF! -> #REF! | M28: ="评估人员："&#REF! -> #REF!
A29: =CONCATENATE(#REF!,#REF!,#REF!,#REF!,#REF!,#REF!,#REF!) -> #REF!

Sheet 交易性-债券
A1: 返回索引页 | B1: 返回
A2: 交易性金融资产—债券投资评估明细表
A3: =CONCATENATE(#REF!,#REF!,#REF!,#REF!,#REF!,#REF!,#REF!) -> #REF!
A4: =#REF!&#REF! -> #REF! | P4: 金额单位：人民币元
A5: 序号 | B5: 对应核算单位 | C5: 被投资单位名称 | D5: 债券名称 | E5: 发行日期 | F5: 投资日期 | G5: 票面利率% | H5: 成本 | I5: 审计前账面值 | J5: 减值准备 | K5: 账面价值 | L5: 减值准备 | M5: 评估价值 | N5: 增减值 | O5: 增值率% | P5: 备注 | Q5: 检验
N6: =IF(K6="","",M6-K6-L6) | O6: =IF(K6=0,"",N6/(K6-L6)*100) | Q6: =IF(M6="","",IF(N6=0,"正常","非正常核查原因"))
N7: =IF(K7="","",M7-K7-L7) | O7: =IF(K7=0,"",N7/(K7-L7)*100) | Q7: =IF(M7="","",IF(N7=0,"正常","非正常核查原因"))
N8: =IF(K8="","",M8-K8-L8) | O8: =IF(K8=0,"",N8/(K8-L8)*100) | Q8: =IF(M8="","",IF(N8=0,"正常","非正常核查原因"))
N9: =IF(K9="","",M9-K9-L9) | O9: =IF(K9=0,"",N9/(K9-L9)*100) | Q9: =IF(M9="","",IF(N9=0,"正常","非正常核查原因"))
N10: =IF(K10="","",M10-K10-L10) | O10: =IF(K10=0,"",N10/(K10-L10)*100) | Q10: =IF(M10="","",IF(N10=0,"正常","非正常核查原因"))
N11: =IF(K11="","",M11-K11-L11) | O11: =IF(K11=0,"",N11/(K11-L11)*100) | Q11: =IF(M11="","",IF(N11=0,"正常","非正常核查原因"))
N12: =IF(K12="","",M12-K12-L12) | O12: =IF(K12=0,"",N12/(K12-L12)*100) | Q12: =IF(M12="","",IF(N12=0,"正常","非正常核查原因"))
N13: =IF(K13="","",M13-K13-L13) | O13: =IF(K13=0,"",N13/(K13-L13)*100) | Q13: =IF(M13="","",IF(N13=0,"正常","非正常核查原因"))
N14: =IF(K14="","",M14-K14-L14) | O14: =IF(K14=0,"",N14/(K14-L14)*100) | Q14: =IF(M14="","",IF(N14=0,"正常","非正常核查原因"))
N15: =IF(K15="","",M15-K15-L15) | O15: =IF(K15=0,"",N15/(K15-L15)*100) | Q15: =IF(M15="","",IF(N15=0,"正常","非正常核查原因"))
N16: =IF(K16="","",M16-K16-L16) | O16: =IF(K16=0,"",N16/(K16-L16)*100) | Q16: =IF(M16="","",IF(N16=0,"正常","非正常核查原因"))
N17: =IF(K17="","",M17-K17-L17) | O17: =IF(K17=0,"",N17/(K17-L17)*100) | Q17: =IF(M17="","",IF(N17=0,"正常","非正常核查原因"))
... N26: =IF(K26="","",M26-K26-L26) | O26: =IF(K26=0,"",N26/(K26-L26)*100) | Q26: =IF(M26="","",IF(N26=0,"正常","非正常核查原因"))
A27: 合 计 | I27: =SUM(I6:I26) -> 0 | K27: =SUM(K6:K26) -> 0 | L27: =SUM(L6:L26) -> 0 | M27: =SUM(M6:M26) -> 0 | N27: =IF(K27="","",M27-K27-L27) -> 0 | O27: =IF(K27=0,"",N27/(K27-L27)*100) | Q27: =IF(M27="","",IF(N27=0,"正常","非正常核查原因")) -> 正常
A28: =#REF!&#REF! -> #REF! | M28: ="评估人员："&#REF! -> #REF!
A29: =CONCATENATE(#REF!,#REF!,#REF!,#REF!,#REF!,#REF!,#REF!) -> #REF!

Sheet 交易性-基金
A1: 返回索引页 | B1: 返回
A2: 交易性金融资产—基金投资评估明细表
A3: =CONCATENATE(#REF!,#REF!,#REF!,#REF!,#REF!,#REF!,#REF!) -> #REF!
A4: =#REF!&#REF! -> #REF! | P4: 金额单位：人民币元
A5: 序号 | B5: 对应核算单位 | C5: 基金发行单位 | D5: 基金名称 | E5: 基金类型 | F5: 投资日期 | G5: 基金份额 | H5: 审计前账面值 | I5: 减值准备 | J5: 账面价值 | K5: 减值准备 | L5: 基准日净值/份 | M5: 评估价值 | N5: 增减值 | O5: 增值率% | P5: 备注 | Q5: 检验
N6: =IF(J6="","",M6-J6+K6) | O6: =IF(J6=0,"",N6/(J6-K6)*100) | Q6: =IF(M6="","",IF(N6=0,"正常","非正常核查原因"))
N7: =IF(J7="","",M7-J7+K7) | O7: =IF(J7=0,"",N7/(J7-K7)*100) | Q7: =IF(M7="","",IF(N7=0,"正常","非正常核查原因"))
N8: =IF(J8="","",M8-J8+K8) | O8: =IF(J8=0,"",N8/(J8-K8)*100) | Q8: =IF(M8="","",IF(N8=0,"正常","非正常核查原因"))
N9: =IF(J9="","",M9-J9+K9) | O9: =IF(J9=0,"",N9/(J9-K9)*100) | Q9: =IF(M9="","",IF(N9=0,"正常","非正常核查原因"))
N10: =IF(J10="","",M10-J10+K10) | O10: =IF(J10=0,"",N10/(J10-K10)*100) | Q10: =IF(M10="","",IF(N10=0,"正常","非正常核查原因"))
N11: =IF(J11="","",M11-J11+K11) | O11: =IF(J11=0,"",N11/(J11-K11)*100) | Q11: =IF(M11="","",IF(N11=0,"正常","非正常核查原因"))
N12: =IF(J12="","",M12-J12+K12) | O12: =IF(J12=0,"",N12/(J12-K12)*100) | Q12: =IF(M12="","",IF(N12=0,"正常","非正常核查原因"))
N13: =IF(J13="","",M13-J13+K13) | O13: =IF(J13=0,"",N13/(J13-K13)*100) | Q13: =IF(M13="","",IF(N13=0,"正常","非正常核查原因"))
N14: =IF(J14="","",M14-J14+K14) | O14: =IF(J14=0,"",N14/(J14-K14)*100) | Q14: =IF(M14="","",IF(N14=0,"正常","非正常核查原因"))
N15: =IF(J15="","",M15-J15+K15) | O15: =IF(J15=0,"",N15/(J15-K15)*100) | Q15: =IF(M15="","",IF(N15=0,"正常","非正常核查原因"))
N16: =IF(J16="","",M16-J16+K16) | O16: =IF(J16=0,"",N16/(J16-K16)*100) | Q16: =IF(M16="","",IF(N16=0,"正常","非正常核查原因"))
N17: =IF(J17="","",M17-J17+K17) | O17: =IF(J17=0,"",N17/(J17-K17)*100) | Q17: =IF(M17="","",IF(N17=0,"正常","非正常核查原因"))
... N26: =IF(J26="","",M26-J26+K26) | O26: =IF(J26=0,"",N26/(J26-K26)*100) | Q26: =IF(M26="","",IF(N26=0,"正常","非正常核查原因"))
A27: 合 计 | H27: =SUM(H6:H26) -> 0 | J27: =SUM(J6:J26) -> 0 | K27: =SUM(K6:K26) -> 0 | M27: =SUM(M6:M26) -> 0 | N27: =IF(J27="","",M27-J27+K27) -> 0 | O27: =IF(J27=0,"",N27/(J27-K27)*100) | Q27: =IF(M27="","",IF(N27=0,"正常","非正常核查原因")) -> 正常
A28: =#REF!&#REF! -> #REF! | M28: ="评估人员："&#REF! -> #REF!
A29: =CONCATENATE(#REF!,#REF!,#REF!,#REF!,#REF!,#REF!,#REF!) -> #REF!

Sheet 应收票据
A1: 返回索引页 | B1: 返回
A2: 应收票据评估明细表
A3: =CONCATENATE(#REF!,#REF!,#REF!,#REF!,#REF!,#REF!,#REF!) -> #REF!
A4: =#REF!&#REF! -> #REF! | N4: 金额单位：人民币元
A5: 序号 | B5: 户名（结算对象) | C5: 出票银行 | D5: 票据类型 | E5: 出票日期 | F5: 到期日期 | G5: 贴现日期 | H5: 票面利率% | I5: 审计前账面值 | J5: 账面价值 | K5: 评估价值 | L5: 增减值 | M5: 增值率% | N5: 备注 | O5: 检验
L6: =IF(J6="","",K6-J6) | M6: =IF(J6=0,"",L6/J6*100) | O6: =IF(K6="","",IF(L6=0,"正常","非正常核查原因"))
L7: =IF(J7="","",K7-J7) | M7: =IF(J7=0,"",L7/J7*100) | O7: =IF(K7="","",IF(L7=0,"正常","非正常核查原因"))
L8: =IF(J8="","",K8-J8) | M8: =IF(J8=0,"",L8/J8*100) | O8: =IF(K8="","",IF(L8=0,"正常","非正常核查原因"))
L9: =IF(J9="","",K9-J9) | M9: =IF(J9=0,"",L9/J9*100) | O9: =IF(K9="","",IF(L9=0,"正常","非正常核查原因"))
L10: =IF(J10="","",K10-J10) | M10: =IF(J10=0,"",L10/J10*100) | O10: =IF(K10="","",IF(L10=0,"正常","非正常核查原因"))
L11: =IF(J11="","",K11-J11) | M11: =IF(J11=0,"",L11/J11*100) | O11: =IF(K11="","",IF(L11=0,"正常","非正常核查原因"))
L12: =IF(J12="","",K12-J12) | M12: =IF(J12=0,"",L12/J12*100) | O12: =IF(K12="","",IF(L12=0,"正常","非正常核查原因"))
L13: =IF(J13="","",K13-J13) | M13: =IF(J13=0,"",L13/J13*100) | O13: =IF(K13="","",IF(L13=0,"正常","非正常核查原因"))
L14: =IF(J14="","",K14-J14) | M14: =IF(J14=0,"",L14/J14*100) | O14: =IF(K14="","",IF(L14=0,"正常","非正常核查原因"))
L15: =IF(J15="","",K15-J15) | M15: =IF(J15=0,"",L15/J15*100) | O15: =IF(K15="","",IF(L15=0,"正常","非正常核查原因"))
L16: =IF(J16="","",K16-J16) | M16: =IF(J16=0,"",L16/J16*100) | O16: =IF(K16="","",IF(L16=0,"正常","非正常核查原因"))
L17: =IF(J17="","",K17-J17) | M17: =IF(J17=0,"",L17/J17*100) | O17: =IF(K17="","",IF(L17=0,"正常","非正常核查原因"))
... L23: =IF(J23="","",K23-J23) | M23: =IF(J23=0,"",L23/J23*100) | O23: =IF(K23="","",IF(L23=0,"正常","非正常核查原因"))
A24: 合 计 | I24: =SUM(I6:I23) -> 0 | J24: =SUM(J6:J23) -> 0 | K24: =SUM(K6:K23) -> 0 | L24: =IF(J24="","",K24-J24) -> 0 | M24: =IF(J24=0,"",L24/J24*100) | O24: =IF(K24="","",IF(L24=0,"正常","非正常核查原因")) -> 正常
A25: 减：应收票据坏帐准备 | L25: =IF(J25="","",K25-J25) | M25: =IF(J25=0,"",L25/J25*100) | O25: =IF(K25="","",IF(L25=0,"正常","非正常核查原因"))
A26: 减：评估风险损失 | L26: =IF(J26="","",K26-J26) | M26: =IF(J26=0,"",L26/J26*100) | O26: =IF(K26="","",IF(L26=0,"正常","非正常核查原因"))
A27: 合 计 | I27: =I24-I25 -> 0 | J27: =J24-J25 -> 0 | K27: =K24-K26 -> 0 | L27: =IF(J27="","",K27-J27) -> 0 | M27: =IF(J27=0,"",L27/J27*100) | O27: =IF(K27="","",IF(L27=0,"正常","非正常核查原因")) -> 正常
A28: =#REF!&#REF! -> #REF! | K28: ="评估人员："&#REF! -> #REF!
A29: =CONCATENATE(#REF!,#REF!,#REF!,#REF!,#REF!,#REF!,#REF!) -> #REF!

Sheet 应收账款
A1: 返回索引页 | B1: 返回
A2: 应收账款评估明细表
A3: =CONCATENATE(#REF!,#REF!,#REF!,#REF!,#REF!,#REF!,#REF!) -> #REF!
A4: =#REF!&#REF! -> #REF! | Y4: 金额单位：人民币元
A5: 序号 | B5: 对应核算单位 | C5: 欠款单位名称（结算对象) | D5: 关联关系类型 | E5: 业务内容 | F5: 发生日期 | G5: 帐龄(月) | H5: 币种 | I5: 外币账面金额 | J5: 评估基准日汇率 | K5: 审计前账面值 | L5: 坏帐准备 | M5: 账面价值 | N5: 账龄 | U5: 坏帐准备 | V5: 评估价值 | W5: 增减值 | X5: 增值率% | Y5: 备注
N6: 1-6个月 | O6: 7－12个月 | P6: 1-2年 (含2年) | Q6: 2-3年(含3年) | R6: 3-4年(含4年) | S6: 4-5年(含5年) | T6: 5年以上金额 | Z6: 检验
F7: 36892 | G7: =IF(F7=0,"",((#REF!)-YEAR(F7))*12+(#REF!)-MONTH(F7)) -> #REF! | W7: =IF(M7="","",V7-M7+U7) | X7: =IF(M7=0,"",W7/(M7-U7)*100) | Z7: =IF(V7="","",IF(W7=0,"正常","非正常核查原因"))
G8: =IF(F8=0,"",((#REF!)-YEAR(F8))*12+(#REF!)-MONTH(F8)) | W8: =IF(M8="","",V8-M8+U8) | X8: =IF(M8=0,"",W8/(M8-U8)*100) | Z8: =IF(V8="","",IF(W8=0,"正常","非正常核查原因"))
G9: =IF(F9=0,"",((#REF!)-YEAR(F9))*12+(#REF!)-MONTH(F9)) | W9: =IF(M9="","",V9-M9+U9) | X9: =IF(M9=0,"",W9/(M9-U9)*100) | Z9: =IF(V9="","",IF(W9=0,"正常","非正常核查原因"))
G10: =IF(F10=0,"",((#REF!)-YEAR(F10))*12+(#REF!)-MONTH(F10)) | W10: =IF(M10="","",V10-M10+U10) | X10: =IF(M10=0,"",W10/(M10-U10)*100) | Z10: =IF(V10="","",IF(W10=0,"正常","非正常核查原因"))
G11: =IF(F11=0,"",((#REF!)-YEAR(F11))*12+(#REF!)-MONTH(F11)) | W11: =IF(M11="","",V11-M11+U11) | X11: =IF(M11=0,"",W11/(M11-U11)*100) | Z11: =IF(V11="","",IF(W11=0,"正常","非正常核查原因"))
G12: =IF(F12=0,"",((#REF!)-YEAR(F12))*12+(#REF!)-MONTH(F12)) | W12: =IF(M12="","",V12-M12+U12) | X12: =IF(M12=0,"",W12/(M12-U12)*100) | Z12: =IF(V12="","",IF(W12=0,"正常","非正常核查原因"))
G13: =IF(F13=0,"",((#REF!)-YEAR(F13))*12+(#REF!)-MONTH(F13)) | W13: =IF(M13="","",V13-M13+U13) | X13: =IF(M13=0,"",W13/(M13-U13)*100) | Z13: =IF(V13="","",IF(W13=0,"正常","非正常核查原因"))
G14: =IF(F14=0,"",((#REF!)-YEAR(F14))*12+(#REF!)-MONTH(F14)) | W14: =IF(M14="","",V14-M14+U14) | X14: =IF(M14=0,"",W14/(M14-U14)*100) | Z14: =IF(V14="","",IF(W14=0,"正常","非正常核查原因"))
G15: =IF(F15=0,"",((#REF!)-YEAR(F15))*12+(#REF!)-MONTH(F15)) | W15: =IF(M15="","",V15-M15+U15) | X15: =IF(M15=0,"",W15/(M15-U15)*100) | Z15: =IF(V15="","",IF(W15=0,"正常","非正常核查原因"))
G16: =IF(F16=0,"",((#REF!)-YEAR(F16))*12+(#REF!)-MONTH(F16)) | W16: =IF(M16="","",V16-M16+U16) | X16: =IF(M16=0,"",W16/(M16-U16)*100) | Z16: =IF(V16="","",IF(W16=0,"正常","非正常核查原因"))
G17: =IF(F17=0,"",((#REF!)-YEAR(F17))*12+(#REF!)-MONTH(F17)) | W17: =IF(M17="","",V17-M17+U17) | X17: =IF(M17=0,"",W17/(M17-U17)*100) | Z17: =IF(V17="","",IF(W17=0,"正常","非正常核查原因"))
G18: =IF(F18=0,"",((#REF!)-YEAR(F18))*12+(#REF!)-MONTH(F18)) | W18: =IF(M18="","",V18-M18+U18) | X18: =IF(M18=0,"",W18/(M18-U18)*100) | Z18: =IF(V18="","",IF(W18=0,"正常","非正常核查原因"))
G19: =IF(F19=0,"",((#REF!)-YEAR(F19))*12+(#REF!)-MONTH(F19)) | W19: =IF(M19="","",V19-M19+U19) | X19: =IF(M19=0,"",W19/(M19-U19)*100) | Z19: =IF(V19="","",IF(W19=0,"正常","非正常核查原因"))
... G23: =IF(F23=0,"",((#REF!)-YEAR(F23))*12+(#REF!)-MONTH(F23)) | W23: =IF(M23="","",V23-M23+U23) | X23: =IF(M23=0,"",W23/(M23-U23)*100) | Z23: =IF(V23="","",IF(W23=0,"正常","非正常核查原因"))
A24: 合 计 | K24: =SUM(K7:K23) -> 0 | L24: =SUM(L7:L23) -> 0 | M24: =SUM(M7:M23) -> 0 | N24: =SUM(N7:N23) -> 0 | O24: =SUM(O7:O23) -> 0 | P24: =SUM(P7:P23) -> 0 | Q24: =SUM(Q7:Q23) -> 0 | R24: =SUM(R7:R23) -> 0 | ... T24: =SUM(T7:T23) -> 0 | V24: =SUM(V7:V23) -> 0 | W24: =IF(M24="","",V24-M24+U24) -> 0 | X24: =IF(M24=0,"",W24/(M24-U24)*100) | Z24: =IF(V24="","",IF(W24=0,"正常","非正常核查原因")) -> 正常
A25: 减：坏账准备 | M25: =L24 -> 0 | W25: =IF(M25="","",V25-M25+U25) -> 0 | X25: =IF(M25=0,"",W25/(M25-U25)*100) | Z25: =IF(V25="","",IF(W25=0,"正常","非正常核查原因"))
A26: 减：评估风险损失 | W26: =IF(M26="","",V26-M26+U26) | X26: =IF(M26=0,"",W26/(M26-U26)*100) | Z26: =IF(V26="","",IF(W26=0,"正常","非正常核查原因"))
A27: 净 额 | K27: =K24-K25-K26 -> 0 | L27: =L24-L25-L26 -> 0 | M27: =M24-M25 -> 0 | N27: =N24-N25-N26 -> 0 | O27: =O24-O25-O26 -> 0 | P27: =P24-P25-P26 -> 0 | Q27: =Q24-Q25-Q26 -> 0 | R27: =R24-R25-R26 -> 0 | S27: =S24-S25-S26 -> 0 | T27: =T24-T25-T26 -> 0 | V27: =V24-V26 -> 0 | W27: =IF(M27="","",V27-M27+U27) -> 0 | X27: =IF(M27=0,"",W27/(M27-U27)*100) | Z27: =IF(V27="","",IF(W27=0,"正常","非正常核查原因")) -> 正常
A28: =#REF!&#REF! -> #REF! | V28: ="评估人员："&#REF! -> #REF!
A29: =CONCATENATE(#REF!,#REF!,#REF!,#REF!,#REF!,#REF!,#REF!) -> #REF!
C30: 注1： | D30: 注明账齡在一年以上的账款的可收回性，若有部分可能不能收回，请估计不能收回的金額，以供评估时作參考。
C31: 注2：“备注”栏填写方法： | D31: 1）欠款单位为关联方、总公司内部或本公司内部单位的，应在备注栏注明“关联方”、“总公司内部”、“内部单位”；
D32: 2） 涉诉款项应在备注中标明“涉诉”；
D33: 3）评估基准日后已部分或全部收回款项的，应注明日期及金额，如“2007年1月4日收回8,000.00元”；
D34: 4）填表单位认为其他应说明的事项

Sheet 预付账款
A1: 返回索引页 | B1: 返回
A2: 预付账款评估明细表
A3: =CONCATENATE(#REF!,#REF!,#REF!,#REF!,#REF!,#REF!,#REF!) -> #REF!
A4: =#REF!&#REF! -> #REF! | S4: 金额单位：人民币元
A5: 序号 | B5: 对应核算单位 | C5: 收款单位名称（结算对象) | D5: 业务内容 | E5: 发生日期 | F5: 帐龄 | G5: 审计前账面值 | H5: 账面价值 | I5: 账龄 | P5: 评估价值 | Q5: 增减值 | R5: 增值率% | S5: 备注
I6: 1-6个月 | J6: 7－12个月 | K6: 1-2年 (含2年) | L6: 2-3年(含3年) | M6: 3-4年(含4年) | N6: 4-5年(含5年) | O6: 5年以上金额 | R6: =IF(H6=0,"",(P6-H6)/H6*100) | T6: 检验
F7: =IF(E7=0,"",((#REF!)-YEAR(E7))*12+(#REF!)-MONTH(E7)) | Q7: =IF(H7="","",P7-H7) | R7: =IF(H7=0,"",Q7/H7*100) | T7: =IF(P7="","",IF(Q7=0,"正常","非正常核查原因"))
F8: =IF(E8=0,"",((#REF!)-YEAR(E8))*12+(#REF!)-MONTH(E8)) | Q8: =IF(H8="","",P8-H8) | R8: =IF(H8=0,"",Q8/H8*100) | T8: =IF(P8="","",IF(Q8=0,"正常","非正常核查原因"))
F9: =IF(E9=0,"",((#REF!)-YEAR(E9))*12+(#REF!)-MONTH(E9)) | Q9: =IF(H9="","",P9-H9) | R9: =IF(H9=0,"",Q9/H9*100) | T9: =IF(P9="","",IF(Q9=0,"正常","非正常核查原因"))
F10: =IF(E10=0,"",((#REF!)-YEAR(E10))*12+(#REF!)-MONTH(E10)) | Q10: =IF(H10="","",P10-H10) | R10: =IF(H10=0,"",Q10/H10*100) | T10: =IF(P10="","",IF(Q10=0,"正常","非正常核查原因"))
F11: =IF(E11=0,"",((#REF!)-YEAR(E11))*12+(#REF!)-MONTH(E11)) | Q11: =IF(H11="","",P11-H11) | R11: =IF(H11=0,"",Q11/H11*100) | T11: =IF(P11="","",IF(Q11=0,"正常","非正常核查原因"))
F12: =IF(E12=0,"",((#REF!)-YEAR(E12))*12+(#REF!)-MONTH(E12)) | Q12: =IF(H12="","",P12-H12) | R12: =IF(H12=0,"",Q12/H12*100) | T12: =IF(P12="","",IF(Q12=0,"正常","非正常核查原因"))
F13: =IF(E13=0,"",((#REF!)-YEAR(E13))*12+(#REF!)-MONTH(E13)) | Q13: =IF(H13="","",P13-H13) | R13: =IF(H13=0,"",Q13/H13*100) | T13: =IF(P13="","",IF(Q13=0,"正常","非正常核查原因"))
F14: =IF(E14=0,"",((#REF!)-YEAR(E14))*12+(#REF!)-MONTH(E14)) | Q14: =IF(H14="","",P14-H14) | R14: =IF(H14=0,"",Q14/H14*100) | T14: =IF(P14="","",IF(Q14=0,"正常","非正常核查原因"))
F15: =IF(E15=0,"",((#REF!)-YEAR(E15))*12+(#REF!)-MONTH(E15)) | Q15: =IF(H15="","",P15-H15) | R15: =IF(H15=0,"",Q15/H15*100) | T15: =IF(P15="","",IF(Q15=0,"正常","非正常核查原因"))
F16: =IF(E16=0,"",((#REF!)-YEAR(E16))*12+(#REF!)-MONTH(E16)) | Q16: =IF(H16="","",P16-H16) | R16: =IF(H16=0,"",Q16/H16*100) | T16: =IF(P16="","",IF(Q16=0,"正常","非正常核查原因"))
F17: =IF(E17=0,"",((#REF!)-YEAR(E17))*12+(#REF!)-MONTH(E17)) | Q17: =IF(H17="","",P17-H17) | R17: =IF(H17=0,"",Q17/H17*100) | T17: =IF(P17="","",IF(Q17=0,"正常","非正常核查原因"))
F18: =IF(E18=0,"",((#REF!)-YEAR(E18))*12+(#REF!)-MONTH(E18)) | Q18: =IF(H18="","",P18-H18) | R18: =IF(H18=0,"",Q18/H18*100) | T18: =IF(P18="","",IF(Q18=0,"正常","非正常核查原因"))
... F24: =IF(E24=0,"",((#REF!)-YEAR(E24))*12+(#REF!)-MONTH(E24)) | Q24: =IF(H24="","",P24-H24) | R24: =IF(H24=0,"",Q24/H24*100) | T24: =IF(P24="","",IF(Q24=0,"正常","非正常核查原因"))
A25: 合 计 | G25: =SUM(G7:G24) -> 0 | H25: =SUM(H7:H24) -> 0 | I25: =SUM(I7:I24) -> 0 | J25: =SUM(J7:J24) -> 0 | K25: =SUM(K7:K24) -> 0 | L25: =SUM(L7:L24) -> 0 | M25: =SUM(M7:M24) -> 0 | N25: =SUM(N7:N24) -> 0 | ... Q25: =SUM(Q7:Q24) -> 0 | R25: =IF(H25=0,"",Q25/H25*100) | T25: =IF(P25="","",IF(Q25=0,"正常","非正常核查原因")) -> 正常
A26: 减：预付账款坏帐准备 | R26: =IF(H26=0,"",Q26/H26*100) | T26: =IF(P26="","",IF(Q26=0,"正常","非正常核查原因"))
A27: 合 计 | G27: =G25-G26 -> 0 | H27: =H25-H26 -> 0 | I27: =I25-I26 -> 0 | J27: =J25-J26 -> 0 | K27: =K25-K26 -> 0 | L27: =L25-L26 -> 0 | M27: =M25-M26 -> 0 | N27: =N25-N26 -> 0 | ... Q27: =Q25-Q26 -> 0 | R27: =IF(H27=0,"",Q27/H27*100) | T27: =IF(P27="","",IF(Q27=0,"正常","非正常核查原因")) -> 正常
A28: =#REF!&#REF! -> #REF! | P28: ="评估人员："&#REF! -> #REF!
A29: =CONCATENATE(#REF!,#REF!,#REF!,#REF!,#REF!,#REF!,#REF!) -> #REF!

Sheet 应收利息
A1: 返回索引页 | B1: 返回
A2: 应收利息评估明细表
A3: =CONCATENATE(#REF!,#REF!,#REF!,#REF!,#REF!,#REF!,#REF!) -> #REF!
A4: =#REF!&#REF! -> #REF! | N4: 金额单位：人民币元
A5: 序号 | B5: 对应核算单位 | C5: 欠款单位名称（结算对象) | D5: 利息类型 | E5: 发生日期 | F5: 本金 | G5: 利息所属期间 | H5: 利息率% | I5: 审计前账面值 | J5: 账面价值 | K5: 评估价值 | L5: 增减值 | M5: 增值率% | N5: 备注 | O5: 检验
L6: =IF(J6="","",K6-J6) | M6: =IF(J6=0,"",L6/J6*100) | O6: =IF(K6="","",IF(L6=0,"正常","非正常核查原因"))
L7: =IF(J7="","",K7-J7) | M7: =IF(J7=0,"",L7/J7*100) | O7: =IF(K7="","",IF(L7=0,"正常","非正常核查原因"))
L8: =IF(J8="","",K8-J8) | M8: =IF(J8=0,"",L8/J8*100) | O8: =IF(K8="","",IF(L8=0,"正常","非正常核查原因"))
L9: =IF(J9="","",K9-J9) | M9: =IF(J9=0,"",L9/J9*100) | O9: =IF(K9="","",IF(L9=0,"正常","非正常核查原因"))
L10: =IF(J10="","",K10-J10) | M10: =IF(J10=0,"",L10/J10*100) | O10: =IF(K10="","",IF(L10=0,"正常","非正常核查原因"))
L11: =IF(J11="","",K11-J11) | M11: =IF(J11=0,"",L11/J11*100) | O11: =IF(K11="","",IF(L11=0,"正常","非正常核查原因"))
L12: =IF(J12="","",K12-J12) | M12: =IF(J12=0,"",L12/J12*100) | O12: =IF(K12="","",IF(L12=0,"正常","非正常核查原因"))
L13: =IF(J13="","",K13-J13) | M13: =IF(J13=0,"",L13/J13*100) | O13: =IF(K13="","",IF(L13=0,"正常","非正常核查原因"))
L14: =IF(J14="","",K14-J14) | M14: =IF(J14=0,"",L14/J14*100) | O14: =IF(K14="","",IF(L14=0,"正常","非正常核查原因"))
L15: =IF(J15="","",K15-J15) | M15: =IF(J15=0,"",L15/J15*100) | O15: =IF(K15="","",IF(L15=0,"正常","非正常核查原因"))
L16: =IF(J16="","",K16-J16) | M16: =IF(J16=0,"",L16/J16*100) | O16: =IF(K16="","",IF(L16=0,"正常","非正常核查原因"))
L17: =IF(J17="","",K17-J17) | M17: =IF(J17=0,"",L17/J17*100) | O17: =IF(K17="","",IF(L17=0,"正常","非正常核查原因"))
... L26: =IF(J26="","",K26-J26) | M26: =IF(J26=0,"",L26/J26*100) | O26: =IF(K26="","",IF(L26=0,"正常","非正常核查原因"))
A27: 合 计 | F27: =SUM(F6:F26) -> 0 | I27: =SUM(I6:I26) -> 0 | J27: =SUM(J6:J26) -> 0 | K27: =SUM(K6:K26) -> 0 | L27: =IF(J27="","",K27-J27) -> 0 | M27: =IF(J27=0,"",L27/J27*100) | O27: =IF(K27="","",IF(L27=0,"正常","非正常核查原因")) -> 正常
A28: =#REF!&#REF! -> #REF! | K28: ="评估人员："&#REF! -> #REF!
A29: =CONCATENATE(#REF!,#REF!,#REF!,#REF!,#REF!,#REF!,#REF!) -> #REF!

Sheet 应收股利（利润）
A1: 返回索引页 | B1: 返回
A2: 应收股利（应收利润）评估明细表
A3: =CONCATENATE(#REF!,#REF!,#REF!,#REF!,#REF!,#REF!,#REF!) -> #REF!
A4: =#REF!&#REF! -> #REF! | K4: 金额单位：人民币元
A5: 序号 | B5: 对应核算单位 | C5: 户名（结算对象) | D5: 发生日期 | E5: 股利所属期间 | F5: 审计前账面值 | G5: 账面价值 | H5: 评估价值 | I5: 增减值 | J5: 增值率% | K5: 备注 | L5: 检验
I6: =IF(G6="","",H6-G6) | J6: =IF(G6=0,"",I6/G6*100) | L6: =IF(H6="","",IF(I6=0,"正常","非正常核查原因"))
I7: =IF(G7="","",H7-G7) | J7: =IF(G7=0,"",I7/G7*100) | L7: =IF(H7="","",IF(I7=0,"正常","非正常核查原因"))
I8: =IF(G8="","",H8-G8) | J8: =IF(G8=0,"",I8/G8*100) | L8: =IF(H8="","",IF(I8=0,"正常","非正常核查原因"))
I9: =IF(G9="","",H9-G9) | J9: =IF(G9=0,"",I9/G9*100) | L9: =IF(H9="","",IF(I9=0,"正常","非正常核查原因"))
I10: =IF(G10="","",H10-G10) | J10: =IF(G10=0,"",I10/G10*100) | L10: =IF(H10="","",IF(I10=0,"正常","非正常核查原因"))
I11: =IF(G11="","",H11-G11) | J11: =IF(G11=0,"",I11/G11*100) | L11: =IF(H11="","",IF(I11=0,"正常","非正常核查原因"))
I12: =IF(G12="","",H12-G12) | J12: =IF(G12=0,"",I12/G12*100) | L12: =IF(H12="","",IF(I12=0,"正常","非正常核查原因"))
I13: =IF(G13="","",H13-G13) | J13: =IF(G13=0,"",I13/G13*100) | L13: =IF(H13="","",IF(I13=0,"正常","非正常核查原因"))
I14: =IF(G14="","",H14-G14) | J14: =IF(G14=0,"",I14/G14*100) | L14: =IF(H14="","",IF(I14=0,"正常","非正常核查原因"))
I15: =IF(G15="","",H15-G15) | J15: =IF(G15=0,"",I15/G15*100) | L15: =IF(H15="","",IF(I15=0,"正常","非正常核查原因"))
I16: =IF(G16="","",H16-G16) | J16: =IF(G16=0,"",I16/G16*100) | L16: =IF(H16="","",IF(I16=0,"正常","非正常核查原因"))
I17: =IF(G17="","",H17-G17) | J17: =IF(G17=0,"",I17/G17*100) | L17: =IF(H17="","",IF(I17=0,"正常","非正常核查原因"))
... I26: =IF(G26="","",H26-G26) | J26: =IF(G26=0,"",I26/G26*100) | L26: =IF(H26="","",IF(I26=0,"正常","非正常核查原因"))
A27: 合 计 | F27: =SUM(F6:F26) -> 0 | G27: =SUM(G6:G26) -> 0 | H27: =SUM(H6:H26) -> 0 | I27: =IF(G27="","",H27-G27) -> 0 | J27: =IF(G27=0,"",I27/G27*100) | L27: =IF(H27="","",IF(I27=0,"正常","非正常核查原因")) -> 正常
A28: =#REF!&#REF! -> #REF! | H28: ="评估人员："&#REF! -> #REF!
A29: =CONCATENATE(#REF!,#REF!,#REF!,#REF!,#REF!,#REF!,#REF!) -> #REF!

Sheet 其他应收款
A1: 返回索引页 | B1: 返回
A2: 其他应收款评估明细表
A3: =CONCATENATE(#REF!,#REF!,#REF!,#REF!,#REF!,#REF!,#REF!) -> #REF!
A4: =#REF!&#REF! -> #REF! | U4: 金额单位：人民币元
A5: 序号 | B5: 对应核算单位 | C5: 欠款单位名称（结算对象) | D5: 关联关系类型 | E5: 业务内容 | F5: 发生日期 | G5: 帐龄 | H5: 审计前账面值 | I5: 账面价值 | J5: 账龄 | Q5: 坏帐准备 | R5: 评估价值 | S5: 增减值 | T5: 增值率% | U5: 备注
J6: 1-6个月 | K6: 7－12个月 | L6: 1-2年 (含2年) | M6: 2-3年(含3年) | N6: 3-4年(含4年) | O6: 4-5年(含5年) | P6: 5年以上金额 | T6: =IF(I6=0,"",(R6-I6)/I6*100) | V6: 检验
G7: =IF(F7=0,"",((#REF!)-YEAR(F7))*12+(#REF!)-MONTH(F7)) | S7: =IF(I7="","",R7-I7+Q7) | T7: =IF(I7=0,"",S7/(I7-Q7)*100) | V7: =IF(R7="","",IF(S7=0,"正常","非正常核查原因"))
G8: =IF(F8=0,"",((#REF!)-YEAR(F8))*12+(#REF!)-MONTH(F8)) | S8: =IF(I8="","",R8-I8+Q8) | T8: =IF(I8=0,"",S8/(I8-Q8)*100) | V8: =IF(R8="","",IF(S8=0,"正常","非正常核查原因"))
G9: =IF(F9=0,"",((#REF!)-YEAR(F9))*12+(#REF!)-MONTH(F9)) | S9: =IF(I9="","",R9-I9+Q9) | T9: =IF(I9=0,"",S9/(I9-Q9)*100) | V9: =IF(R9="","",IF(S9=0,"正常","非正常核查原因"))
G10: =IF(F10=0,"",((#REF!)-YEAR(F10))*12+(#REF!)-MONTH(F10)) | S10: =IF(I10="","",R10-I10+Q10) | T10: =IF(I10=0,"",S10/(I10-Q10)*100) | V10: =IF(R10="","",IF(S10=0,"正常","非正常核查原因"))
G11: =IF(F11=0,"",((#REF!)-YEAR(F11))*12+(#REF!)-MONTH(F11)) | S11: =IF(I11="","",R11-I11+Q11) | T11: =IF(I11=0,"",S11/(I11-Q11)*100) | V11: =IF(R11="","",IF(S11=0,"正常","非正常核查原因"))
G12: =IF(F12=0,"",((#REF!)-YEAR(F12))*12+(#REF!)-MONTH(F12)) | S12: =IF(I12="","",R12-I12+Q12) | T12: =IF(I12=0,"",S12/(I12-Q12)*100) | V12: =IF(R12="","",IF(S12=0,"正常","非正常核查原因"))
G13: =IF(F13=0,"",((#REF!)-YEAR(F13))*12+(#REF!)-MONTH(F13)) | S13: =IF(I13="","",R13-I13+Q13) | T13: =IF(I13=0,"",S13/(I13-Q13)*100) | V13: =IF(R13="","",IF(S13=0,"正常","非正常核查原因"))
G14: =IF(F14=0,"",((#REF!)-YEAR(F14))*12+(#REF!)-MONTH(F14)) | S14: =IF(I14="","",R14-I14+Q14) | T14: =IF(I14=0,"",S14/(I14-Q14)*100) | V14: =IF(R14="","",IF(S14=0,"正常","非正常核查原因"))
G15: =IF(F15=0,"",((#REF!)-YEAR(F15))*12+(#REF!)-MONTH(F15)) | S15: =IF(I15="","",R15-I15+Q15) | T15: =IF(I15=0,"",S15/(I15-Q15)*100) | V15: =IF(R15="","",IF(S15=0,"正常","非正常核查原因"))
G16: =IF(F16=0,"",((#REF!)-YEAR(F16))*12+(#REF!)-MONTH(F16)) | S16: =IF(I16="","",R16-I16+Q16) | T16: =IF(I16=0,"",S16/(I16-Q16)*100) | V16: =IF(R16="","",IF(S16=0,"正常","非正常核查原因"))
G17: =IF(F17=0,"",((#REF!)-YEAR(F17))*12+(#REF!)-MONTH(F17)) | S17: =IF(I17="","",R17-I17+Q17) | T17: =IF(I17=0,"",S17/(I17-Q17)*100) | V17: =IF(R17="","",IF(S17=0,"正常","非正常核查原因"))
G18: =IF(F18=0,"",((#REF!)-YEAR(F18))*12+(#REF!)-MONTH(F18)) | S18: =IF(I18="","",R18-I18+Q18) | T18: =IF(I18=0,"",S18/(I18-Q18)*100) | V18: =IF(R18="","",IF(S18=0,"正常","非正常核查原因"))
... G23: =IF(F23=0,"",((#REF!)-YEAR(F23))*12+(#REF!)-MONTH(F23)) | S23: =IF(I23="","",R23-I23+Q23) | T23: =IF(I23=0,"",S23/(I23-Q23)*100) | V23: =IF(R23="","",IF(S23=0,"正常","非正常核查原因"))
A24: 合 计 | H24: =SUM(H7:H23) -> 0 | I24: =SUM(I7:I23) -> 0 | J24: =SUM(J7:J23) -> 0 | K24: =SUM(K7:K23) -> 0 | L24: =SUM(L7:L23) -> 0 | M24: =SUM(M7:M23) -> 0 | N24: =SUM(N7:N23) -> 0 | O24: =SUM(O7:O23) -> 0 | P24: =SUM(P7:P23) -> 0 | R24: =SUM(R7:R23) -> 0 | S24: =IF(I24="","",R24-I24+Q24) -> 0 | T24: =IF(I24=0,"",S24/(I24-Q24)*100) | V24: =IF(R24="","",IF(S24=0,"正常","非正常核查原因")) -> 正常
A25: 减：坏账准备 | S25: =IF(I25="","",R25-I25+Q25) | T25: =IF(I25=0,"",S25/(I25-Q25)*100) | V25: =IF(R25="","",IF(S25=0,"正常","非正常核查原因"))
A26: 减：评估风险损失 | S26: =IF(I26="","",R26-I26+Q26) | T26: =IF(I26=0,"",S26/(I26-Q26)*100) | V26: =IF(R26="","",IF(S26=0,"正常","非正常核查原因"))
A27: 净 额 | H27: =H24-H25-H26 -> 0 | I27: =I24-I25 -> 0 | J27: =J24-J25-J26 -> 0 | K27: =K24-K25-K26 -> 0 | L27: =L24-L25-L26 -> 0 | M27: =M24-M25-M26 -> 0 | N27: =N24-N25-N26 -> 0 | O27: =O24-O25-O26 -> 0 | P27: =P24-P25-P26 -> 0 | R27: =R24-R26 -> 0 | S27: =IF(I27="","",R27-I27+Q27) -> 0 | T27: =IF(I27=0,"",S27/(I27-Q27)*100) | V27: =IF(R27="","",IF(S27=0,"正常","非正常核查原因")) -> 正常
A28: =#REF!&#REF! -> #REF! | R28: ="评估人员："&#REF! -> #REF!
A29: =CONCATENATE(#REF!,#REF!,#REF!,#REF!,#REF!,#REF!,#REF!) -> #REF!
B30: 注1： | C30: 注明账齡在一年以上的账款的可收回性，若有部分可能不能收回，请估计不能收回的金額，以供评估时作參考。
B31: 注2：“备注”栏填写方法： | C31: 1）欠款单位为关联方、总公司内部或本公司内部单位的，应在备注栏注明“关联方”、“总公司内部”、“内部单位”；
C32: 2） 涉诉款项应在备注中标明“涉诉”；
C33: 3）评估基准日后已部分或全部收回款项的，应注明日期及金额，如“2003年2月4日收回8,530.00元”；
C34: 4）填表单位认为其他应说明的事项

Sheet 存货汇总
A1: 返回索引页 | B1: 返回
A2: 存货评估汇总表
A3: =CONCATENATE(#REF!,#REF!,#REF!,#REF!,#REF!,#REF!,#REF!) -> #REF!
A4: =#REF!&#REF! -> #REF! | H4: 金额单位：人民币元
A5: 编号 | B5: 科目名称 | C5: 审计前账面值 | D5: 账面价值 | E5: 跌价准备 | F5: 评估价值 | G5: 增值额 | H5: 增值率% | I5: 检验
A6: 3-9-1 | B6: 原材料 | C6: =原材料!H27 -> 0 | D6: =原材料!M27 -> 0 | E6: =原材料!N27 -> 0 | F6: =原材料!R27 -> 0 | G6: =F6-(D6-E6) -> 0 | H6: =IF(D6-E6=0,"",G6/(D6-E6)*100) | I6: =IF(F6="","",IF(G6=0,"正常","非正常核查原因")) -> 正常
A7: 3-9-2 | B7: 材料采购（在途物资） | C7: ='材料采购（在途物资）'!G27 -> 0 | D7: ='材料采购（在途物资）'!K27 -> 0 | E7: ='材料采购（在途物资）'!L27 -> 0 | F7: ='材料采购（在途物资）'!O27 -> 0 | G7: =F7-(D7-E7) -> 0 | H7: =IF(D7-E7=0,"",G7/(D7-E7)*100) | I7: =IF(F7="","",IF(G7=0,"正常","非正常核查原因")) -> 正常
A8: 3-9-3 | B8: 在库低值易耗品 | C8: =在库低值易耗品!G27 -> 0 | D8: =在库低值易耗品!K27 -> 0 | E8: =在库低值易耗品!L27 -> 0 | F8: =在库低值易耗品!O27 -> 0 | G8: =F8-(D8-E8) -> 0 | H8: =IF(D8-E8=0,"",G8/(D8-E8)*100) | I8: =IF(F8="","",IF(G8=0,"正常","非正常核查原因")) -> 正常
A9: 3-9-4 | B9: 包装物（库存物资） | C9: =包装物!G27 -> 0 | D9: =包装物!K27 -> 0 | E9: =包装物!L27 -> 0 | F9: =包装物!O27 -> 0 | G9: =F9-(D9-E9) -> 0 | H9: =IF(D9-E9=0,"",G9/(D9-E9)*100) | I9: =IF(F9="","",IF(G9=0,"正常","非正常核查原因")) -> 正常
A10: 3-9-5 | B10: 委托加工物资 | C10: =委托加工物资!H27 -> 0 | D10: =委托加工物资!L27 -> 0 | E10: =委托加工物资!M27 -> 0 | F10: =委托加工物资!P27 -> 0 | G10: =F10-(D10-E10) -> 0 | H10: =IF(D10-E10=0,"",G10/(D10-E10)*100) | I10: =IF(F10="","",IF(G10=0,"正常","非正常核查原因")) -> 正常
A11: 3-9-6 | B11: 产成品（库存商品） | C11: ='产成品（库存商品）'!K27 -> 0 | D11: ='产成品（库存商品）'!P27 -> 0 | E11: ='产成品（库存商品）'!Q27 -> 0 | F11: ='产成品（库存商品）'!V27 -> 0 | G11: =F11-(D11-E11) -> 0 | H11: =IF(D11-E11=0,"",G11/(D11-E11)*100) | I11: =IF(F11="","",IF(G11=0,"正常",IF(ABS(H11)>=30,"非正常核查原因","正常"))) -> 正常
A12: 3-9-6-1 | B12: 产成品（开发产品） | C12: =开发产品!AA27 -> 0 | D12: =开发产品!AN27 -> 0 | E12: =开发产品!AO27 -> 0 | F12: =开发产品!AP27 -> 0 | G12: =F12-(D12-E12) -> 0 | H12: =IF(D12-E12=0,"",G12/(D12-E12)*100) | I12: =IF(F12="","",IF(G12=0,"正常",IF(ABS(H12)>=30,"非正常核查原因","正常"))) -> 正常
A13: 3-9-6-2 | B13: 产成品（出租开发产品） | C13: =出租开发产品!AA27 -> 0 | D13: =出租开发产品!AD27 -> 0 | E13: =出租开发产品!AE27 -> 0 | F13: =出租开发产品!AF27 -> 0 | G13: =F13-(D13-E13) -> 0 | H13: =IF(D13-E13=0,"",G13/(D13-E13)*100) | I13: =IF(F13="","",IF(G13=0,"正常",IF(ABS(H13)>=30,"非正常核查原因","正常"))) -> 正常
A14: 3-9-7 | B14: 在产品（自制半成品） | C14: ='在产品（自制半成品）'!G27 -> 0 | D14: ='在产品（自制半成品）'!K27 -> 0 | E14: ='在产品（自制半成品）'!L27 -> 0 | F14: ='在产品（自制半成品）'!S27 -> 0 | G14: =F14-(D14-E14) -> 0 | H14: =IF(D14-E14=0,"",G14/(D14-E14)*100) | I14: =IF(F14="","",IF(G14=0,"正常",IF(ABS(H14)>=30,"非正常核查原因","正常"))) -> 正常
A15: 3-9-7-1 | B15: 在产品（开发成本） | C15: =开发成本!AD27 -> 0 | D15: =开发成本!AQ27 -> 0 | E15: =开发成本!AR27 -> 0 | F15: =开发成本!AS27 -> 0 | G15: =F15-(D15-E15) -> 0 | H15: =IF(D15-E15=0,"",G15/(D15-E15)*100) | I15: =IF(F15="","",IF(G15=0,"正常",IF(ABS(H15)>=30,"非正常核查原因","正常"))) -> 正常
A16: 3-9-8 | B16: 分期收款发出商品 | C16: =分期收款发出商品!H27 -> 0 | D16: =分期收款发出商品!L27 -> 0 | E16: =分期收款发出商品!M27 -> 0 | F16: =分期收款发出商品!P27 -> 0 | G16: =F16-(D16-E16) -> 0 | H16: =IF(D16-E16=0,"",G16/(D16-E16)*100) | I16: =IF(F16="","",IF(G16=0,"正常",IF(ABS(H16)>=30,"非正常核查原因","正常"))) -> 正常
A17: 3-9-9 | B17: 在用低值易耗品 | C17: =在用低值易耗品!J27 -> 0 | D17: =在用低值易耗品!M27 -> 0 | E17: =在用低值易耗品!N27 -> 0 | F17: =在用低值易耗品!R27 -> 0 | G17: =F17-(D17-E17) -> 0 | H17: =IF(D17-E17=0,"",G17/(D17-E17)*100) | I17: =IF(F17="","",IF(G17=0,"正常",IF(ABS(H17)>=30,"非正常核查原因","正常"))) -> 正常
A18: 3-9-10 | B18: 委托代销商品 | C18: =委托代销商品!H27 -> 0 | D18: =委托代销商品!L27 -> 0 | E18: =委托代销商品!M27 -> 0 | F18: =委托代销商品!P27 -> 0 | G18: =F18-(D18-E18) -> 0 | H18: =IF(D18-E18=0,"",G18/(D18-E18)*100) | I18: =IF(F18="","",IF(G18=0,"正常","非正常核查原因")) -> 正常
A19: 3-9-11 | B19: 受托代销商品 | C19: =受托代销商品!H27 -> 0 | D19: =受托代销商品!L27 -> 0 | E19: =受托代销商品!M27 -> 0 | F19: =受托代销商品!P27 -> 0 | G19: =F19-(D19-E19) -> 0 | H19: =IF(D19-E19=0,"",G19/(D19-E19)*100) | I19: =IF(F19="","",IF(G19=0,"正常","非正常核查原因")) -> 正常
A20: 3-9-12 | B20: 未结算工程 | C20: =未结算工程!L27 -> 0 | D20: =未结算工程!R27 -> 0 | E20: =未结算工程!S27 -> 0 | F20: =未结算工程!T27 -> 0 | G20: =F20-(D20-E20) -> 0 | H20: =IF(D20-E20=0,"",G20/(D20-E20)*100) | I20: =IF(F20="","",IF(G20=0,"正常",IF(ABS(H20)>=30,"非正常核查原因","正常"))) -> 正常
A21: 3-9-13 | B21: 周转材料 | C21: =周转材料!M27 -> 0 | D21: =周转材料!Q27 -> 0 | E21: =周转材料!R27 -> 0 | F21: =周转材料!U27 -> 0 | G21: =F21-(D21-E21) -> 0 | H21: =IF(D21-E21=0,"",G21/(D21-E21)*100) | I21: =IF(F21="","",IF(G21=0,"正常",IF(ABS(H21)>=30,"非正常核查原因","正常"))) -> 正常
G22: =F22-(D22-E22) -> 0 | H22: =IF(D22-E22=0,"",G22/(D22-E22)*100) | I22: =IF(F22="","",IF(G22=0,"正常",IF(ABS(H22)>=30,"非正常核查原因","正常")))
G23: =F23-(D23-E23) -> 0 | H23: =IF(D23-E23=0,"",G23/(D23-E23)*100) | I23: =IF(F23="","",IF(G23=0,"正常",IF(ABS(H23)>=30,"非正常核查原因","正常")))
G24: =F24-(D24-E24) -> 0 | H24: =IF(D24-E24=0,"",G24/(D24-E24)*100) | I24: =IF(F24="","",IF(G24=0,"正常",IF(ABS(H24)>=30,"非正常核查原因","正常")))
A25: 3-9 | B25: 存货合计 | C25: =SUM(C6:C24) -> 0 | D25: =SUM(D6:D24) -> 0 | E25: =SUM(E6:E24) -> 0 | F25: =SUM(F6:F24) -> 0 | G25: =F25-(D25-E25) -> 0 | H25: =IF(D25-E25=0,"",G25/(D25-E25)*100) | I25: =IF(F25="","",IF(G25=0,"正常",IF(ABS(H25)>=30,"非正常核查原因","正常"))) -> 正常
A26: 3-9 | B26: 减：存货跌价准备 | D26: =E25 -> 0 | G26: =F26-D26 -> 0 | H26: =IF(D26=0,"",G26/D26*100) | I26: =IF(F26="","",IF(G26=0,"正常",IF(ABS(H26)>=30,"非正常核查原因","正常")))
A27: 3-9 | B27: 存货净额 | C27: =C25-C26 -> 0 | D27: =D25-D26 -> 0 | F27: =F25-F26 -> 0 | G27: =G25-G26 -> 0 | H27: =IF(D27=0,"",G27/D27*100) | I27: =IF(F27="","",IF(G27=0,"正常",IF(ABS(H27)>=30,"非正常核查原因","正常"))) -> 正常
A28: =#REF!&#REF! -> #REF! | F28: ="评估人员："&#REF! -> #REF!
A29: =CONCATENATE(#REF!,#REF!,#REF!,#REF!,#REF!,#REF!,#REF!) -> #REF!

Sheet 原材料
A1: 返回索引页 | B1: 返回
A2: 存货—原材料评估明细表
A3: =CONCATENATE(#REF!,#REF!,#REF!,#REF!,#REF!,#REF!,#REF!) -> #REF!
A4: =#REF!&#REF! -> #REF! | U4: 金额单位：人民币元
A5: 序号 | B5: 对应核算单位 | C5: 名称及规格型号 | D5: 计量 单位 | E5: 存放 地点 | F5: 审计前账面值 | I5: 跌价准备 | J5: 单位数量核对 | K5: 账面价值 | N5: 跌价准备 | O5: 本月均价 | P5: 评估价值 | S5: 增减值 | T5: 增值率% | U5: 备注
F6: 数量 | G6: 单价 | H6: 金额 | K6: 数量 | L6: 单价 | M6: 金额 | P6: 实际数量 | Q6: 单价 | R6: 金额 | V6: 检验
G7: =IF(F7=0,"",H7/F7) | J7: =IF(ROUND(K7,0)-K7=0,0,"核对") -> 0 | L7: =IF(K7=0,"",M7/K7) | S7: =R7-(M7-N7) -> 0 | T7: =IF(M7-N7=0,"",S7/(M7-N7)*100) | V7: =IF(R7="","",IF(S7=0,"正常","非正常核查原因"))
G8: =IF(F8=0,"",H8/F8) | J8: =IF(ROUND(K8,0)-K8=0,0,"核对") -> 0 | L8: =IF(K8=0,"",M8/K8) | S8: =R8-(M8-N8) -> 0 | T8: =IF(M8-N8=0,"",S8/(M8-N8)*100) | V8: =IF(R8="","",IF(S8=0,"正常","非正常核查原因"))
G9: =IF(F9=0,"",H9/F9) | J9: =IF(ROUND(K9,0)-K9=0,0,"核对") -> 0 | L9: =IF(K9=0,"",M9/K9) | S9: =R9-(M9-N9) -> 0 | T9: =IF(M9-N9=0,"",S9/(M9-N9)*100) | V9: =IF(R9="","",IF(S9=0,"正常","非正常核查原因"))
G10: =IF(F10=0,"",H10/F10) | J10: =IF(ROUND(K10,0)-K10=0,0,"核对") -> 0 | L10: =IF(K10=0,"",M10/K10) | S10: =R10-(M10-N10) -> 0 | T10: =IF(M10-N10=0,"",S10/(M10-N10)*100) | V10: =IF(R10="","",IF(S10=0,"正常","非正常核查原因"))
G11: =IF(F11=0,"",H11/F11) | J11: =IF(ROUND(K11,0)-K11=0,0,"核对") -> 0 | L11: =IF(K11=0,"",M11/K11) | S11: =R11-(M11-N11) -> 0 | T11: =IF(M11-N11=0,"",S11/(M11-N11)*100) | V11: =IF(R11="","",IF(S11=0,"正常","非正常核查原因"))
G12: =IF(F12=0,"",H12/F12) | J12: =IF(ROUND(K12,0)-K12=0,0,"核对") -> 0 | L12: =IF(K12=0,"",M12/K12) | S12: =R12-(M12-N12) -> 0 | T12: =IF(M12-N12=0,"",S12/(M12-N12)*100) | V12: =IF(R12="","",IF(S12=0,"正常","非正常核查原因"))
G13: =IF(F13=0,"",H13/F13) | J13: =IF(ROUND(K13,0)-K13=0,0,"核对") -> 0 | L13: =IF(K13=0,"",M13/K13) | S13: =R13-(M13-N13) -> 0 | T13: =IF(M13-N13=0,"",S13/(M13-N13)*100) | V13: =IF(R13="","",IF(S13=0,"正常","非正常核查原因"))
G14: =IF(F14=0,"",H14/F14) | J14: =IF(ROUND(K14,0)-K14=0,0,"核对") -> 0 | L14: =IF(K14=0,"",M14/K14) | S14: =R14-(M14-N14) -> 0 | T14: =IF(M14-N14=0,"",S14/(M14-N14)*100) | V14: =IF(R14="","",IF(S14=0,"正常","非正常核查原因"))
G15: =IF(F15=0,"",H15/F15) | J15: =IF(ROUND(K15,0)-K15=0,0,"核对") -> 0 | L15: =IF(K15=0,"",M15/K15) | S15: =R15-(M15-N15) -> 0 | T15: =IF(M15-N15=0,"",S15/(M15-N15)*100) | V15: =IF(R15="","",IF(S15=0,"正常","非正常核查原因"))
G16: =IF(F16=0,"",H16/F16) | J16: =IF(ROUND(K16,0)-K16=0,0,"核对") -> 0 | L16: =IF(K16=0,"",M16/K16) | S16: =R16-(M16-N16) -> 0 | T16: =IF(M16-N16=0,"",S16/(M16-N16)*100) | V16: =IF(R16="","",IF(S16=0,"正常","非正常核查原因"))
G17: =IF(F17=0,"",H17/F17) | J17: =IF(ROUND(K17,0)-K17=0,0,"核对") -> 0 | L17: =IF(K17=0,"",M17/K17) | S17: =R17-(M17-N17) -> 0 | T17: =IF(M17-N17=0,"",S17/(M17-N17)*100) | V17: =IF(R17="","",IF(S17=0,"正常","非正常核查原因"))
G18: =IF(F18=0,"",H18/F18) | J18: =IF(ROUND(K18,0)-K18=0,0,"核对") -> 0 | L18: =IF(K18=0,"",M18/K18) | S18: =R18-(M18-N18) -> 0 | T18: =IF(M18-N18=0,"",S18/(M18-N18)*100) | V18: =IF(R18="","",IF(S18=0,"正常","非正常核查原因"))
... G25: =IF(F25=0,"",H25/F25) | J25: =IF(ROUND(K25,0)-K25=0,0,"核对") -> 0 | L25: =IF(K25=0,"",M25/K25) | S25: =R25-(M25-N25) -> 0 | T25: =IF(M25-N25=0,"",S25/(M25-N25)*100) | V25: =IF(R25="","",IF(S25=0,"正常","非正常核查原因"))
J26: =IF(ROUND(K26,0)-K26=0,0,"核对") -> 0 | S26: =R26-(M26-N26) -> 0 | T26: =IF(M26-N26=0,"",S26/(M26-N26)*100) | V26: =IF(R26="","",IF(S26=0,"正常","非正常核查原因"))
A27: 合 计 | H27: =SUM(H7:H26) -> 0 | I27: =SUM(I7:I26) -> 0 | M27: =SUM(M7:M26) -> 0 | N27: =SUM(N7:N26) -> 0 | R27: =SUM(R7:R26) -> 0 | S27: =R27-(M27-N27) -> 0 | T27: =IF(M27-N27=0,"",S27/(M27-N27)*100) | V27: =IF(R27="","",IF(S27=0,"正常","非正常核查原因")) -> 正常
A28: =#REF!&#REF! -> #REF! | P28: ="评估人员："&#REF! -> #REF!
A29: =CONCATENATE(#REF!,#REF!,#REF!,#REF!,#REF!,#REF!,#REF!) -> #REF!
B30: 注1： | C30: 1）正常，无需填写；2）残次，填“A”；3）变质，填“B”；4）毁损，填“C”；5）滞销，填“E”；
C31: 6）积压，填“D”并在备注中填写已积压时间“1年以内”、“1~2年”、“2~3年”、“3年以上”；7）其他情形用文字表述。

Sheet 材料采购（在途物资）
A1: 返回索引页 | B1: 返回
A2: 存货—材料采购（在途物资）评估明细表
A3: =CONCATENATE(#REF!,#REF!,#REF!,#REF!,#REF!,#REF!,#REF!) -> #REF!
A4: =#REF!&#REF! -> #REF! | R4: 金额单位：人民币元
A5: 序号 | B5: 对应核算单位 | C5: 名称及规格型号 | D5: 计量单位 | E5: 审计前账面值 | H5: 跌价准备 | I5: 账面价值 | L5: 跌价准备 | M5: 评估价值 | P5: 增减值 | Q5: 增值率% | R5: 备注
E6: 数量 | F6: 单价 | G6: 金额 | I6: 数量 | J6: 单价 | K6: 金额 | M6: 实际数量 | N6: 单价 | O6: 金额 | S6: 检验
F7: =IF(E7=0,"",G7/E7) | J7: =IF(I7=0,"",K7/I7) | P7: =O7-(K7-L7) -> 0 | Q7: =IF(K7-L7=0,"",P7/(K7-L7)*100) | S7: =IF(O7="","",IF(P7=0,"正常","非正常核查原因"))
F8: =IF(E8=0,"",G8/E8) | J8: =IF(I8=0,"",K8/I8) | P8: =O8-(K8-L8) -> 0 | Q8: =IF(K8-L8=0,"",P8/(K8-L8)*100) | S8: =IF(O8="","",IF(P8=0,"正常","非正常核查原因"))
F9: =IF(E9=0,"",G9/E9) | J9: =IF(I9=0,"",K9/I9) | P9: =O9-(K9-L9) -> 0 | Q9: =IF(K9-L9=0,"",P9/(K9-L9)*100) | S9: =IF(O9="","",IF(P9=0,"正常","非正常核查原因"))
F10: =IF(E10=0,"",G10/E10) | J10: =IF(I10=0,"",K10/I10) | P10: =O10-(K10-L10) -> 0 | Q10: =IF(K10-L10=0,"",P10/(K10-L10)*100) | S10: =IF(O10="","",IF(P10=0,"正常","非正常核查原因"))
F11: =IF(E11=0,"",G11/E11) | J11: =IF(I11=0,"",K11/I11) | P11: =O11-(K11-L11) -> 0 | Q11: =IF(K11-L11=0,"",P11/(K11-L11)*100) | S11: =IF(O11="","",IF(P11=0,"正常","非正常核查原因"))
F12: =IF(E12=0,"",G12/E12) | J12: =IF(I12=0,"",K12/I12) | P12: =O12-(K12-L12) -> 0 | Q12: =IF(K12-L12=0,"",P12/(K12-L12)*100) | S12: =IF(O12="","",IF(P12=0,"正常","非正常核查原因"))
F13: =IF(E13=0,"",G13/E13) | J13: =IF(I13=0,"",K13/I13) | P13: =O13-(K13-L13) -> 0 | Q13: =IF(K13-L13=0,"",P13/(K13-L13)*100) | S13: =IF(O13="","",IF(P13=0,"正常","非正常核查原因"))
F14: =IF(E14=0,"",G14/E14) | J14: =IF(I14=0,"",K14/I14) | P14: =O14-(K14-L14) -> 0 | Q14: =IF(K14-L14=0,"",P14/(K14-L14)*100) | S14: =IF(O14="","",IF(P14=0,"正常","非正常核查原因"))
F15: =IF(E15=0,"",G15/E15) | J15: =IF(I15=0,"",K15/I15) | P15: =O15-(K15-L15) -> 0 | Q15: =IF(K15-L15=0,"",P15/(K15-L15)*100) | S15: =IF(O15="","",IF(P15=0,"正常","非正常核查原因"))
F16: =IF(E16=0,"",G16/E16) | J16: =IF(I16=0,"",K16/I16) | P16: =O16-(K16-L16) -> 0 | Q16: =IF(K16-L16=0,"",P16/(K16-L16)*100) | S16: =IF(O16="","",IF(P16=0,"正常","非正常核查原因"))
F17: =IF(E17=0,"",G17/E17) | J17: =IF(I17=0,"",K17/I17) | P17: =O17-(K17-L17) -> 0 | Q17: =IF(K17-L17=0,"",P17/(K17-L17)*100) | S17: =IF(O17="","",IF(P17=0,"正常","非正常核查原因"))
F18: =IF(E18=0,"",G18/E18) | J18: =IF(I18=0,"",K18/I18) | P18: =O18-(K18-L18) -> 0 | Q18: =IF(K18-L18=0,"",P18/(K18-L18)*100) | S18: =IF(O18="","",IF(P18=0,"正常","非正常核查原因"))
... F25: =IF(E25=0,"",G25/E25) | J25: =IF(I25=0,"",K25/I25) | P25: =O25-(K25-L25) -> 0 | Q25: =IF(K25-L25=0,"",P25/(K25-L25)*100) | S25: =IF(O25="","",IF(P25=0,"正常","非正常核查原因"))
P26: =O26-(K26-L26) -> 0 | Q26: =IF(K26-L26=0,"",P26/(K26-L26)*100) | S26: =IF(O26="","",IF(P26=0,"正常","非正常核查原因"))
A27: 合 计 | G27: =SUM(G7:G26) -> 0 | H27: =SUM(H7:H26) -> 0 | K27: =SUM(K7:K26) -> 0 | L27: =SUM(L7:L26) -> 0 | O27: =SUM(O7:O26) -> 0 | P27: =O27-(K27-L27) -> 0 | Q27: =IF(K27-L27=0,"",P27/(K27-L27)*100) | S27: =IF(O27="","",IF(P27=0,"正常","非正常核查原因")) -> 正常
A28: =#REF!&#REF! -> #REF! | M28: ="评估人员："&#REF! -> #REF!
A29: =CONCATENATE(#REF!,#REF!,#REF!,#REF!,#REF!,#REF!,#REF!) -> #REF!

Sheet 在库低值易耗品
A1: 返回索引页 | B1: 返回
A2: 存货—在库低值易耗品评估明细表
A3: =CONCATENATE(#REF!,#REF!,#REF!,#REF!,#REF!,#REF!,#REF!) -> #REF!
A4: =#REF!&#REF! -> #REF! | R4: 金额单位：人民币元
A5: 序号 | B5: 对应核算单位 | C5: 名称及规格型号 | D5: 计量单位 | E5: 审计前账面值 | H5: 跌价准备 | I5: 账面价值 | L5: 跌价准备 | M5: 评估价值 | P5: 增减值 | Q5: 增值率% | R5: 备注
E6: 数量 | F6: 单价 | G6: 金额 | I6: 数量 | J6: 单价 | K6: 金额 | M6: 实际数量 | N6: 单价 | O6: 金额 | S6: 检验
F7: =IF(E7=0,"",G7/E7) | J7: =IF(I7=0,"",K7/I7) | P7: =O7-(K7-L7) -> 0 | Q7: =IF(K7-L7=0,"",P7/(K7-L7)*100) | S7: =IF(O7="","",IF(P7=0,"正常","非正常核查原因"))
F8: =IF(E8=0,"",G8/E8) | J8: =IF(I8=0,"",K8/I8) | P8: =O8-(K8-L8) -> 0 | Q8: =IF(K8-L8=0,"",P8/(K8-L8)*100) | S8: =IF(O8="","",IF(P8=0,"正常","非正常核查原因"))
F9: =IF(E9=0,"",G9/E9) | J9: =IF(I9=0,"",K9/I9) | P9: =O9-(K9-L9) -> 0 | Q9: =IF(K9-L9=0,"",P9/(K9-L9)*100) | S9: =IF(O9="","",IF(P9=0,"正常","非正常核查原因"))
F10: =IF(E10=0,"",G10/E10) | J10: =IF(I10=0,"",K10/I10) | P10: =O10-(K10-L10) -> 0 | Q10: =IF(K10-L10=0,"",P10/(K10-L10)*100) | S10: =IF(O10="","",IF(P10=0,"正常","非正常核查原因"))
F11: =IF(E11=0,"",G11/E11) | J11: =IF(I11=0,"",K11/I11) | P11: =O11-(K11-L11) -> 0 | Q11: =IF(K11-L11=0,"",P11/(K11-L11)*100) | S11: =IF(O11="","",IF(P11=0,"正常","非正常核查原因"))
F12: =IF(E12=0,"",G12/E12) | J12: =IF(I12=0,"",K12/I12) | P12: =O12-(K12-L12) -> 0 | Q12: =IF(K12-L12=0,"",P12/(K12-L12)*100) | S12: =IF(O12="","",IF(P12=0,"正常","非正常核查原因"))
F13: =IF(E13=0,"",G13/E13) | J13: =IF(I13=0,"",K13/I13) | P13: =O13-(K13-L13) -> 0 | Q13: =IF(K13-L13=0,"",P13/(K13-L13)*100) | S13: =IF(O13="","",IF(P13=0,"正常","非正常核查原因"))
F14: =IF(E14=0,"",G14/E14) | J14: =IF(I14=0,"",K14/I14) | P14: =O14-(K14-L14) -> 0 | Q14: =IF(K14-L14=0,"",P14/(K14-L14)*100) | S14: =IF(O14="","",IF(P14=0,"正常","非正常核查原因"))
F15: =IF(E15=0,"",G15/E15) | J15: =IF(I15=0,"",K15/I15) | P15: =O15-(K15-L15) -> 0 | Q15: =IF(K15-L15=0,"",P15/(K15-L15)*100) | S15: =IF(O15="","",IF(P15=0,"正常","非正常核查原因"))
F16: =IF(E16=0,"",G16/E16) | J16: =IF(I16=0,"",K16/I16) | P16: =O16-(K16-L16) -> 0 | Q16: =IF(K16-L16=0,"",P16/(K16-L16)*100) | S16: =IF(O16="","",IF(P16=0,"正常","非正常核查原因"))
F17: =IF(E17=0,"",G17/E17) | J17: =IF(I17=0,"",K17/I17) | P17: =O17-(K17-L17) -> 0 | Q17: =IF(K17-L17=0,"",P17/(K17-L17)*100) | S17: =IF(O17="","",IF(P17=0,"正常","非正常核查原因"))
F18: =IF(E18=0,"",G18/E18) | J18: =IF(I18=0,"",K18/I18) | P18: =O18-(K18-L18) -> 0 | Q18: =IF(K18-L18=0,"",P18/(K18-L18)*100) | S18: =IF(O18="","",IF(P18=0,"正常","非正常核查原因"))
... F25: =IF(E25=0,"",G25/E25) | J25: =IF(I25=0,"",K25/I25) | P25: =O25-(K25-L25) -> 0 | Q25: =IF(K25-L25=0,"",P25/(K25-L25)*100) | S25: =IF(O25="","",IF(P25=0,"正常","非正常核查原因"))
P26: =O26-(K26-L26) -> 0 | Q26: =IF(K26-L26=0,"",P26/(K26-L26)*100) | S26: =IF(O26="","",IF(P26=0,"正常","非正常核查原因"))
A27: 合 计 | G27: =SUM(G7:G26) -> 0 | H27: =SUM(H7:H26) -> 0 | K27: =SUM(K7:K26) -> 0 | L27: =SUM(L7:L26) -> 0 | O27: =SUM(O7:O26) -> 0 | P27: =O27-(K27-L27) -> 0 | Q27: =IF(K27-L27=0,"",P27/(K27-L27)*100) | S27: =IF(O27="","",IF(P27=0,"正常","非正常核查原因")) -> 正常
A28: =#REF!&#REF! -> #REF! | M28: ="评估人员："&#REF! -> #REF!
A29: =CONCATENATE(#REF!,#REF!,#REF!,#REF!,#REF!,#REF!,#REF!) -> #REF!

Sheet 包装物
A1: 返回索引页 | B1: 返回
A2: 存货—包装物（库存物资）评估明细表
A3: =CONCATENATE(#REF!,#REF!,#REF!,#REF!,#REF!,#REF!,#REF!) -> #REF!
A4: =#REF!&#REF! -> #REF! | R4: 金额单位：人民币元
A5: 序号 | B5: 对应核算单位 | C5: 名称及规格型号 | D5: 计量单位 | E5: 审计前账面值 | H5: 跌价准备 | I5: 账面价值 | L5: 跌价准备 | M5: 评估价值 | P5: 增减值 | Q5: 增值率% | R5: 备注
E6: 数量 | F6: 单价 | G6: 金额 | I6: 数量 | J6: 单价 | K6: 金额 | M6: 实际数量 | N6: 单价 | O6: 金额 | S6: 检验
F7: =IF(E7=0,"",G7/E7) | J7: =IF(I7=0,"",K7/I7) | P7: =O7-(K7-L7) -> 0 | Q7: =IF(K7-L7=0,"",P7/(K7-L7)*100) | S7: =IF(O7="","",IF(P7=0,"正常","非正常核查原因"))
F8: =IF(E8=0,"",G8/E8) | J8: =IF(I8=0,"",K8/I8) | P8: =O8-(K8-L8) -> 0 | Q8: =IF(K8-L8=0,"",P8/(K8-L8)*100) | S8: =IF(O8="","",IF(P8=0,"正常","非正常核查原因"))
F9: =IF(E9=0,"",G9/E9) | J9: =IF(I9=0,"",K9/I9) | P9: =O9-(K9-L9) -> 0 | Q9: =IF(K9-L9=0,"",P9/(K9-L9)*100) | S9: =IF(O9="","",IF(P9=0,"正常","非正常核查原因"))
F10: =IF(E10=0,"",G10/E10) | J10: =IF(I10=0,"",K10/I10) | P10: =O10-(K10-L10) -> 0 | Q10: =IF(K10-L10=0,"",P10/(K10-L10)*100) | S10: =IF(O10="","",IF(P10=0,"正常","非正常核查原因"))
F11: =IF(E11=0,"",G11/E11) | J11: =IF(I11=0,"",K11/I11) | P11: =O11-(K11-L11) -> 0 | Q11: =IF(K11-L11=0,"",P11/(K11-L11)*100) | S11: =IF(O11="","",IF(P11=0,"正常","非正常核查原因"))
F12: =IF(E12=0,"",G12/E12) | J12: =IF(I12=0,"",K12/I12) | P12: =O12-(K12-L12) -> 0 | Q12: =IF(K12-L12=0,"",P12/(K12-L12)*100) | S12: =IF(O12="","",IF(P12=0,"正常","非正常核查原因"))
F13: =IF(E13=0,"",G13/E13) | J13: =IF(I13=0,"",K13/I13) | P13: =O13-(K13-L13) -> 0 | Q13: =IF(K13-L13=0,"",P13/(K13-L13)*100) | S13: =IF(O13="","",IF(P13=0,"正常","非正常核查原因"))
F14: =IF(E14=0,"",G14/E14) | J14: =IF(I14=0,"",K14/I14) | P14: =O14-(K14-L14) -> 0 | Q14: =IF(K14-L14=0,"",P14/(K14-L14)*100) | S14: =IF(O14="","",IF(P14=0,"正常","非正常核查原因"))
F15: =IF(E15=0,"",G15/E15) | J15: =IF(I15=0,"",K15/I15) | P15: =O15-(K15-L15) -> 0 | Q15: =IF(K15-L15=0,"",P15/(K15-L15)*100) | S15: =IF(O15="","",IF(P15=0,"正常","非正常核查原因"))
F16: =IF(E16=0,"",G16/E16) | J16: =IF(I16=0,"",K16/I16) | P16: =O16-(K16-L16) -> 0 | Q16: =IF(K16-L16=0,"",P16/(K16-L16)*100) | S16: =IF(O16="","",IF(P16=0,"正常","非正常核查原因"))
F17: =IF(E17=0,"",G17/E17) | J17: =IF(I17=0,"",K17/I17) | P17: =O17-(K17-L17) -> 0 | Q17: =IF(K17-L17=0,"",P17/(K17-L17)*100) | S17: =IF(O17="","",IF(P17=0,"正常","非正常核查原因"))
F18: =IF(E18=0,"",G18/E18) | J18: =IF(I18=0,"",K18/I18) | P18: =O18-(K18-L18) -> 0 | Q18: =IF(K18-L18=0,"",P18/(K18-L18)*100) | S18: =IF(O18="","",IF(P18=0,"正常","非正常核查原因"))
... F25: =IF(E25=0,"",G25/E25) | J25: =IF(I25=0,"",K25/I25) | P25: =O25-(K25-L25) -> 0 | Q25: =IF(K25-L25=0,"",P25/(K25-L25)*100) | S25: =IF(O25="","",IF(P25=0,"正常","非正常核查原因"))
P26: =O26-(K26-L26) -> 0 | Q26: =IF(K26-L26=0,"",P26/(K26-L26)*100) | S26: =IF(O26="","",IF(P26=0,"正常","非正常核查原因"))
A27: 合 计 | G27: =SUM(G7:G26) -> 0 | H27: =SUM(H7:H26) -> 0 | K27: =SUM(K7:K26) -> 0 | L27: =SUM(L7:L26) -> 0 | O27: =SUM(O7:O26) -> 0 | P27: =O27-(K27-L27) -> 0 | Q27: =IF(K27-L27=0,"",P27/(K27-L27)*100) | S27: =IF(O27="","",IF(P27=0,"正常","非正常核查原因")) -> 正常
A28: =#REF!&#REF! -> #REF! | M28: ="评估人员："&#REF! -> #REF!
A29: =CONCATENATE(#REF!,#REF!,#REF!,#REF!,#REF!,#REF!,#REF!) -> #REF!
B30: 注1： | C30: 1）正常，无需填写；2）残次，填“A”；3）变质，填“B”；4）毁损，填“C”；5）滞销，填“E”；
C31: 6）积压，填“D”并在备注中填写已积压时间“1年以内”、“1~2年”、“2~3年”、“3年以上”；7）其他情形用文字表述。

Sheet 委托加工物资
A1: 返回索引页 | B1: 返回
A2: 存货—委托加工物资评估明细表
A3: =CONCATENATE(#REF!,#REF!,#REF!,#REF!,#REF!,#REF!,#REF!) -> #REF!
A4: =#REF!&#REF! -> #REF! | S4: 金额单位：人民币元
A5: 序号 | B5: 对应核算单位 | C5: 名称及规格型号 | D5: 加工单位名称 | E5: 计量单位 | F5: 审计前账面值 | I5: 跌价准备 | J5: 账面价值 | M5: 跌价准备 | N5: 评估价值 | Q5: 增减值 | R5: 增值率% | S5: 备注
F6: 数量 | G6: 单价 | H6: 金额 | J6: 数量 | K6: 单价 | L6: 金额 | N6: 实际数量 | O6: 单价 | P6: 金额 | T6: 检验
G7: =IF(F7=0,"",H7/F7) | K7: =IF(J7=0,"",L7/J7) | Q7: =P7-(L7-M7) -> 0 | R7: =IF(L7-M7=0,"",Q7/(L7-M7)*100) | T7: =IF(P7="","",IF(Q7=0,"正常","非正常核查原因"))
G8: =IF(F8=0,"",H8/F8) | K8: =IF(J8=0,"",L8/J8) | Q8: =P8-(L8-M8) -> 0 | R8: =IF(L8-M8=0,"",Q8/(L8-M8)*100) | T8: =IF(P8="","",IF(Q8=0,"正常","非正常核查原因"))
G9: =IF(F9=0,"",H9/F9) | K9: =IF(J9=0,"",L9/J9) | Q9: =P9-(L9-M9) -> 0 | R9: =IF(L9-M9=0,"",Q9/(L9-M9)*100) | T9: =IF(P9="","",IF(Q9=0,"正常","非正常核查原因"))
G10: =IF(F10=0,"",H10/F10) | K10: =IF(J10=0,"",L10/J10) | Q10: =P10-(L10-M10) -> 0 | R10: =IF(L10-M10=0,"",Q10/(L10-M10)*100) | T10: =IF(P10="","",IF(Q10=0,"正常","非正常核查原因"))
G11: =IF(F11=0,"",H11/F11) | K11: =IF(J11=0,"",L11/J11) | Q11: =P11-(L11-M11) -> 0 | R11: =IF(L11-M11=0,"",Q11/(L11-M11)*100) | T11: =IF(P11="","",IF(Q11=0,"正常","非正常核查原因"))
G12: =IF(F12=0,"",H12/F12) | K12: =IF(J12=0,"",L12/J12) | Q12: =P12-(L12-M12) -> 0 | R12: =IF(L12-M12=0,"",Q12/(L12-M12)*100) | T12: =IF(P12="","",IF(Q12=0,"正常","非正常核查原因"))
G13: =IF(F13=0,"",H13/F13) | K13: =IF(J13=0,"",L13/J13) | Q13: =P13-(L13-M13) -> 0 | R13: =IF(L13-M13=0,"",Q13/(L13-M13)*100) | T13: =IF(P13="","",IF(Q13=0,"正常","非正常核查原因"))
G14: =IF(F14=0,"",H14/F14) | K14: =IF(J14=0,"",L14/J14) | Q14: =P14-(L14-M14) -> 0 | R14: =IF(L14-M14=0,"",Q14/(L14-M14)*100) | T14: =IF(P14="","",IF(Q14=0,"正常","非正常核查原因"))
G15: =IF(F15=0,"",H15/F15) | K15: =IF(J15=0,"",L15/J15) | Q15: =P15-(L15-M15) -> 0 | R15: =IF(L15-M15=0,"",Q15/(L15-M15)*100) | T15: =IF(P15="","",IF(Q15=0,"正常","非正常核查原因"))
G16: =IF(F16=0,"",H16/F16) | K16: =IF(J16=0,"",L16/J16) | Q16: =P16-(L16-M16) -> 0 | R16: =IF(L16-M16=0,"",Q16/(L16-M16)*100) | T16: =IF(P16="","",IF(Q16=0,"正常","非正常核查原因"))
G17: =IF(F17=0,"",H17/F17) | K17: =IF(J17=0,"",L17/J17) | Q17: =P17-(L17-M17) -> 0 | R17: =IF(L17-M17=0,"",Q17/(L17-M17)*100) | T17: =IF(P17="","",IF(Q17=0,"正常","非正常核查原因"))
G18: =IF(F18=0,"",H18/F18) | K18: =IF(J18=0,"",L18/J18) | Q18: =P18-(L18-M18) -> 0 | R18: =IF(L18-M18=0,"",Q18/(L18-M18)*100) | T18: =IF(P18="","",IF(Q18=0,"正常","非正常核查原因"))
... G25: =IF(F25=0,"",H25/F25) | K25: =IF(J25=0,"",L25/J25) | Q25: =P25-(L25-M25) -> 0 | R25: =IF(L25-M25=0,"",Q25/(L25-M25)*100) | T25: =IF(P25="","",IF(Q25=0,"正常","非正常核查原因"))
Q26: =P26-(L26-M26) -> 0 | R26: =IF(L26-M26=0,"",Q26/(L26-M26)*100) | T26: =IF(P26="","",IF(Q26=0,"正常","非正常核查原因"))
A27: 合 计 | H27: =SUM(H7:H26) -> 0 | I27: =SUM(I7:I26) -> 0 | L27: =SUM(L7:L26) -> 0 | M27: =SUM(M7:M26) -> 0 | P27: =SUM(P7:P26) -> 0 | Q27: =P27-(L27-M27) -> 0 | R27: =IF(L27-M27=0,"",Q27/(L27-M27)*100) | T27: =IF(P27="","",IF(Q27=0,"正常","非正常核查原因")) -> 正常
A28: =#REF!&#REF! -> #REF! | N28: ="评估人员："&#REF! -> #REF!
A29: =CONCATENATE(#REF!,#REF!,#REF!,#REF!,#REF!,#REF!,#REF!) -> #REF!

Sheet 产成品（库存商品）
A1: 返回索引页 | B1: 返回
A2: 存货—产成品（库存商品、开发产品、农产品）评估明细表
A3: =CONCATENATE(#REF!,#REF!,#REF!,#REF!,#REF!,#REF!,#REF!) -> #REF!
A4: =#REF!&#REF! -> #REF! | Y4: 金额单位：人民币元
A5: 序号 | B5: 对应核算单位 | C5: 名称 | D5: 规格型号 | E5: 适销程度 | F5: 评估基准日出厂价(不含税) | G5: 计量 单位 | H5: 审计前账面值 | L5: 跌价准备 | M5: 账面价值 | Q5: 本月均价 | R5: 跌价准备 | S5: 评估价值 | W5: 增减值 | X5: 增值率% | Y5: 备注
H6: 数量 | I6: 外币单价 | J6: 单价 | K6: 金额 | M6: 数量 | N6: 外币单价 | O6: 单价 | P6: 金额 | S6: 实际数量 | T6: 外币单价 | U6: 单价 | V6: 金额 | Z6: 检验
J7: =IF(H7=0,"",K7/H7) | O7: =IF(M7=0,"",P7/M7) | W7: =V7-(P7-R7) -> 0 | X7: =IF(P7-R7=0,"",W7/(P7-R7)*100) | Z7: =IF(X7="","正常",IF(ABS(X7)>=30,"非正常核查原因","正常")) -> 正常
J8: =IF(H8=0,"",K8/H8) | O8: =IF(M8=0,"",P8/M8) | W8: =V8-(P8-R8) -> 0 | X8: =IF(P8-R8=0,"",W8/(P8-R8)*100) | Z8: =IF(X8="","正常",IF(ABS(X8)>=30,"非正常核查原因","正常")) -> 正常
J9: =IF(H9=0,"",K9/H9) | O9: =IF(M9=0,"",P9/M9) | W9: =V9-(P9-R9) -> 0 | X9: =IF(P9-R9=0,"",W9/(P9-R9)*100) | Z9: =IF(X9="","正常",IF(ABS(X9)>=30,"非正常核查原因","正常")) -> 正常
J10: =IF(H10=0,"",K10/H10) | O10: =IF(M10=0,"",P10/M10) | W10: =V10-(P10-R10) -> 0 | X10: =IF(P10-R10=0,"",W10/(P10-R10)*100) | Z10: =IF(X10="","正常",IF(ABS(X10)>=30,"非正常核查原因","正常")) -> 正常
J11: =IF(H11=0,"",K11/H11) | O11: =IF(M11=0,"",P11/M11) | W11: =V11-(P11-R11) -> 0 | X11: =IF(P11-R11=0,"",W11/(P11-R11)*100) | Z11: =IF(X11="","正常",IF(ABS(X11)>=30,"非正常核查原因","正常")) -> 正常
J12: =IF(H12=0,"",K12/H12) | O12: =IF(M12=0,"",P12/M12) | W12: =V12-(P12-R12) -> 0 | X12: =IF(P12-R12=0,"",W12/(P12-R12)*100) | Z12: =IF(X12="","正常",IF(ABS(X12)>=30,"非正常核查原因","正常")) -> 正常
J13: =IF(H13=0,"",K13/H13) | O13: =IF(M13=0,"",P13/M13) | W13: =V13-(P13-R13) -> 0 | X13: =IF(P13-R13=0,"",W13/(P13-R13)*100) | Z13: =IF(X13="","正常",IF(ABS(X13)>=30,"非正常核查原因","正常")) -> 正常
J14: =IF(H14=0,"",K14/H14) | O14: =IF(M14=0,"",P14/M14) | W14: =V14-(P14-R14) -> 0 | X14: =IF(P14-R14=0,"",W14/(P14-R14)*100) | Z14: =IF(X14="","正常",IF(ABS(X14)>=30,"非正常核查原因","正常")) -> 正常
J15: =IF(H15=0,"",K15/H15) | O15: =IF(M15=0,"",P15/M15) | W15: =V15-(P15-R15) -> 0 | X15: =IF(P15-R15=0,"",W15/(P15-R15)*100) | Z15: =IF(X15="","正常",IF(ABS(X15)>=30,"非正常核查原因","正常")) -> 正常
J16: =IF(H16=0,"",K16/H16) | O16: =IF(M16=0,"",P16/M16) | W16: =V16-(P16-R16) -> 0 | X16: =IF(P16-R16=0,"",W16/(P16-R16)*100) | Z16: =IF(X16="","正常",IF(ABS(X16)>=30,"非正常核查原因","正常")) -> 正常
J17: =IF(H17=0,"",K17/H17) | O17: =IF(M17=0,"",P17/M17) | W17: =V17-(P17-R17) -> 0 | X17: =IF(P17-R17=0,"",W17/(P17-R17)*100) | Z17: =IF(X17="","正常",IF(ABS(X17)>=30,"非正常核查原因","正常")) -> 正常
J18: =IF(H18=0,"",K18/H18) | O18: =IF(M18=0,"",P18/M18) | W18: =V18-(P18-R18) -> 0 | X18: =IF(P18-R18=0,"",W18/(P18-R18)*100) | Z18: =IF(X18="","正常",IF(ABS(X18)>=30,"非正常核查原因","正常")) -> 正常
... J25: =IF(H25=0,"",K25/H25) | O25: =IF(M25=0,"",P25/M25) | W25: =V25-(P25-R25) -> 0 | X25: =IF(P25-R25=0,"",W25/(P25-R25)*100) | Z25: =IF(X25="","正常",IF(ABS(X25)>=30,"非正常核查原因","正常")) -> 正常
W26: =V26-(P26-R26) -> 0 | X26: =IF(P26-R26=0,"",W26/(P26-R26)*100) | Z26: =IF(X26="","正常",IF(ABS(X26)>=30,"非正常核查原因","正常")) -> 正常
A27: 合 计 | K27: =SUM(K7:K26) -> 0 | L27: =SUM(L7:L26) -> 0 | P27: =SUM(P7:P26) -> 0 | R27: =SUM(R7:R26) -> 0 | V27: =SUM(V7:V26) -> 0 | W27: =V27-(P27-R27) -> 0 | X27: =IF(P27-R27=0,"",W27/(P27-R27)*100) | Z27: =IF(X27="","正常",IF(ABS(X27)>=30,"非正常核查原因","正常")) -> 正常
A28: =#REF!&#REF! -> #REF! | S28: ="评估人员："&#REF! -> #REF!
A29: =CONCATENATE(#REF!,#REF!,#REF!,#REF!,#REF!,#REF!,#REF!) -> #REF!
B30: 注1： | C30: 1）正常，无需填写；2）残次，填“A”；3）变质，填“B”；4）毁损，填“C”；5）滞销，填“E”；
C31: 6）积压，填“D”并在备注中填写已积压时间“1年以内”、“1~2年”、“2~3年”、“3年以上”；7）其他情形用文字表述。

Sheet 产成品评估过程表(倒扣法)
A1: 成本途径存货——[产成品( )在产品( )发出商品（ ） ]作业分析表
A2: =#REF!&#REF! -> #REF! | G2: 索引号: | H2: C3-9-6 | Y2: =CONCATENATE(#REF!,#REF!,#REF!,#REF!,#REF!,#REF!,#REF!) -> #REF! | BB2: 金额单位：人民币元 页次：共 页第 页
A3: 序号 | B3: 名称 | C3: 规格型号 | D3: 计量单位 | E3: 账面价值 | H3: 调整后账面值 | I3: 基准日至 年 月 日财务 | L3: 年 月 日至盘点日 | N3: 盘点日 | P3: 抽查盘盈(+)/亏(-) | R3: 品质状况 | W3: 存货类别 | X3: 约当量 | Y3: 被询价人或单位 | AA3: 询价结果 | AU3: 评估价值 | BA3: 交叉索引号 | BB3: 备注
E4: 数量 | F4: 单价 | G4: 金额 | I4: 出库 数量 | J4: 入库 数量 | K4: 余额 | L4: 出库 数量 | M4: 入库 数量 | N4: 应存 数量 | O4: 实存 数量 | P4: 数量 | Q4: 金额 | R4: 正常 | S4: 残次 | T4: 毁损 | U4: 滞销 | V4: 非 正常 | Y4: 名称 | Z4: 询价途径 | AA4: 含税售价 | AB4: 增值税率 | AC4: 不含税售价 | AD4: 销售税金（％） | AE4: 销售费用（％） | AF4: 管理费用（％） | AG4: 财务费用（％） | AH4: 经营利润 | AI4: 所得税率 | AJ4: 所得税与销售收入比例 | AK4: 所得税计算方法 | AL4: 所得税 | AM4: 销售净利润率% | AN4: 净利润计算方法 | AO4: 净利润 | AP4: 净利润折减率（％） | AQ4: 净利润折减 | AR4: 出口退税率 | AS4: 出口退税 | AT4: 小计 | AU4: 数量 | AV4: 单价 | AW4: 金额 | AX4: 增减值 | AY4: 增减值率 | AZ4: 增减值分析
A5: 1 | B5: 风机（蒙古客户） | C5: 10KW | D5: 套 | E5: 3 | F5: =G5/E5 -> 23815.393 | G5: 71446.18 | H5: 71446.18 | I5: 4 | J5: 7 | K5: =E5-I5+J5 -> 6 | W5: 产成品 | X5: 1 | AA5: 45000 | AB5: 0.17 | AC5: =AA5/(1+AB5) -> 38461.538 | AD5: ='存货（产成品）费率参数测算表'!O7 -> 0.0029877763 | AE5: ='存货（产成品）费率参数测算表'!O8 -> 0.072535599 | AF5: ='存货（产成品）费率参数测算表'!O9 -> 0.1604069 | AG5: ='存货（产成品）费率参数测算表'!O10 -> 4.9152132e-05 | AH5: =AC5*(1-AD5-AE5-AF5-AG5)-F5 -> 5570.0133 | AI5: 0.25 | AJ5: ='存货（产成品）费率参数测算表'!O11 -> 0.00039424237 | AK5: 利润表计算法 | AL5: =IF(AK5="利润表计算法",IF(AH5<0,0,AH5*AI5),AC5*AJ5) -> 1392.5033 | AM5: ='存货（产成品）费率参数测算表'!O12 -> 0.00076488025 | AN5: 利润表计算法 | AO5: =IF(AN5="利润表计算法",IF(AH5<0,0,AH5*(1-AI5)),AC5*AM5) -> 4177.51 | AP5: ='存货（产成品）费率参数测算表'!O13 -> 0.28571429 | AQ5: =AO5*AP5 -> 1193.5743 | AR5: =728689.81/7886182.53 -> 0.09240083 | AS5: =AC5*AR5 -> 3553.8781 | AT5: =IF(W5="发出商品",AC5*(1-AD5)-AL5+AS5,IF(AO5<0,AC5*(1-AD5-AE5)+AS5,AC5*(1-AD5-AE5)-AL5-AQ5+AS5)) -> 36524.594 | AU5: =E5 -> 3 | AV5: =AT5 -> 36524.594 | AW5: =ROUND(AU5*AV5,2) -> 109573.78 | AX5: =AW5-G5 -> 38127.6 | AY5: =AX5/G5 -> 0.53365484 | AZ5: =IF(AY5>0.3,"核实",IF(AY5<-0.3,"核实","")) -> 核实
A6: 2 | B6: 风机（德国客户） | C6: 3KW | D6: 套 | E6: 1 | F6: =G6/E6 -> 68497.15 | G6: 68497.15 | H6: 68497.15 | W6: 产成品 | X6: 1 | AA6: 98000 | AB6: 0.17 | AC6: =AA6/(1+AB6) -> 83760.684 | AD6: =AD5 -> 0.0029877763 | AE6: =AE5 -> 0.072535599 | AF6: =AF5 -> 0.1604069 | AG6: =AG5 -> 4.9152132e-05 | AH6: =AC6*(1-AD6-AE6-AF6-AG6)-F6 -> -4502.2645 | AI6: 0.25 | AJ6: =AJ5 -> 0.00039424237 | AK6: 利润表计算法 | AL6: =IF(AK6="利润表计算法",IF(AH6<0,0,AH6*AI6),AC6*AJ6) -> 0 | AM6: =AM5 -> 0.00076488025 | AN6: 净利润比率法 | AO6: =IF(AN6="利润表计算法",IF(AH6<0,0,AH6*(1-AI6)),AC6*AM6) -> 64.066893 | AP6: =AP5 -> 0.28571429 | AQ6: =AO6*AP6 -> 18.304827 | AR6: =728689.81/7886182.53 -> 0.09240083 | AS6: =AC6*AR6 -> 7739.5567 | AT6: =IF(W6="发出商品",AC6*(1-AD6)-AL6+AS6,IF(AO6<0,AC6*(1-AD6-AE6)+AS6,AC6*(1-AD6-AE6)-AL6-AQ6+AS6)) -> 85156.046 | AU6: =E6 -> 1 | AV6: =AT6 -> 85156.046 | AW6: =ROUND(AU6*AV6,2) -> 85156.05 | AX6: =AW6-G6 -> 16658.9 | AY6: =AX6/G6 -> 0.24320574 | AZ6: =IF(AY6>0.3,"核实",IF(AY6<-0.3,"核实",""))
AZ7: =IF(AY7>0.3,"核实",IF(AY7<-0.3,"核实",""))
AZ8: =IF(AY8>0.3,"核实",IF(AY8<-0.3,"核实",""))
AZ9: =IF(AY9>0.3,"核实",IF(AY9<-0.3,"核实",""))
AZ10: =IF(AY10>0.3,"核实",IF(AY10<-0.3,"核实",""))
AZ11: =IF(AY11>0.3,"核实",IF(AY11<-0.3,"核实",""))
AZ12: =IF(AY12>0.3,"核实",IF(AY12<-0.3,"核实",""))
AZ13: =IF(AY13>0.3,"核实",IF(AY13<-0.3,"核实",""))
AZ14: =IF(AY14>0.3,"核实",IF(AY14<-0.3,"核实",""))
AZ15: =IF(AY15>0.3,"核实",IF(AY15<-0.3,"核实",""))
AZ16: =IF(AY16>0.3,"核实",IF(AY16<-0.3,"核实",""))
AZ17: =IF(AY17>0.3,"核实",IF(AY17<-0.3,"核实",""))
AZ18: =IF(AY18>0.3,"核实",IF(AY18<-0.3,"核实",""))
... AZ20: =IF(AY20>0.3,"核实",IF(AY20<-0.3,"核实",""))
A21: 本页小计 | AZ21: =IF(AY21>0.3,"核实",IF(AY21<-0.3,"核实",""))
A22: 合 计 | G22: =SUM(G5:G21) -> 139943.33 | H22: =SUM(H5:H21) -> 139943.33 | AW22: =SUM(AW5:AW21) -> 194729.83 | AZ22: =IF(AY22>0.3,"核实",IF(AY22<-0.3,"核实",""))
A23: 评估说明：
B26: 评估人员：BBB | E26: 清查日期：2019年3月5日 | W26: 复核人员：CCC | BB26: 复核日期：2019年3月25日
A27: 填表说明：
A28: 1、本表是按照存货自制的成本途径设计的作业分析类底稿，适用于所有通过自制途径取得的存货清查评估专用。如：自制半成品、在产品、产成品等。存货作业分析表中参数测算过程栏是按照评估规范对产成品评估售价法（倒算法）设计，基本与评估公式相同。
A29: 2、“畅销程度”栏应按照评估操作规范的规定，分别在清查后填写：十分畅销、正常销售、勉强销售、滞销积压等情况。

Sheet 成本途径存货——产成品分析表(倒扣整体法)
A1: 成本途径存货——[产成品( )在产品( )发出商品（ ） ]作业分析表
A2: =#REF!&#REF! -> #REF! | G2: 索引号: | H2: C3-9-6 | Y2: =CONCATENATE(#REF!,#REF!,#REF!,#REF!,#REF!,#REF!,#REF!) -> #REF! | AP2: 金额单位：人民币元 页次：共 页第 页
A3: 序号 | B3: 名称 | C3: 规格型号 | D3: 计量单位 | E3: 账面价值 | H3: 调整后账面值 | I3: 基准日至 年 月 日财务 | L3: 年 月 日至盘点日 | N3: 盘点日 | P3: 抽查盘盈(+)/亏(-) | R3: 品质状况 | W3: 存货类别 | X3: 约当量 | Y3: 被询价人或单位 | AA3: 询价结果 | AI3: 评估价值 | AO3: 交叉索引号 | AP3: 备注
E4: 数量 | F4: 单价 | G4: 金额 | I4: 出库 数量 | J4: 入库 数量 | K4: 余额 | L4: 出库 数量 | M4: 入库 数量 | N4: 应存 数量 | O4: 实存 数量 | P4: 数量 | Q4: 金额 | R4: 正常 | S4: 残次 | T4: 毁损 | U4: 滞销 | V4: 非 正常 | Y4: 名称 | Z4: 询价途径 | AA4: 含税售价 | AB4: 增值税率 | AC4: 不含税售价 | AD4: 销售税金（％） | AE4: 销售费用（％） | AF4: 管理费用（％） | AG4: 财务费用（％） | AH4: 经营利润 | AI4: 数量 | AJ4: 不扣除所得税适当利润评估单价 | AK4: 金额 | AL4: 增减值 | AM4: 增减值率 | AN4: 增减值分析
A5: 1 | B5: 风机（蒙古客户） | C5: 10KW | D5: 套 | E5: 3 | F5: =G5/E5 -> 23815.393 | G5: 71446.18 | H5: 71446.18 | I5: 4 | J5: 7 | K5: =E5-I5+J5 -> 6 | W5: 产成品 | X5: 1 | AA5: 45000 | AB5: 0.17 | AC5: =AA5/(1+AB5) -> 38461.538 | AD5: ='[24]存货（产成品）费率参数测算表'!O7 -> 0.0029877763 | AE5: ='[24]存货（产成品）费率参数测算表'!O8 -> 0.072535599 | AF5: ='[24]存货（产成品）费率参数测算表'!O9 -> 0.1604069 | AG5: ='[24]存货（产成品）费率参数测算表'!O10 -> 4.9152132e-05 | AH5: =E5*(AC5*(1-AD5-AE5-AF5-AG5)-F5) -> 16710.04 | AI5: =E5 -> 3 | AJ5: =AC5*(1-AD5-AE5) -> 35556.793 | AK5: =AI5*AJ5 -> 106670.38 | AL5: =AK5-G5 -> 35224.2 | AM5: =AL5/G5 -> 0.49301726 | AN5: =IF(AM5>0.3,"核实",IF(AM5<-0.3,"核实","")) -> 核实
A6: 2 | B6: 风机（德国客户） | C6: 3KW | D6: 套 | E6: 1 | F6: =G6/E6 -> 68497.15 | G6: 68497.15 | H6: 68497.15 | W6: 产成品 | X6: 1 | AA6: 98000 | AB6: 0.17 | AC6: =AA6/(1+AB6) -> 83760.684 | AD6: =AD5 -> 0.0029877763 | AE6: =AE5 -> 0.072535599 | AF6: =AF5 -> 0.1604069 | AG6: =AG5 -> 4.9152132e-05 | AH6: =E6*(AC6*(1-AD6-AE6-AF6-AG6)-F6) -> -4502.2645 | AI6: =E6 -> 1 | AJ6: =AC6*(1-AD6-AE6) -> 77434.794 | AK6: =AI6*AJ6 -> 77434.794 | AL6: =AK6-G6 -> 8937.6442 | AM6: =AL6/G6 -> 0.13048199 | AN6: =IF(AM6>0.3,"核实",IF(AM6<-0.3,"核实",""))
AN7: =IF(AM7>0.3,"核实",IF(AM7<-0.3,"核实",""))
AN8: =IF(AM8>0.3,"核实",IF(AM8<-0.3,"核实",""))
AN9: =IF(AM9>0.3,"核实",IF(AM9<-0.3,"核实",""))
AN10: =IF(AM10>0.3,"核实",IF(AM10<-0.3,"核实",""))
AN11: =IF(AM11>0.3,"核实",IF(AM11<-0.3,"核实",""))
AN12: =IF(AM12>0.3,"核实",IF(AM12<-0.3,"核实",""))
AN13: =IF(AM13>0.3,"核实",IF(AM13<-0.3,"核实",""))
AN14: =IF(AM14>0.3,"核实",IF(AM14<-0.3,"核实",""))
AN15: =IF(AM15>0.3,"核实",IF(AM15<-0.3,"核实",""))
AN16: =IF(AM16>0.3,"核实",IF(AM16<-0.3,"核实",""))
AN17: =IF(AM17>0.3,"核实",IF(AM17<-0.3,"核实",""))
B18: 所得税 | AI18: 0.15 | AK18: =-AH22*AI18 -> -1831.1663 | AN18: =IF(AM18>0.3,"核实",IF(AM18<-0.3,"核实","")) | AP18: 考虑历史未来经营状况确定
B19: 适当利润 | AI19: 0.5 | AK19: =-AH22*(1-AI18)*AI19 -> -5188.3045 | AN19: =IF(AM19>0.3,"核实",IF(AM19<-0.3,"核实","")) | AP19: 考虑历史未来经营状况确定
AN20: =IF(AM20>0.3,"核实",IF(AM20<-0.3,"核实",""))
A21: 本页小计 | AN21: =IF(AM21>0.3,"核实",IF(AM21<-0.3,"核实",""))
A22: 合 计 | G22: =SUM(G5:G21) -> 139943.33 | H22: =SUM(H5:H21) -> 139943.33 | AH22: =SUM(AH5:AH21) -> 12207.775 | AK22: =SUM(AK5:AK21) -> 177085.7 | AN22: =IF(AM22>0.3,"核实",IF(AM22<-0.3,"核实",""))
A23: 评估说明：
B26: 评估人员：BBB | E26: 清查日期：2019年3月5日 | W26: 复核人员：CCC | AP26: 复核日期：2019年3月25日
A27: 填表说明：
A28: 1、本表是按照存货自制的成本途径设计的作业分析类底稿，适用于所有通过自制途径取得的存货清查评估专用。如：自制半成品、在产品、产成品等。存货作业分析表中参数测算过程栏是按照评估规范对产成品评估售价法（倒算法）设计，基本与评估公式相同。
A29: 2、“畅销程度”栏应按照评估操作规范的规定，分别在清查后填写：十分畅销、正常销售、勉强销售、滞销积压等情况。

Sheet 存货（产成品）费率参数测算表
A1: 成本途径存货--费用费率参数测算表 索引号：C3-9-（ ）/1-1
A2: =#REF!&#REF! -> #REF! | H2: =房屋建筑物!A3 -> #REF!
A3: 项目名称： | B3: 2011年1-3月 | D3: 2010年 | F3: 2009年 | H3: 合 计 | J3: 平均值 | L3: 行业 平均值 | M3: 参数 确定方法 | N3: 确定评估参数 | P3: 交叉索引号 | Q3: 备注
B4: 金额 | C4: 成本费用比率％ | D4: 金额 | E4: 成本费用比率％ | F4: 金额 | G4: 成本费用比率％ | H4: 金额 | I4: 成本费用比率％ | J4: 数量 | K4: 金额 | N4: 调整值 | O4: 确定参数
A5: 主营业务收入 | B5: 2233473.8 | C5: =B5/B$5 -> 1 | D5: 11968289 | E5: =D5/D$5 -> 1 | F5: 10215985 | G5: =F5/F$5 -> 1 | H5: =D5+F5 -> 22184274 | I5: =H5/H$5 -> 1
A6: 主营业务成本 | B6: 1703831.1 | C6: =B6/B$5 -> 0.76286145 | D6: 8877410.6 | E6: =D6/D$5 -> 0.74174433 | F6: 8364538.5 | G6: =F6/F$5 -> 0.81876967 | H6: =D6+F6 -> 17241949 | I6: =H6/H$5 -> 0.77721494
A7: 销售税金及附加 | B7: 6673.12 | C7: =B7/B$5 -> 0.0029877763 | D7: 57153.26 | E7: =D7/D$5 -> 0.004775391 | F7: 31810.23 | G7: =F7/F$5 -> 0.0031137703 | H7: =D7+F7 -> 88963.49 | I7: =H7/H$5 -> 0.0040102052 | M7: 当期 | O7: =C7 -> 0.0029877763
A8: 销售费用 | B8: 162006.36 | C8: =B8/B$5 -> 0.072535599 | D8: 1214621.9 | E8: =D8/D$5 -> 0.10148668 | F8: 1651792.7 | G8: =F8/F$5 -> 0.16168708 | H8: =D8+F8 -> 2866414.6 | I8: =H8/H$5 -> 0.1292093 | M8: 当期 | O8: =C8 -> 0.072535599
A9: 管理费用 | B9: 358264.61 | C9: =B9/B$5 -> 0.1604069 | D9: 330900.94 | E9: =D9/D$5 -> 0.027648141 | F9: 690534.99 | G9: =F9/F$5 -> 0.067593581 | H9: =D9+F9 -> 1021435.9 | I9: =H9/H$5 -> 0.046043244 | M9: 当期 | O9: =C9 -> 0.1604069
A10: 财务费用 | B10: 109.78 | C10: =B10/B$5 -> 4.9152132e-05 | D10: 5133.68 | E10: =D10/D$5 -> 0.00042894017 | F10: 3086.63 | G10: =F10/F$5 -> 0.00030213729 | H10: =D10+F10 -> 8220.31 | I10: =H10/H$5 -> 0.00037054672 | M10: 当期 | O10: =C10 -> 4.9152132e-05
A11: 所得税 | B11: 880.53 | C11: =B11/B$5 -> 0.00039424237 | D11: 265621.1 | E11: =D11/D$5 -> 0.02219374 | F11: 86290.63 | G11: =F11/F$5 -> 0.0084466287 | H11: =D11+F11 -> 351911.73 | I11: =H11/H$5 -> 0.015863117 | M11: 当期 | O11: =C11 -> 0.00039424237
A12: 净利润 | B12: 1708.34 | C12: =B12/B$5 -> 0.00076488025 | D12: 1333670.7 | E12: =D12/D$5 -> 0.1114337 | F12: -612068.91 | G12: =F12/F$5 -> -0.059912864 | H12: =D12+F12 -> 721601.78 | I12: =H12/H$5 -> 0.032527627 | M12: 当期 | O12: =C12 -> 0.00076488025
A13: 净利润折减率 | M13: 周转率分析 | O13: ='[25]存货（产成品）利润扣减费率测算表'!Q7 -> 0.28571429 | P13: C3-9-（ ）/1-2
A23: 1、评估方法介绍： 2、披露及调整事项说明：
A27: 评估人员：BBB | D27: 清查日期：2019年3月5日 | H27: 复核人员：CCC | Q27: 复核日期：2019年3月25日
A28: 填表说明：
A29: 1、本表格仅供参考。注册资产评估师和评估机构执行资产评估业务，需要根据评估项目具体情况，恰当选用并做必要的修改、调整或增删。注册资产评估师和评估机构不因使用参考格式而转移相应责任。
A30: 2、本表是成本途径存货分析作业表的补充表格，适用于所有按照成本途径计算存货评估价值的表格。
A31: 3、存货评估参数测算表中，可用三年内企业各项参数的实际数值，作为评估参数；如果无法收集到该资料，也可以选择行业的平均值作为评估参数。
A32: 4、参数确定方法栏可以填写：企业几年平均值、行业平均值、或其他方法。

Sheet 开发产品
A1: 返回索引页 | B1: 返回
A2: 存货---产成品（开发产品）评估明细表
A3: =CONCATENATE(#REF!,#REF!,#REF!,#REF!,#REF!,#REF!,#REF!) -> #REF!
A4: =#REF!&#REF! -> #REF! | AR4: 金额单位：人民币元
A5: 序号 | B5: 对应核算单位 | C5: 项目名称 | D5: 土地情况 | I5: 座落位置 | J5: 项目总面积(M2) | K5: 未交房面积(M2) | L5: 未交房部分预售面积(M2) | M5: 未交房部分待售面积(M2) | N5: 待售部分预计出售时间 | O5: 待售部分预计出售均价(元/M2) | P5: 审计前账面值 | AB5: 跌价准备 | AC5: 账面价值 | AO5: 跌价准备 | AP5: 评估价值 | AQ5: 增值率% | AR5: 备注
D6: 宗地编号 | E6: 宗地名称 | F6: 土地证编号 | G6: 详细座落地址 | H6: 土地面积(M2) | P6: 土地出让金 | Q6: 土地拆迁费用 | R6: 红线外基础设施费用 | S6: 土地其他费用 | T6: 前期工程 | U6: 基础设施 | V6: 建安工程 | W6: 配套工程 | X6: 开发间接费用 | Y6: 财务费用 | Z6: 其他成本 | AA6: 金额 | AC6: 土地出让金 | AD6: 土地拆迁费用 | AE6: 红线外基础设施费用 | AF6: 土地其他费用 | AG6: 前期工程 | AH6: 基础设施 | AI6: 建安工程 | AJ6: 配套工程 | AK6: 开发间接费用 | AL6: 财务费用 | AM6: 其他成本 | AN6: 金额
A7: 1 | C7: A项目 | AA7: =SUM(P7:Z7) -> 0 | AN7: =SUM(AC7:AM7) -> 0 | AQ7: =IF(AN7-AO7=0," ",(AP7-AN7+AO7)/(AN7-AO7)*100)
C8: 一期 | AA8: =SUM(P8:Z8) -> 0 | AN8: =SUM(AC8:AM8) -> 0 | AQ8: =IF(AN8-AO8=0," ",(AP8-AN8+AO8)/(AN8-AO8)*100)
C9: 住宅 | AA9: =SUM(P9:Z9) -> 0 | AN9: =SUM(AC9:AM9) -> 0 | AQ9: =IF(AN9-AO9=0," ",(AP9-AN9+AO9)/(AN9-AO9)*100)
C10: 商铺 | AA10: =SUM(P10:Z10) -> 0 | AN10: =SUM(AC10:AM10) -> 0 | AQ10: =IF(AN10-AO10=0," ",(AP10-AN10+AO10)/(AN10-AO10)*100)
C11: 办公 | AA11: =SUM(P11:Z11) -> 0 | AN11: =SUM(AC11:AM11) -> 0 | AQ11: =IF(AN11-AO11=0," ",(AP11-AN11+AO11)/(AN11-AO11)*100)
C12: 会所 | AA12: =SUM(P12:Z12) -> 0 | AN12: =SUM(AC12:AM12) -> 0 | AQ12: =IF(AN12-AO12=0," ",(AP12-AN12+AO12)/(AN12-AO12)*100)
C13: 车库 | AA13: =SUM(P13:Z13) -> 0 | AN13: =SUM(AC13:AM13) -> 0 | AQ13: =IF(AN13-AO13=0," ",(AP13-AN13+AO13)/(AN13-AO13)*100)
C14: 自用房 | AA14: =SUM(P14:Z14) -> 0 | AN14: =SUM(AC14:AM14) -> 0 | AQ14: =IF(AN14-AO14=0," ",(AP14-AN14+AO14)/(AN14-AO14)*100)
C15: 二期 | AA15: =SUM(P15:Z15) -> 0 | AN15: =SUM(AC15:AM15) -> 0 | AQ15: =IF(AN15-AO15=0," ",(AP15-AN15+AO15)/(AN15-AO15)*100)
C16: 住宅 | AA16: =SUM(P16:Z16) -> 0 | AN16: =SUM(AC16:AM16) -> 0 | AQ16: =IF(AN16-AO16=0," ",(AP16-AN16+AO16)/(AN16-AO16)*100)
C17: 商铺 | AA17: =SUM(P17:Z17) -> 0 | AN17: =SUM(AC17:AM17) -> 0 | AQ17: =IF(AN17-AO17=0," ",(AP17-AN17+AO17)/(AN17-AO17)*100)
C18: 办公 | AA18: =SUM(P18:Z18) -> 0 | AN18: =SUM(AC18:AM18) -> 0 | AQ18: =IF(AN18-AO18=0," ",(AP18-AN18+AO18)/(AN18-AO18)*100)
C19: 会所 | AA19: =SUM(P19:Z19) -> 0 | AN19: =SUM(AC19:AM19) -> 0 | AQ19: =IF(AN19-AO19=0," ",(AP19-AN19+AO19)/(AN19-AO19)*100)
... C25: …… | AA25: =SUM(P25:Z25) -> 0 | AN25: =SUM(AC25:AM25) -> 0 | AQ25: =IF(AN25-AO25=0," ",(AP25-AN25+AO25)/(AN25-AO25)*100)
AA26: =SUM(P26:Z26) -> 0 | AN26: =SUM(AC26:AM26) -> 0 | AQ26: =IF(AN26-AO26=0," ",(AP26-AN26+AO26)/(AN26-AO26)*100)
A27: 合计 | P27: =SUM(P7:P26) -> 0 | Q27: =SUM(Q7:Q26) -> 0 | R27: =SUM(R7:R26) -> 0 | S27: =SUM(S7:S26) -> 0 | T27: =SUM(T7:T26) -> 0 | U27: =SUM(U7:U26) -> 0 | V27: =SUM(V7:V26) -> 0 | W27: =SUM(W7:W26) -> 0 | ... AP27: =SUM(AP7:AP26) -> 0 | AQ27: =IF(AN27-AO27=0," ",(AP27-AN27+AO27)/(AN27-AO27)*100)
A28: =#REF!&#REF! -> #REF! | AP28: ="评估人员："&#REF! -> #REF!
A29: =CONCATENATE(#REF!,#REF!,#REF!,#REF!,#REF!,#REF!,#REF!) -> #REF!
A32: 填表简要说明：
A33: 1、项目名称：根据表格中分类分别填写；
A34: 2、土地情况：同土地申报表格的要求；
A35: 3、座落位置：描写各项目在宗地上的具体位置；
A36: 4、项目总面积：竣工房屋的总建筑面积；
A37: 5、未交房面积：各类物业的未交房面积；
A38: 6、未交房部分的预售面积：已经预售但是未交房部分的面积；
A39: 7、未交房部分的待售面积：未预售未交房部分的面积；
A40: 8、待售部分预计出售时间：请填列预期售房时间，若分不同时间，可以预计截至某一时点分别售房的面积，如“2007年6月底销售10000平米，2007年10月底全部销售”；
A41: 9、待售部分预计出售单价：请填列预期售房均价；
A42: 10、帐面价值：按照成本明细填列（若列示明细不足，可插入列）。

Sheet 出租开发产品
A1: 返回索引页 | B1: 返回
A2: 存货---产成品（出租开发产品）评估明细表
A3: =CONCATENATE(#REF!,#REF!,#REF!,#REF!,#REF!,#REF!,#REF!) -> #REF!
A4: =#REF!&#REF! -> #REF! | AH4: 金额单位：人民币元
A5: 序号 | B5: 对应核算单位 | C5: 项目名称 | D5: 土地情况 | I5: 座落位置 | J5: 设计用途 | K5: 租赁面积 | L5: 租约期限(从**年**月至**年**月) | M5: 租金标准(合同规定标准) | N5: 2006年房屋出租相关费用 | R5: 2005年房屋出租相关费用 | V5: 2004年房屋出租相关费用 | Z5: 审计前账面价值 | AB5: 跌价准备 | AC5: 账面价值 | AE5: 跌价准备 | AF5: 评估价值 | AG5: 增值率% | AH5: 备注
D6: 宗地编号 | E6: 宗地名称 | F6: 土地证编号 | G6: 详细座落地址 | H6: 土地面积(M2) | N6: 管理费 | O6: 维修费 | P6: 保险费 | Q6: 其他 | R6: 管理费 | S6: 维修费 | T6: 保险费 | U6: 其他 | V6: 管理费 | W6: 维修费 | X6: 保险费 | Y6: 其他 | Z6: 原始价值 | AA6: 账面余额 | AC6: 原始价值 | AD6: 账面余额
A7: 1 | AG7: =IF(AD7-AE7=0," ",(AF7-AD7+AE7)/(AD7-AE7)*100)
A8: 2 | AG8: =IF(AD8-AE8=0," ",(AF8-AD8+AE8)/(AD8-AE8)*100)
AG9: =IF(AD9-AE9=0," ",(AF9-AD9+AE9)/(AD9-AE9)*100)
AG10: =IF(AD10-AE10=0," ",(AF10-AD10+AE10)/(AD10-AE10)*100)
AG11: =IF(AD11-AE11=0," ",(AF11-AD11+AE11)/(AD11-AE11)*100)
AG12: =IF(AD12-AE12=0," ",(AF12-AD12+AE12)/(AD12-AE12)*100)
AG13: =IF(AD13-AE13=0," ",(AF13-AD13+AE13)/(AD13-AE13)*100)
AG14: =IF(AD14-AE14=0," ",(AF14-AD14+AE14)/(AD14-AE14)*100)
AG15: =IF(AD15-AE15=0," ",(AF15-AD15+AE15)/(AD15-AE15)*100)
AG16: =IF(AD16-AE16=0," ",(AF16-AD16+AE16)/(AD16-AE16)*100)
AG17: =IF(AD17-AE17=0," ",(AF17-AD17+AE17)/(AD17-AE17)*100)
AG18: =IF(AD18-AE18=0," ",(AF18-AD18+AE18)/(AD18-AE18)*100)
AG19: =IF(AD19-AE19=0," ",(AF19-AD19+AE19)/(AD19-AE19)*100)
AG20: =IF(AD20-AE20=0," ",(AF20-AD20+AE20)/(AD20-AE20)*100)
... AG26: =IF(AD26-AE26=0," ",(AF26-AD26+AE26)/(AD26-AE26)*100)
A27: 合计 | AA27: =SUM(AA7:AA26) -> 0 | AB27: =SUM(AB7:AB26) -> 0 | AD27: =SUM(AD7:AD26) -> 0 | AE27: =SUM(AE7:AE26) -> 0 | AF27: =SUM(AF7:AF26) -> 0 | AG27: =IF(AD27-AE27=0," ",(AF27-AD27+AE27)/(AD27-AE27)*100)
A28: =#REF!&#REF! -> #REF! | AF28: ="评估人员："&#REF! -> #REF!
A29: =CONCATENATE(#REF!,#REF!,#REF!,#REF!,#REF!,#REF!,#REF!) -> #REF!
A31: 填表简要说明：
A32: 1、项目名称：根据表格中分类分别填写；
A33: 2、土地情况：同土地申报表格的要求；
A34: 3、座落位置：描写各项目在宗地上的具体位置；
A35: 4、设计用途：项目的设计用途；
A36: 5、租赁面积：该类别物业出租的总建筑面积；
A37: 6、租约期限：合同规定的租约期限；
A38: 7、租金标准：合同规定的租金标准；
A39: 8、出租相关费用：按照前三年出租开发物业的相关费用填写（若列示明细不足，可插入列）；
A40: 9、帐面价值：按照原始价值和摊销后余额填列。

Sheet 在产品（自制半成品）
A1: 返回索引页 | B1: 返回
A2: 存货—在产品（自制半成品）评估明细表
A3: =CONCATENATE(#REF!,#REF!,#REF!,#REF!,#REF!,#REF!,#REF!) -> #REF!
A4: =#REF!&#REF! -> #REF! | V4: 金额单位：人民币元
A5: 序号 | B5: 对应核算单位 | C5: 名称及规格型号 | D5: 计量单位 | E5: 审计前账面值 | H5: 跌价准备 | I5: 账面价值 | L5: 材料费 | M5: 人工费 | N5: 制造费用 | O5: 其他 | P5: 跌价准备 | Q5: 评估价值 | T5: 增减值 | U5: 增值率% | V5: 备注
E6: 数量 | F6: 单价 | G6: 金额 | I6: 数量 | J6: 单价 | K6: 金额 | Q6: 实际数量 | R6: 单价 | S6: 金额
F7: =IF(E7=0,"",G7/E7) | J7: =IF(I7=0,"",K7/I7) | T7: =S7-(K7-P7) -> 0 | U7: =IF(K7-P7=0,"",T7/(K7-P7)*100)
F8: =IF(E8=0,"",G8/E8) | J8: =IF(I8=0,"",K8/I8) | T8: =S8-(K8-P8) -> 0 | U8: =IF(K8-P8=0,"",T8/(K8-P8)*100)
F9: =IF(E9=0,"",G9/E9) | J9: =IF(I9=0,"",K9/I9) | T9: =S9-(K9-P9) -> 0 | U9: =IF(K9-P9=0,"",T9/(K9-P9)*100)
F10: =IF(E10=0,"",G10/E10) | J10: =IF(I10=0,"",K10/I10) | T10: =S10-(K10-P10) -> 0 | U10: =IF(K10-P10=0,"",T10/(K10-P10)*100)
F11: =IF(E11=0,"",G11/E11) | J11: =IF(I11=0,"",K11/I11) | T11: =S11-(K11-P11) -> 0 | U11: =IF(K11-P11=0,"",T11/(K11-P11)*100)
F12: =IF(E12=0,"",G12/E12) | J12: =IF(I12=0,"",K12/I12) | T12: =S12-(K12-P12) -> 0 | U12: =IF(K12-P12=0,"",T12/(K12-P12)*100)
F13: =IF(E13=0,"",G13/E13) | J13: =IF(I13=0,"",K13/I13) | T13: =S13-(K13-P13) -> 0 | U13: =IF(K13-P13=0,"",T13/(K13-P13)*100)
F14: =IF(E14=0,"",G14/E14) | J14: =IF(I14=0,"",K14/I14) | T14: =S14-(K14-P14) -> 0 | U14: =IF(K14-P14=0,"",T14/(K14-P14)*100)
F15: =IF(E15=0,"",G15/E15) | J15: =IF(I15=0,"",K15/I15) | T15: =S15-(K15-P15) -> 0 | U15: =IF(K15-P15=0,"",T15/(K15-P15)*100)
F16: =IF(E16=0,"",G16/E16) | J16: =IF(I16=0,"",K16/I16) | T16: =S16-(K16-P16) -> 0 | U16: =IF(K16-P16=0,"",T16/(K16-P16)*100)
F17: =IF(E17=0,"",G17/E17) | J17: =IF(I17=0,"",K17/I17) | T17: =S17-(K17-P17) -> 0 | U17: =IF(K17-P17=0,"",T17/(K17-P17)*100)
F18: =IF(E18=0,"",G18/E18) | J18: =IF(I18=0,"",K18/I18) | T18: =S18-(K18-P18) -> 0 | U18: =IF(K18-P18=0,"",T18/(K18-P18)*100)
... F25: =IF(E25=0,"",G25/E25) | J25: =IF(I25=0,"",K25/I25) | T25: =S25-(K25-P25) -> 0 | U25: =IF(K25-P25=0,"",T25/(K25-P25)*100)
T26: =S26-(K26-P26) -> 0 | U26: =IF(K26-P26=0,"",T26/(K26-P26)*100)
A27: 合 计 | G27: =SUM(G7:G26) -> 0 | H27: =SUM(H7:H26) -> 0 | K27: =SUM(K7:K26) -> 0 | P27: =SUM(P7:P26) -> 0 | S27: =SUM(S7:S26) -> 0 | T27: =S27-(K27-P27) -> 0 | U27: =IF(K27-P27=0,"",T27/(K27-P27)*100)
A28: =#REF!&#REF! -> #REF! | Q28: ="评估人员："&#REF! -> #REF!
A29: =CONCATENATE(#REF!,#REF!,#REF!,#REF!,#REF!,#REF!,#REF!) -> #REF!

Sheet 开发成本
A1: 返回索引页 | B1: 返回
A2: 存货---在产品（开发成本）评估明细表
A3: =CONCATENATE(#REF!,#REF!,#REF!,#REF!,#REF!,#REF!,#REF!) -> #REF!
A4: =#REF!&#REF! -> #REF! | AU4: 金额单位：人民币元
A5: 序号 | B5: 对应核算单位 | C5: 项目名称 | D5: 土地情况 | I5: 座落位置 | J5: 规划建筑面积 | K5: 预售面积 | L5: 待售面积 | M5: 预计总工期(从**年**月至**年**月) | N5: 预计填表日后工期(从**年**月至**年**月) | O5: 完工百分比 | P5: 付款百分比 | Q5: 预计预售日期 | R5: 预计预售均价 | S5: 审计前账面价值 | AE5: 跌价准备 | AF5: 账面价值 | AR5: 跌价准备 | AS5: 评估价值 | AT5: 增值率% | AU5: 备注
D6: 宗地编号 | E6: 宗地名称 | F6: 土地证编号 | G6: 详细座落地址 | H6: 土地面积(M2) | S6: 土地出让金 | T6: 土地拆迁费用 | U6: 红线外基础设施费用 | V6: 土地其他费用 | W6: 前期工程 | X6: 基础设施 | Y6: 建安工程 | Z6: 配套工程 | AA6: 开发间接费用 | AB6: 财务费用 | AC6: 其他成本 | AD6: 金额 | AF6: 土地出让金 | AG6: 土地拆迁费用 | AH6: 红线外基础设施费用 | AI6: 土地其他费用 | AJ6: 前期工程 | AK6: 基础设施 | AL6: 建安工程 | AM6: 配套工程 | AN6: 开发间接费用 | AO6: 财务费用 | AP6: 其他成本 | AQ6: 金额
A7: 1 | C7: A项目 | AT7: =IF(AQ7-AR7=0," ",(AS7-AQ7+AR7)/(AQ7-AR7)*100)
C8: 一期 | AT8: =IF(AQ8-AR8=0," ",(AS8-AQ8+AR8)/(AQ8-AR8)*100)
C9: 住宅 | AT9: =IF(AQ9-AR9=0," ",(AS9-AQ9+AR9)/(AQ9-AR9)*100)
C10: 商铺 | AT10: =IF(AQ10-AR10=0," ",(AS10-AQ10+AR10)/(AQ10-AR10)*100)
C11: 办公 | AT11: =IF(AQ11-AR11=0," ",(AS11-AQ11+AR11)/(AQ11-AR11)*100)
C12: 会所 | AT12: =IF(AQ12-AR12=0," ",(AS12-AQ12+AR12)/(AQ12-AR12)*100)
C13: 车库 | AT13: =IF(AQ13-AR13=0," ",(AS13-AQ13+AR13)/(AQ13-AR13)*100)
C14: 自用房 | AT14: =IF(AQ14-AR14=0," ",(AS14-AQ14+AR14)/(AQ14-AR14)*100)
C15: 二期 | AT15: =IF(AQ15-AR15=0," ",(AS15-AQ15+AR15)/(AQ15-AR15)*100)
C16: 住宅 | AT16: =IF(AQ16-AR16=0," ",(AS16-AQ16+AR16)/(AQ16-AR16)*100)
C17: 商铺 | AT17: =IF(AQ17-AR17=0," ",(AS17-AQ17+AR17)/(AQ17-AR17)*100)
C18: 办公 | AT18: =IF(AQ18-AR18=0," ",(AS18-AQ18+AR18)/(AQ18-AR18)*100)
C19: 会所 | AT19: =IF(AQ19-AR19=0," ",(AS19-AQ19+AR19)/(AQ19-AR19)*100)
... C25: …… | AT25: =IF(AQ25-AR25=0," ",(AS25-AQ25+AR25)/(AQ25-AR25)*100)
AT26: =IF(AQ26-AR26=0," ",(AS26-AQ26+AR26)/(AQ26-AR26)*100)
A27: 合 计 | S27: =SUM(S7:S26) -> 0 | T27: =SUM(T7:T26) -> 0 | U27: =SUM(U7:U26) -> 0 | V27: =SUM(V7:V26) -> 0 | W27: =SUM(W7:W26) -> 0 | X27: =SUM(X7:X26) -> 0 | Y27: =SUM(Y7:Y26) -> 0 | Z27: =SUM(Z7:Z26) -> 0 | ... AS27: =SUM(AS7:AS26) -> 0 | AT27: =IF(AQ27-AR27=0," ",(AS27-AQ27+AR27)/(AQ27-AR27)*100)
A28: =#REF!&#REF! -> #REF! | AS28: ="评估人员："&#REF! -> #REF!
A29: =CONCATENATE(#REF!,#REF!,#REF!,#REF!,#REF!,#REF!,#REF!) -> #REF!
A31: 填表简要说明：
A32: 1、项目名称：根据表格中分类分别填写；
A33: 2、土地情况：同土地申报表格的要求；
A34: 3、座落位置：描写各项目在宗地上的具体位置；
A35: 4、规划建筑面积：对应类别开发产品的规划建筑面积；
A36: 5、预售面积：开始预售的产品，未完工已经预售的面积；
A37: 6、待售面积：开始预售的产品，未完工未销售部分的面积；
A38: 7、预计总工期：请按照填表日预计的工期填写（当预计实际建设周期超过设计工期时）；
A39: 8、预计填表日后工期：请填列自填表日至竣工日的预计工期；
A40: 9、完工百分比：请填列截至填表日，按照建筑施工的工程月报的综合进度百分比填列；
A41: 10、付款百分比：请填列截至填表日，按照该项目已经支付成本占项目总造价的比例填写（注意与完工百分比的不同）；
A42: 11、预计预售日期：是指尚未预售的在建开发产品，预计开始预售的时间；
... A44: 13、帐面价值：按照成本明细填列（若列示明细不足，可插入列）。

Sheet 分期收款发出商品
A1: 返回索引页 | B1: 返回
A2: 存货—发出商品评估明细表
A3: =CONCATENATE(#REF!,#REF!,#REF!,#REF!,#REF!,#REF!,#REF!) -> #REF!
A4: =#REF!&#REF! -> #REF! | S4: 金额单位：人民币元
A5: 序号 | B5: 对应核算单位 | C5: 商品名称 | D5: 对方单位名称 | E5: 计量单位 | F5: 审计前账面值 | I5: 跌价准备 | J5: 账面价值 | M5: 跌价准备 | N5: 评估价值 | Q5: 增减值 | R5: 增值率% | S5: 备注
F6: 数量 | G6: 单价 | H6: 金额 | J6: 数量 | K6: 单价 | L6: 金额 | N6: 实际数量 | O6: 单价 | P6: 金额
G7: =IF(F7=0,"",H7/F7) | K7: =IF(J7=0,"",L7/J7) | Q7: =P7-(L7-M7) -> 0 | R7: =IF(L7-M7=0,"",Q7/(L7-M7)*100)
G8: =IF(F8=0,"",H8/F8) | K8: =IF(J8=0,"",L8/J8) | Q8: =P8-(L8-M8) -> 0 | R8: =IF(L8-M8=0,"",Q8/(L8-M8)*100)
G9: =IF(F9=0,"",H9/F9) | K9: =IF(J9=0,"",L9/J9) | Q9: =P9-(L9-M9) -> 0 | R9: =IF(L9-M9=0,"",Q9/(L9-M9)*100)
G10: =IF(F10=0,"",H10/F10) | K10: =IF(J10=0,"",L10/J10) | Q10: =P10-(L10-M10) -> 0 | R10: =IF(L10-M10=0,"",Q10/(L10-M10)*100)
G11: =IF(F11=0,"",H11/F11) | K11: =IF(J11=0,"",L11/J11) | Q11: =P11-(L11-M11) -> 0 | R11: =IF(L11-M11=0,"",Q11/(L11-M11)*100)
G12: =IF(F12=0,"",H12/F12) | K12: =IF(J12=0,"",L12/J12) | Q12: =P12-(L12-M12) -> 0 | R12: =IF(L12-M12=0,"",Q12/(L12-M12)*100)
G13: =IF(F13=0,"",H13/F13) | K13: =IF(J13=0,"",L13/J13) | Q13: =P13-(L13-M13) -> 0 | R13: =IF(L13-M13=0,"",Q13/(L13-M13)*100)
G14: =IF(F14=0,"",H14/F14) | K14: =IF(J14=0,"",L14/J14) | Q14: =P14-(L14-M14) -> 0 | R14: =IF(L14-M14=0,"",Q14/(L14-M14)*100)
G15: =IF(F15=0,"",H15/F15) | K15: =IF(J15=0,"",L15/J15) | Q15: =P15-(L15-M15) -> 0 | R15: =IF(L15-M15=0,"",Q15/(L15-M15)*100)
G16: =IF(F16=0,"",H16/F16) | K16: =IF(J16=0,"",L16/J16) | Q16: =P16-(L16-M16) -> 0 | R16: =IF(L16-M16=0,"",Q16/(L16-M16)*100)
G17: =IF(F17=0,"",H17/F17) | K17: =IF(J17=0,"",L17/J17) | Q17: =P17-(L17-M17) -> 0 | R17: =IF(L17-M17=0,"",Q17/(L17-M17)*100)
G18: =IF(F18=0,"",H18/F18) | K18: =IF(J18=0,"",L18/J18) | Q18: =P18-(L18-M18) -> 0 | R18: =IF(L18-M18=0,"",Q18/(L18-M18)*100)
... G25: =IF(F25=0,"",H25/F25) | K25: =IF(J25=0,"",L25/J25) | Q25: =P25-(L25-M25) -> 0 | R25: =IF(L25-M25=0,"",Q25/(L25-M25)*100)
Q26: =P26-(L26-M26) -> 0 | R26: =IF(L26-M26=0,"",Q26/(L26-M26)*100)
A27: 合 计 | H27: =SUM(H7:H26) -> 0 | I27: =SUM(I7:I26) -> 0 | L27: =SUM(L7:L26) -> 0 | M27: =SUM(M7:M26) -> 0 | P27: =SUM(P7:P26) -> 0 | Q27: =P27-(L27-M27) -> 0 | R27: =IF(L27-M27=0,"",Q27/(L27-M27)*100)
A28: =#REF!&#REF! -> #REF! | N28: ="评估人员："&#REF! -> #REF!
A29: =CONCATENATE(#REF!,#REF!,#REF!,#REF!,#REF!,#REF!,#REF!) -> #REF!

Sheet 在用低值易耗品
A1: 返回索引页 | B1: 返回
A2: 存货—在用低值易耗品评估明细表
A3: =CONCATENATE(#REF!,#REF!,#REF!,#REF!,#REF!,#REF!,#REF!) -> #REF!
A4: =#REF!&#REF! -> #REF! | U4: 金额单位：人民币元
A5: 序号 | B5: 对应核算单位 | C5: 名称及规格型号 | D5: 计量单位 | E5: 摊销方法 | F5: 原始购置价格 | G5: 启用日期 | H5: 生产厂家 | I5: 审计前账面值 | K5: 跌价准备 | L5: 账面价值 | N5: 跌价准备 | O5: 实际数量 | P5: 评估价值 | S5: 增减值 | T5: 增值率% | U5: 备注
I6: 数量 | J6: 金额 | L6: 数量 | M6: 金额 | P6: 单价 | Q6: 成新率% | R6: 金额
R7: =O7*P7*Q7/100 -> 0 | S7: =R7-(M7-N7) -> 0 | T7: =IF(M7=0,"",S7/(M7-N7)*100)
R8: =O8*P8*Q8/100 -> 0 | S8: =R8-M8 -> 0 | T8: =IF(M8=0,"",S8/(M8-N8)*100)
R9: =O9*P9*Q9/100 -> 0 | S9: =R9-M9 -> 0 | T9: =IF(M9=0,"",S9/(M9-N9)*100)
R10: =O10*P10*Q10/100 -> 0 | S10: =R10-M10 -> 0 | T10: =IF(M10=0,"",S10/(M10-N10)*100)
R11: =O11*P11*Q11/100 -> 0 | S11: =R11-M11 -> 0 | T11: =IF(M11=0,"",S11/(M11-N11)*100)
R12: =O12*P12*Q12/100 -> 0 | S12: =R12-M12 -> 0 | T12: =IF(M12=0,"",S12/(M12-N12)*100)
R13: =O13*P13*Q13/100 -> 0 | S13: =R13-M13 -> 0 | T13: =IF(M13=0,"",S13/(M13-N13)*100)
R14: =O14*P14*Q14/100 -> 0 | S14: =R14-M14 -> 0 | T14: =IF(M14=0,"",S14/(M14-N14)*100)
R15: =O15*P15*Q15/100 -> 0 | S15: =R15-M15 -> 0 | T15: =IF(M15=0,"",S15/(M15-N15)*100)
R16: =O16*P16*Q16/100 -> 0 | S16: =R16-M16 -> 0 | T16: =IF(M16=0,"",S16/(M16-N16)*100)
R17: =O17*P17*Q17/100 -> 0 | S17: =R17-M17 -> 0 | T17: =IF(M17=0,"",S17/(M17-N17)*100)
R18: =O18*P18*Q18/100 -> 0 | S18: =R18-M18 -> 0 | T18: =IF(M18=0,"",S18/(M18-N18)*100)
R19: =O19*P19*Q19/100 -> 0 | S19: =R19-M19 -> 0 | T19: =IF(M19=0,"",S19/(M19-N19)*100)
... R25: =O25*P25*Q25/100 -> 0 | S25: =R25-M25 -> 0 | T25: =IF(M25=0,"",S25/(M25-N25)*100)
S26: =R26-M26 -> 0 | T26: =IF(M26=0,"",S26/(M26-N26)*100)
A27: 合 计 | J27: =SUM(J7:J26) -> 0 | K27: =SUM(K7:K26) -> 0 | M27: =SUM(M7:M26) -> 0 | N27: =SUM(N7:N26) -> 0 | R27: =SUM(R7:R26) -> 0 | S27: =R27-M27 -> 0 | T27: =IF(M27=0,"",S27/(M27-N27)*100)
A28: =#REF!&#REF! -> #REF! | P28: ="评估人员："&#REF! -> #REF!
A29: =CONCATENATE(#REF!,#REF!,#REF!,#REF!,#REF!,#REF!,#REF!) -> #REF!

Sheet 委托代销商品
A1: 返回索引页 | B1: 返回
A2: 存货—委托代销商品评估明细表
A3: =CONCATENATE(#REF!,#REF!,#REF!,#REF!,#REF!,#REF!,#REF!) -> #REF!
A4: =#REF!&#REF! -> #REF! | R4: 金额单位：人民币元
A5: 序号 | B5: 对应核算单位 | C5: 名称及规格型号 | D5: 委托代销单位名称 | E5: 计量单位 | F5: 审计前账面值 | I5: 跌价准备 | J5: 账面价值 | M5: 跌价准备 | N5: 评估价值 | Q5: 增值率% | R5: 备注
F6: 数量 | G6: 单价 | H6: 金额 | J6: 数量 | K6: 单价 | L6: 金额 | N6: 实际数量 | O6: 单价 | P6: 金额
G7: =IF(F7=0,"",H7/F7) | K7: =IF(J7=0,"",L7/J7) | Q7: =IF(L7-M7=0,"",(P7-L7+M7)/(L7-M7)*100)
G8: =IF(F8=0,"",H8/F8) | K8: =IF(J8=0,"",L8/J8) | Q8: =IF(L8-M8=0,"",(P8-L8+M8)/(L8-M8)*100)
G9: =IF(F9=0,"",H9/F9) | K9: =IF(J9=0,"",L9/J9) | Q9: =IF(L9-M9=0,"",(P9-L9+M9)/(L9-M9)*100)
G10: =IF(F10=0,"",H10/F10) | K10: =IF(J10=0,"",L10/J10) | Q10: =IF(L10-M10=0,"",(P10-L10+M10)/(L10-M10)*100)
G11: =IF(F11=0,"",H11/F11) | K11: =IF(J11=0,"",L11/J11) | Q11: =IF(L11-M11=0,"",(P11-L11+M11)/(L11-M11)*100)
G12: =IF(F12=0,"",H12/F12) | K12: =IF(J12=0,"",L12/J12) | Q12: =IF(L12-M12=0,"",(P12-L12+M12)/(L12-M12)*100)
G13: =IF(F13=0,"",H13/F13) | K13: =IF(J13=0,"",L13/J13) | Q13: =IF(L13-M13=0,"",(P13-L13+M13)/(L13-M13)*100)
G14: =IF(F14=0,"",H14/F14) | K14: =IF(J14=0,"",L14/J14) | Q14: =IF(L14-M14=0,"",(P14-L14+M14)/(L14-M14)*100)
G15: =IF(F15=0,"",H15/F15) | K15: =IF(J15=0,"",L15/J15) | Q15: =IF(L15-M15=0,"",(P15-L15+M15)/(L15-M15)*100)
G16: =IF(F16=0,"",H16/F16) | K16: =IF(J16=0,"",L16/J16) | Q16: =IF(L16-M16=0,"",(P16-L16+M16)/(L16-M16)*100)
G17: =IF(F17=0,"",H17/F17) | K17: =IF(J17=0,"",L17/J17) | Q17: =IF(L17-M17=0,"",(P17-L17+M17)/(L17-M17)*100)
G18: =IF(F18=0,"",H18/F18) | K18: =IF(J18=0,"",L18/J18) | Q18: =IF(L18-M18=0,"",(P18-L18+M18)/(L18-M18)*100)
... G25: =IF(F25=0,"",H25/F25) | K25: =IF(J25=0,"",L25/J25) | Q25: =IF(L25-M25=0,"",(P25-L25+M25)/(L25-M25)*100)
Q26: =IF(L26-M26=0,"",(P26-L26+M26)/(L26-M26)*100)
A27: 合 计 | H27: =SUM(H7:H26) -> 0 | I27: =SUM(I7:I26) -> 0 | L27: =SUM(L7:L26) -> 0 | M27: =SUM(M7:M26) -> 0 | P27: =SUM(P7:P26) -> 0 | Q27: =IF(L27-M27=0,"",(P27-L27+M27)/(L27-M27)*100)
A28: =#REF!&#REF! -> #REF! | N28: ="评估人员："&#REF! -> #REF!
A29: =CONCATENATE(#REF!,#REF!,#REF!,#REF!,#REF!,#REF!,#REF!) -> #REF!

Sheet 受托代销商品
A1: 返回索引页 | B1: 返回
A2: 存货—受托代销商品评估明细表
A3: =CONCATENATE(#REF!,#REF!,#REF!,#REF!,#REF!,#REF!,#REF!) -> #REF!
A4: =#REF!&#REF! -> #REF! | R4: 金额单位：人民币元
A5: 序号 | B5: 对应核算单位 | C5: 名称及规格型号 | D5: 受托代销单位名称 | E5: 计量单位 | F5: 审计前账面值 | I5: 跌价准备 | J5: 账面价值 | M5: 跌价准备 | N5: 评估价值 | Q5: 增值率% | R5: 备注
F6: 数量 | G6: 单价 | H6: 金额 | J6: 数量 | K6: 单价 | L6: 金额 | N6: 实际数量 | O6: 单价 | P6: 金额
G7: =IF(F7=0,"",H7/F7) | K7: =IF(J7=0,"",L7/J7) | Q7: =IF(L7-M7=0,"",(P7-L7+M7)/(L7-M7)*100)
G8: =IF(F8=0,"",H8/F8) | K8: =IF(J8=0,"",L8/J8) | Q8: =IF(L8-M8=0,"",(P8-L8+M8)/(L8-M8)*100)
G9: =IF(F9=0,"",H9/F9) | K9: =IF(J9=0,"",L9/J9) | Q9: =IF(L9-M9=0,"",(P9-L9+M9)/(L9-M9)*100)
G10: =IF(F10=0,"",H10/F10) | K10: =IF(J10=0,"",L10/J10) | Q10: =IF(L10-M10=0,"",(P10-L10+M10)/(L10-M10)*100)
G11: =IF(F11=0,"",H11/F11) | K11: =IF(J11=0,"",L11/J11) | Q11: =IF(L11-M11=0,"",(P11-L11+M11)/(L11-M11)*100)
G12: =IF(F12=0,"",H12/F12) | K12: =IF(J12=0,"",L12/J12) | Q12: =IF(L12-M12=0,"",(P12-L12+M12)/(L12-M12)*100)
G13: =IF(F13=0,"",H13/F13) | K13: =IF(J13=0,"",L13/J13) | Q13: =IF(L13-M13=0,"",(P13-L13+M13)/(L13-M13)*100)
G14: =IF(F14=0,"",H14/F14) | K14: =IF(J14=0,"",L14/J14) | Q14: =IF(L14-M14=0,"",(P14-L14+M14)/(L14-M14)*100)
G15: =IF(F15=0,"",H15/F15) | K15: =IF(J15=0,"",L15/J15) | Q15: =IF(L15-M15=0,"",(P15-L15+M15)/(L15-M15)*100)
G16: =IF(F16=0,"",H16/F16) | K16: =IF(J16=0,"",L16/J16) | Q16: =IF(L16-M16=0,"",(P16-L16+M16)/(L16-M16)*100)
G17: =IF(F17=0,"",H17/F17) | K17: =IF(J17=0,"",L17/J17) | Q17: =IF(L17-M17=0,"",(P17-L17+M17)/(L17-M17)*100)
G18: =IF(F18=0,"",H18/F18) | K18: =IF(J18=0,"",L18/J18) | Q18: =IF(L18-M18=0,"",(P18-L18+M18)/(L18-M18)*100)
... G25: =IF(F25=0,"",H25/F25) | K25: =IF(J25=0,"",L25/J25) | Q25: =IF(L25-M25=0,"",(P25-L25+M25)/(L25-M25)*100)
Q26: =IF(L26-M26=0,"",(P26-L26+M26)/(L26-M26)*100)
A27: 合 计 | H27: =SUM(H7:H26) -> 0 | I27: =SUM(I7:I26) -> 0 | L27: =SUM(L7:L26) -> 0 | M27: =SUM(M7:M26) -> 0 | P27: =SUM(P7:P26) -> 0 | Q27: =IF(L27-M27=0,"",(P27-L27+M27)/(L27-M27)*100)
A28: =#REF!&#REF! -> #REF! | N28: ="评估人员："&#REF! -> #REF!
A29: =CONCATENATE(#REF!,#REF!,#REF!,#REF!,#REF!,#REF!,#REF!) -> #REF!

Sheet 未结算工程
A1: 返回索引页 | B1: 返回
A2: 存货---未结算工程评估明细表
A3: =CONCATENATE(#REF!,#REF!,#REF!,#REF!,#REF!,#REF!,#REF!) -> #REF!
A4: =#REF!&#REF! -> #REF! | V4: 金额单位：人民币元
A5: 序号 | B5: 对应核算单位 | C5: 项目名称 | D5: 开工日期 | E5: 预计完工日期 | F5: 合同额 | G5: 形象进度(%) | H5: 工程施工价值 | J5: 已结算工程价值 | K5: 合同预计损失准备 | L5: 审计前账面价值 | M5: 跌价准备 | N5: 工程施工价值 | P5: 已结算工程价值 | Q5: 合同预计损失准备 | R5: 账面价值 | S5: 跌价准备 | T5: 评估价值 | U5: 增值率% | V5: 备注
H6: 合同成本 | I6: 合同毛利 | N6: 合同成本 | O6: 合同毛利
A7: 1 | L7: =H7+I7-J7-K7 -> 0 | R7: =N7+O7-P7-Q7 -> 0 | U7: =IF(R7-S7=0," ",(T7-R7+S7)/(R7-S7)*100)
A8: 2 | L8: =H8+I8-J8-K8 -> 0 | R8: =N8+O8-P8-Q8 -> 0 | U8: =IF(R8-S8=0," ",(T8-R8+S8)/(R8-S8)*100)
L9: =H9+I9-J9-K9 -> 0 | R9: =N9+O9-P9-Q9 -> 0 | U9: =IF(R9-S9=0," ",(T9-R9+S9)/(R9-S9)*100)
L10: =H10+I10-J10-K10 -> 0 | R10: =N10+O10-P10-Q10 -> 0 | U10: =IF(R10-S10=0," ",(T10-R10+S10)/(R10-S10)*100)
L11: =H11+I11-J11-K11 -> 0 | R11: =N11+O11-P11-Q11 -> 0 | U11: =IF(R11-S11=0," ",(T11-R11+S11)/(R11-S11)*100)
L12: =H12+I12-J12-K12 -> 0 | R12: =N12+O12-P12-Q12 -> 0 | U12: =IF(R12-S12=0," ",(T12-R12+S12)/(R12-S12)*100)
L13: =H13+I13-J13-K13 -> 0 | R13: =N13+O13-P13-Q13 -> 0 | U13: =IF(R13-S13=0," ",(T13-R13+S13)/(R13-S13)*100)
L14: =H14+I14-J14-K14 -> 0 | R14: =N14+O14-P14-Q14 -> 0 | U14: =IF(R14-S14=0," ",(T14-R14+S14)/(R14-S14)*100)
L15: =H15+I15-J15-K15 -> 0 | R15: =N15+O15-P15-Q15 -> 0 | U15: =IF(R15-S15=0," ",(T15-R15+S15)/(R15-S15)*100)
L16: =H16+I16-J16-K16 -> 0 | R16: =N16+O16-P16-Q16 -> 0 | U16: =IF(R16-S16=0," ",(T16-R16+S16)/(R16-S16)*100)
L17: =H17+I17-J17-K17 -> 0 | R17: =N17+O17-P17-Q17 -> 0 | U17: =IF(R17-S17=0," ",(T17-R17+S17)/(R17-S17)*100)
L18: =H18+I18-J18-K18 -> 0 | R18: =N18+O18-P18-Q18 -> 0 | U18: =IF(R18-S18=0," ",(T18-R18+S18)/(R18-S18)*100)
L19: =H19+I19-J19-K19 -> 0 | R19: =N19+O19-P19-Q19 -> 0 | U19: =IF(R19-S19=0," ",(T19-R19+S19)/(R19-S19)*100)
L20: =H20+I20-J20-K20 -> 0 | R20: =N20+O20-P20-Q20 -> 0 | U20: =IF(R20-S20=0," ",(T20-R20+S20)/(R20-S20)*100)
... L25: =H25+I25-J25-K25 -> 0 | R25: =N25+O25-P25-Q25 -> 0 | U25: =IF(R25-S25=0," ",(T25-R25+S25)/(R25-S25)*100)
U26: =IF(R26-S26=0," ",(T26-R26+S26)/(R26-S26)*100)
A27: 合 计 | H27: =SUM(H7:H26) -> 0 | I27: =SUM(I7:I26) -> 0 | J27: =SUM(J7:J26) -> 0 | K27: =SUM(K7:K26) -> 0 | L27: =SUM(L7:L26) -> 0 | M27: =SUM(M7:M26) -> 0 | N27: =SUM(N7:N26) -> 0 | O27: =SUM(O7:O26) -> 0 | ... T27: =SUM(T7:T26) -> 0 | U27: =IF(R27-S27=0," ",(T27-R27+S27)/(R27-S27)*100)
A28: =#REF!&#REF! -> #REF! | L28: ="评估人员："&#REF! -> #REF! | R28: ="评估人员："&#REF! -> #REF!
A29: =CONCATENATE(#REF!,#REF!,#REF!,#REF!,#REF!,#REF!,#REF!) -> #REF!

Sheet 周转材料
A1: 返回索引页 | B1: 返回
A2: 存货—周转材料评估明细表
A3: =CONCATENATE(#REF!,#REF!,#REF!,#REF!,#REF!,#REF!,#REF!) -> #REF!
A4: =#REF!&#REF! -> #REF! | X4: 金额单位：人民币元
A5: 序号 | B5: 对应核算单位 | C5: 名称及规格型号 | D5: 计量单位 | E5: 存放 地点 | F5: 摊销方法 | G5: 原始购置价格 | H5: 经济使用次数(期限) | I5: 尚可使用次数(期限) | J5: 预计净残值 | K5: 审计前账面值 | N5: 跌价准备 | O5: 账面价值 | R5: 跌价准备 | S5: 评估价值 | V5: 增减值 | W5: 增值率% | X5: 备注
K6: 数量 | L6: 单价 | M6: 金额 | O6: 数量 | P6: 单价 | Q6: 金额 | S6: 实际数量 | T6: 单价 | U6: 金额
L7: =IF(K7=0,"",M7/K7) | P7: =IF(O7=0,"",Q7/O7) | V7: =U7-(Q7-R7) -> 0 | W7: =IF(Q7-R7=0,"",V7/(Q7-R7)*100)
L8: =IF(K8=0,"",M8/K8) | P8: =IF(O8=0,"",Q8/O8) | V8: =U8-(Q8-R8) -> 0 | W8: =IF(Q8-R8=0,"",V8/(Q8-R8)*100)
L9: =IF(K9=0,"",M9/K9) | P9: =IF(O9=0,"",Q9/O9) | V9: =U9-(Q9-R9) -> 0 | W9: =IF(Q9-R9=0,"",V9/(Q9-R9)*100)
L10: =IF(K10=0,"",M10/K10) | P10: =IF(O10=0,"",Q10/O10) | V10: =U10-(Q10-R10) -> 0 | W10: =IF(Q10-R10=0,"",V10/(Q10-R10)*100)
L11: =IF(K11=0,"",M11/K11) | P11: =IF(O11=0,"",Q11/O11) | V11: =U11-(Q11-R11) -> 0 | W11: =IF(Q11-R11=0,"",V11/(Q11-R11)*100)
L12: =IF(K12=0,"",M12/K12) | P12: =IF(O12=0,"",Q12/O12) | V12: =U12-(Q12-R12) -> 0 | W12: =IF(Q12-R12=0,"",V12/(Q12-R12)*100)
L13: =IF(K13=0,"",M13/K13) | P13: =IF(O13=0,"",Q13/O13) | V13: =U13-(Q13-R13) -> 0 | W13: =IF(Q13-R13=0,"",V13/(Q13-R13)*100)
L14: =IF(K14=0,"",M14/K14) | P14: =IF(O14=0,"",Q14/O14) | V14: =U14-(Q14-R14) -> 0 | W14: =IF(Q14-R14=0,"",V14/(Q14-R14)*100)
L15: =IF(K15=0,"",M15/K15) | P15: =IF(O15=0,"",Q15/O15) | V15: =U15-(Q15-R15) -> 0 | W15: =IF(Q15-R15=0,"",V15/(Q15-R15)*100)
L16: =IF(K16=0,"",M16/K16) | P16: =IF(O16=0,"",Q16/O16) | V16: =U16-(Q16-R16) -> 0 | W16: =IF(Q16-R16=0,"",V16/(Q16-R16)*100)
L17: =IF(K17=0,"",M17/K17) | P17: =IF(O17=0,"",Q17/O17) | V17: =U17-(Q17-R17) -> 0 | W17: =IF(Q17-R17=0,"",V17/(Q17-R17)*100)
L18: =IF(K18=0,"",M18/K18) | P18: =IF(O18=0,"",Q18/O18) | V18: =U18-(Q18-R18) -> 0 | W18: =IF(Q18-R18=0,"",V18/(Q18-R18)*100)
... L25: =IF(K25=0,"",M25/K25) | P25: =IF(O25=0,"",Q25/O25) | V25: =U25-(Q25-R25) -> 0 | W25: =IF(Q25-R25=0,"",V25/(Q25-R25)*100)
V26: =U26-(Q26-R26) -> 0 | W26: =IF(Q26-R26=0,"",V26/(Q26-R26)*100)
A27: 合 计 | M27: =SUM(M7:M26) -> 0 | N27: =SUM(N7:N26) -> 0 | Q27: =SUM(Q7:Q26) -> 0 | R27: =SUM(R7:R26) -> 0 | U27: =SUM(U7:U26) -> 0 | V27: =U27-(Q27-R27) -> 0 | W27: =IF(Q27-R27=0,"",V27/(Q27-R27)*100)
A28: =#REF!&#REF! -> #REF! | S28: ="评估人员："&#REF! -> #REF!
A29: =CONCATENATE(#REF!,#REF!,#REF!,#REF!,#REF!,#REF!,#REF!) -> #REF!
B30: 注1： | C30: 1）正常，无需填写；2）残次，填“A”；3）变质，填“B”；4）毁损，填“C”；5）滞销，填“E”；
C31: 6）积压，填“D”并在备注中填写已积压时间“1年以内”、“1~2年”、“2~3年”、“3年以上”；7）其他情形用文字表述。

Sheet 一年到期非流动资产
A1: 返回索引页 | B1: 返回
A2: 一年内到期的非流动资产评估明细表
A3: =CONCATENATE(#REF!,#REF!,#REF!,#REF!,#REF!,#REF!,#REF!) -> #REF!
A4: =#REF!&#REF! -> #REF! | L4: 金额单位：人民币元
A5: 序号 | B5: 对应核算单位 | C5: 项目及内容 | D5: 发生日期 | E5: 到期日 | F5: 结算内容 | G5: 审计前账面值 | H5: 账面价值 | I5: 评估价值 | J5: 增减值 | K5: 增值率% | L5: 备注
J6: =IF(H6="","",I6-H6) | K6: =IF(H6=0,"",J6/H6*100)
J7: =IF(H7="","",I7-H7) | K7: =IF(H7=0,"",J7/H7*100)
J8: =IF(H8="","",I8-H8) | K8: =IF(H8=0,"",J8/H8*100)
J9: =IF(H9="","",I9-H9) | K9: =IF(H9=0,"",J9/H9*100)
J10: =IF(H10="","",I10-H10) | K10: =IF(H10=0,"",J10/H10*100)
J11: =IF(H11="","",I11-H11) | K11: =IF(H11=0,"",J11/H11*100)
J12: =IF(H12="","",I12-H12) | K12: =IF(H12=0,"",J12/H12*100)
J13: =IF(H13="","",I13-H13) | K13: =IF(H13=0,"",J13/H13*100)
J14: =IF(H14="","",I14-H14) | K14: =IF(H14=0,"",J14/H14*100)
J15: =IF(H15="","",I15-H15) | K15: =IF(H15=0,"",J15/H15*100)
J16: =IF(H16="","",I16-H16) | K16: =IF(H16=0,"",J16/H16*100)
J17: =IF(H17="","",I17-H17) | K17: =IF(H17=0,"",J17/H17*100)
... J26: =IF(H26="","",I26-H26) | K26: =IF(H26=0,"",J26/H26*100)
A27: 合 计 | G27: =SUM(G6:G26) -> 0 | H27: =SUM(H6:H26) -> 0 | I27: =SUM(I6:I26) -> 0 | J27: =IF(H27="","",I27-H27) -> 0 | K27: =IF(H27=0,"",J27/H27*100)
A28: =#REF!&#REF! -> #REF! | I28: ="评估人员："&#REF! -> #REF!
A29: =CONCATENATE(#REF!,#REF!,#REF!,#REF!,#REF!,#REF!,#REF!) -> #REF!

Sheet 其他流动资产
A1: 返回索引页 | B1: 返回
A2: 其他流动资产评估明细表
A3: =CONCATENATE(#REF!,#REF!,#REF!,#REF!,#REF!,#REF!,#REF!) -> #REF!
A4: =#REF!&#REF! -> #REF! | J4: 金额单位：人民币元
A5: 序号 | B5: 对应核算单位 | C5: 项目及内容 | D5: 发生日期 | E5: 审计前账面值 | F5: 账面价值 | G5: 评估价值 | H5: 增减值 | I5: 增值率% | J5: 备注
H6: =IF(F6="","",G6-F6) | I6: =IF(F6=0,"",H6/F6*100)
H7: =IF(F7="","",G7-F7) | I7: =IF(F7=0,"",H7/F7*100)
H8: =IF(F8="","",G8-F8) | I8: =IF(F8=0,"",H8/F8*100)
H9: =IF(F9="","",G9-F9) | I9: =IF(F9=0,"",H9/F9*100)
H10: =IF(F10="","",G10-F10) | I10: =IF(F10=0,"",H10/F10*100)
H11: =IF(F11="","",G11-F11) | I11: =IF(F11=0,"",H11/F11*100)
H12: =IF(F12="","",G12-F12) | I12: =IF(F12=0,"",H12/F12*100)
H13: =IF(F13="","",G13-F13) | I13: =IF(F13=0,"",H13/F13*100)
H14: =IF(F14="","",G14-F14) | I14: =IF(F14=0,"",H14/F14*100)
H15: =IF(F15="","",G15-F15) | I15: =IF(F15=0,"",H15/F15*100)
H16: =IF(F16="","",G16-F16) | I16: =IF(F16=0,"",H16/F16*100)
H17: =IF(F17="","",G17-F17) | I17: =IF(F17=0,"",H17/F17*100)
... H26: =IF(F26="","",G26-F26) | I26: =IF(F26=0,"",H26/F26*100)
A27: 合 计 | E27: =SUM(E6:E26) -> 0 | F27: =SUM(F6:F26) -> 0 | G27: =SUM(G6:G26) -> 0 | H27: =IF(F27="","",G27-F27) -> 0 | I27: =IF(F27=0,"",H27/F27*100)
A28: =#REF!&#REF! -> #REF! | G28: ="评估人员："&#REF! -> #REF!
A29: =CONCATENATE(#REF!,#REF!,#REF!,#REF!,#REF!,#REF!,#REF!) -> #REF!

Sheet 非流动资产汇总
A1: 返回索引页 | B1: 返回
A2: 非流动资产汇总表
A3: =CONCATENATE(#REF!,#REF!,#REF!,#REF!,#REF!,#REF!,#REF!) -> #REF!
A4: =#REF!&#REF! -> #REF! | H4: 金额单位：人民币元
A5: 编号 | B5: 科目名称 | C5: 审计前账面价值 | D5: 审计后账面价值 | E5: 减值准备 | F5: 评估价值 | G5: 增值额 | H5: 增值率%
A6: 4-1 | B6: 可供出售金融资产 | C6: =可供出售金融资产汇总!C27 -> 0 | D6: =可供出售金融资产汇总!D27 -> 0 | F6: =可供出售金融资产汇总!E27 -> 0 | G6: =IF(D6-E6=0,"",F6-D6+E6) | H6: =IF(D6-E6=0,"",G6/(D6-E6)*100)
A7: 4-2 | B7: 持有至到期投资 | C7: =持有到期投资!I27 -> 0 | D7: =持有到期投资!K27 -> 0 | F7: =持有到期投资!M27 -> 0 | G7: =IF(D7-E7=0,"",F7-D7+E7) | H7: =IF(D7-E7=0,"",G7/(D7-E7)*100)
A8: 4-3 | B8: 长期应收款 | C8: =长期应收!F27 -> 0 | D8: =长期应收!G27 -> 0 | F8: =长期应收!H27 -> 0 | G8: =IF(D8-E8=0,"",F8-D8+E8) | H8: =IF(D8-E8=0,"",G8/(D8-E8)*100)
A9: 4-4 | B9: 长期股权投资 | C9: =长期股权投资!H27 -> 0 | D9: =长期股权投资!J27 -> 0 | F9: =长期股权投资!L27 -> 0 | G9: =IF(D9-E9=0,"",F9-D9+E9) | H9: =IF(D9-E9=0,"",G9/(D9-E9)*100)
A10: 4-5 | B10: 投资性房地产 | C10: ='投资性房地产-房屋成本计量'!AP27+'投资性房地产-房屋公允价值计量'!AP27+'投资性房地产-土地成本计量'!W27+'投资性房地产-土地公允价值计量'!W27 -> 0 | D10: ='投资性房地产-房屋成本计量'!AS27+'投资性房地产-房屋公允价值计量'!AS27+'投资性房地产-土地成本计量'!Y27+'投资性房地产-土地公允价值计量'!Y27 -> 0 | F10: ='投资性房地产-房屋成本计量'!AW27+'投资性房地产-房屋公允价值计量'!AU27+'投资性房地产-土地成本计量'!AA27+'投资性房地产-土地公允价值计量'!AA27 -> 0 | G10: =IF(D10-E10=0,"",F10-D10+E10) | H10: =IF(D10-E10=0,"",G10/(D10-E10)*100)
A11: 4-6 | B11: 固定资产 | C11: =#REF! -> #REF! | D11: =#REF! -> #REF! | F11: =#REF! -> #REF! | G11: =IF(D11-E11=0,"",F11-D11+E11) -> #REF! | H11: =IF(D11-E11=0,"",G11/(D11-E11)*100) -> #REF!
A12: 4-7 | B12: 在建工程 | C12: =在建工程汇总!C26 -> 0 | D12: =在建工程汇总!D26 -> 0 | F12: =在建工程汇总!E26 -> 0 | G12: =IF(D12-E12=0,"",F12-D12+E12) | H12: =IF(D12-E12=0,"",G12/(D12-E12)*100)
A13: 4-8 | B13: 工程物资 | C13: =工程物资!H27 -> 0 | D13: =工程物资!K27 -> 0 | F13: =工程物资!N27 -> 0 | G13: =IF(D13-E13=0,"",F13-D13+E13) | H13: =IF(D13-E13=0,"",G13/(D13-E13)*100)
A14: 4-9 | B14: 固定资产清理 | C14: =固定资产清理!H27 -> 0 | D14: =固定资产清理!I27 -> 0 | F14: =固定资产清理!J27 -> 0 | G14: =IF(D14-E14=0,"",F14-D14+E14) | H14: =IF(D14-E14=0,"",G14/(D14-E14)*100)
A15: 4-10 | B15: 生产性生物资产 | C15: =生产性生物资产!AE27 -> 0 | D15: =生产性生物资产!AG27 -> 0 | F15: =生产性生物资产!AJ27 -> 0 | G15: =IF(D15-E15=0,"",F15-D15+E15) | H15: =IF(D15-E15=0,"",G15/(D15-E15)*100)
A16: 4-11 | B16: 油气资产 | C16: =油气资产!AB27 -> 0 | D16: =油气资产!AD27 -> 0 | F16: =油气资产!AG27 -> 0 | G16: =IF(D16-E16=0,"",F16-D16+E16) | H16: =IF(D16-E16=0,"",G16/(D16-E16)*100)
A17: 4-12 | B17: 无形资产 | C17: =无形资产汇总!C28 -> 0 | D17: =无形资产汇总!D28 -> 0 | F17: =无形资产汇总!E28 -> 0 | G17: =IF(D17-E17=0,"",F17-D17+E17) | H17: =IF(D17-E17=0,"",G17/(D17-E17)*100)
A18: 4-13 | B18: 开发支出 | C18: =开发支出!G27 -> 0 | D18: =开发支出!H27 -> 0 | F18: =开发支出!I27 -> 0 | G18: =IF(D18-E18=0,"",F18-D18+E18) | H18: =IF(D18-E18=0,"",G18/(D18-E18)*100)
A19: 4-14 | B19: 商誉 | C19: =商誉!E27 -> 0 | D19: =商誉!F27 -> 0 | F19: =商誉!G27 -> 0 | G19: =IF(D19-E19=0,"",F19-D19+E19) | H19: =IF(D19-E19=0,"",G19/(D19-E19)*100)
A20: 4-15 | B20: 长期待摊费用 | C20: =长期待摊费用!G27 -> 0 | D20: =长期待摊费用!H27 -> 0 | F20: =长期待摊费用!J27 -> 0 | G20: =IF(D20-E20=0,"",F20-D20+E20) | H20: =IF(D20-E20=0,"",G20/(D20-E20)*100)
A21: 4-16 | B21: 递延所得税资产 | C21: =递延所得税资产!E27 -> 0 | D21: =递延所得税资产!J27 -> 0 | F21: =递延所得税资产!K27 -> 0 | G21: =IF(D21-E21=0,"",F21-D21+E21) | H21: =IF(D21-E21=0,"",G21/(D21-E21)*100)
A22: 4-17 | B22: 其他非流动资产 | C22: =其他非流动资产汇总!C27 -> 0 | D22: =其他非流动资产汇总!D27 -> 0 | F22: =其他非流动资产汇总!E27 -> 0 | G22: =IF(D22-E22=0,"",F22-D22+E22) | H22: =IF(D22-E22=0,"",G22/(D22-E22)*100)
G23: =IF(D23-E23=0,"",F23-D23+E23) | H23: =IF(D23-E23=0,"",G23/(D23-E23)*100)
G24: =IF(D24-E24=0,"",F24-D24+E24) | H24: =IF(D24-E24=0,"",G24/(D24-E24)*100)
G25: =IF(D25-E25=0,"",F25-D25+E25) | H25: =IF(D25-E25=0,"",G25/(D25-E25)*100)
G26: =IF(D26-E26=0,"",F26-D26+E26) | H26: =IF(D26-E26=0,"",G26/(D26-E26)*100)
A27: 4 | B27: 合计 | C27: =SUM(C6:C26) -> #REF! | D27: =SUM(D6:D26) -> #REF! | E27: =SUM(E6:E26) -> 0 | F27: =SUM(F6:F26) -> #REF! | G27: =IF(D27-E27=0,"",F27-D27+E27) -> #REF! | H27: =IF(D27-E27=0,"",G27/(D27-E27)*100) -> #REF!
A28: =#REF!&#REF! -> #REF!
A29: =CONCATENATE(#REF!,#REF!,#REF!,#REF!,#REF!,#REF!,#REF!) -> #REF!

Sheet 可供出售金融资产汇总
A1: 返回索引页 | B1: 返回
A2: 可供出售金融资产评估汇总表
A3: =CONCATENATE(#REF!,#REF!,#REF!,#REF!,#REF!,#REF!,#REF!) -> #REF!
A4: =#REF!&#REF! -> #REF! | G4: 金额单位：人民币元
A5: 编号 | B5: 科目名称 | C5: 审计前账面值 | D5: 账面价值 | E5: 评估价值 | F5: 增值额 | G5: 增值率%
A6: 4-1-1 | B6: 可供出售金融资产-股票投资 | C6: ='可出售-股票'!J27 -> 0 | D6: ='可出售-股票'!L27 -> 0 | E6: ='可出售-股票'!N27 -> 0 | F6: =E6-D6 -> 0 | G6: =IF(D6=0,"",F6/D6*100)
A7: 4-1-2 | B7: 可供出售金融资产-债券投资 | C7: ='可出售-债券'!I27 -> 0 | D7: ='可出售-债券'!K27 -> 0 | E7: ='可出售-债券'!M27 -> 0 | F7: =E7-D7 -> 0 | G7: =IF(D7=0,"",F7/D7*100)
A8: 4-1-3 | B8: 可供出售金融资产-其他投资 | C8: ='可出售-其他'!I27 -> 0 | D8: ='可出售-其他'!K27 -> 0 | E8: ='可出售-其他'!M27 -> 0 | F8: =E8-D8 -> 0 | G8: =IF(D8=0,"",F8/D8*100)
A25: 4-1 | B25: 可供出售金融资产合计 | C25: =SUM(C6:C24) -> 0 | D25: =SUM(D6:D24) -> 0 | E25: =SUM(E6:E24) -> 0 | F25: =SUM(F6:F24) -> 0 | G25: =IF(D25=0,"",F25/D25*100)
A26: 4-1 | B26: 减：可供出售金融资产减值准备 | E26: 0 | F26: =E26-D26 -> 0 | G26: =IF(D26=0,"",F26/D26*100)
A27: 4-1 | B27: 可供出售金融资产净额 | C27: =C25-C26 -> 0 | D27: =D25-D26 -> 0 | E27: =E25-E26 -> 0 | F27: =E27-D27 -> 0 | G27: =IF(D27=0,"",F27/D27*100)
A28: =#REF!&#REF! -> #REF! | E28: ="评估人员："&#REF! -> #REF!
A29: =CONCATENATE(#REF!,#REF!,#REF!,#REF!,#REF!,#REF!,#REF!) -> #REF!

Sheet 可出售-股票
A1: 返回索引页 | B1: 返回
A2: 可供出售金融资产—股票投资评估明细表
A3: =CONCATENATE(#REF!,#REF!,#REF!,#REF!,#REF!,#REF!,#REF!) -> #REF!
A4: =#REF!&#REF! -> #REF! | Q4: 金额单位：人民币元
A5: 序号 | B5: 对应核算单位 | C5: 被投资单位名称 | D5: 股票性质 | E5: 投资日期 | F5: 持股数量 | G5: 持股比例% | H5: 基准日市价 | I5: 取得成本 | J5: 审计前账面值 | K5: 跌价准备 | L5: 账面价值 | M5: 跌价准备 | N5: 评估价值 | O5: 增减值 | P5: 增值率% | Q5: 备注
O6: =IF(L6="","",N6-L6) | P6: =IF(L6=0,"",O6/L6*100)
O7: =IF(L7="","",N7-L7) | P7: =IF(L7=0,"",O7/L7*100)
O8: =IF(L8="","",N8-L8) | P8: =IF(L8=0,"",O8/L8*100)
O9: =IF(L9="","",N9-L9) | P9: =IF(L9=0,"",O9/L9*100)
O10: =IF(L10="","",N10-L10) | P10: =IF(L10=0,"",O10/L10*100)
O11: =IF(L11="","",N11-L11) | P11: =IF(L11=0,"",O11/L11*100)
O12: =IF(L12="","",N12-L12) | P12: =IF(L12=0,"",O12/L12*100)
O13: =IF(L13="","",N13-L13) | P13: =IF(L13=0,"",O13/L13*100)
O14: =IF(L14="","",N14-L14) | P14: =IF(L14=0,"",O14/L14*100)
O15: =IF(L15="","",N15-L15) | P15: =IF(L15=0,"",O15/L15*100)
O16: =IF(L16="","",N16-L16) | P16: =IF(L16=0,"",O16/L16*100)
O17: =IF(L17="","",N17-L17) | P17: =IF(L17=0,"",O17/L17*100)
... O26: =IF(L26="","",N26-L26) | P26: =IF(L26=0,"",O26/L26*100)
A27: 合 计 | J27: =SUM(J6:J26) -> 0 | L27: =SUM(L6:L26) -> 0 | N27: =SUM(N6:N26) -> 0 | O27: =IF(L27="","",N27-L27) -> 0 | P27: =IF(L27=0,"",O27/L27*100)
A28: =#REF!&#REF! -> #REF! | N28: ="评估人员："&#REF! -> #REF!
A29: =CONCATENATE(#REF!,#REF!,#REF!,#REF!,#REF!,#REF!,#REF!) -> #REF!

Sheet 可出售-债券
A1: 返回索引页 | B1: 返回
A2: 可供出售金融资产—债券投资评估明细表
A3: =CONCATENATE(#REF!,#REF!,#REF!,#REF!,#REF!,#REF!,#REF!) -> #REF!
A4: =#REF!&#REF! -> #REF! | P4: 金额单位：人民币元
A5: 序号 | B5: 对应核算单位 | C5: 被投资单位名称 | D5: 债券种类 | E5: 发行日期 | F5: 到期日 | G5: 票面利率% | H5: 成本(面值) | I5: 审计前账面值 | J5: 跌价准备 | K5: 账面价值 | L5: 跌价准备 | M5: 评估价值 | N5: 增减值 | O5: 增值率% | P5: 备注
N6: =IF(K6="","",M6-K6) | O6: =IF(K6=0,"",N6/K6*100)
N7: =IF(K7="","",M7-K7) | O7: =IF(K7=0,"",N7/K7*100)
N8: =IF(K8="","",M8-K8) | O8: =IF(K8=0,"",N8/K8*100)
N9: =IF(K9="","",M9-K9) | O9: =IF(K9=0,"",N9/K9*100)
N10: =IF(K10="","",M10-K10) | O10: =IF(K10=0,"",N10/K10*100)
N11: =IF(K11="","",M11-K11) | O11: =IF(K11=0,"",N11/K11*100)
N12: =IF(K12="","",M12-K12) | O12: =IF(K12=0,"",N12/K12*100)
N13: =IF(K13="","",M13-K13) | O13: =IF(K13=0,"",N13/K13*100)
N14: =IF(K14="","",M14-K14) | O14: =IF(K14=0,"",N14/K14*100)
N15: =IF(K15="","",M15-K15) | O15: =IF(K15=0,"",N15/K15*100)
N16: =IF(K16="","",M16-K16) | O16: =IF(K16=0,"",N16/K16*100)
N17: =IF(K17="","",M17-K17) | O17: =IF(K17=0,"",N17/K17*100)
... N26: =IF(K26="","",M26-K26) | O26: =IF(K26=0,"",N26/K26*100)
A27: 合 计 | I27: =SUM(I6:I26) -> 0 | K27: =SUM(K6:K26) -> 0 | M27: =SUM(M6:M26) -> 0 | N27: =IF(K27="","",M27-K27) -> 0 | O27: =IF(K27=0,"",N27/K27*100)
A28: =#REF!&#REF! -> #REF! | M28: ="评估人员："&#REF! -> #REF!
A29: =CONCATENATE(#REF!,#REF!,#REF!,#REF!,#REF!,#REF!,#REF!) -> #REF!

Sheet 可出售-其他
A1: 返回索引页 | B1: 返回
A2: 可供出售金融资产—其他投资评估明细表
A3: =CONCATENATE(#REF!,#REF!,#REF!,#REF!,#REF!,#REF!,#REF!) -> #REF!
A4: =#REF!&#REF! -> #REF! | P4: 金额单位：人民币元
A5: 序号 | B5: 对应核算单位 | C5: 被投资单位名称 | D5: 金融资产名称 | E5: 投资日期 | F5: 持有数量 | G5: 基准日市价 | H5: 成本 | I5: 审计前账面值 | J5: 跌价准备 | K5: 账面价值 | L5: 跌价准备 | M5: 评估价值 | N5: 增减值 | O5: 增值率% | P5: 备注
N6: =IF(K6="","",M6-K6) | O6: =IF(K6=0,"",N6/K6*100)
N7: =IF(K7="","",M7-K7) | O7: =IF(K7=0,"",N7/K7*100)
N8: =IF(K8="","",M8-K8) | O8: =IF(K8=0,"",N8/K8*100)
N9: =IF(K9="","",M9-K9) | O9: =IF(K9=0,"",N9/K9*100)
N10: =IF(K10="","",M10-K10) | O10: =IF(K10=0,"",N10/K10*100)
N11: =IF(K11="","",M11-K11) | O11: =IF(K11=0,"",N11/K11*100)
N12: =IF(K12="","",M12-K12) | O12: =IF(K12=0,"",N12/K12*100)
N13: =IF(K13="","",M13-K13) | O13: =IF(K13=0,"",N13/K13*100)
N14: =IF(K14="","",M14-K14) | O14: =IF(K14=0,"",N14/K14*100)
N15: =IF(K15="","",M15-K15) | O15: =IF(K15=0,"",N15/K15*100)
N16: =IF(K16="","",M16-K16) | O16: =IF(K16=0,"",N16/K16*100)
N17: =IF(K17="","",M17-K17) | O17: =IF(K17=0,"",N17/K17*100)
... N26: =IF(K26="","",M26-K26) | O26: =IF(K26=0,"",N26/K26*100)
A27: 合 计 | I27: =SUM(I6:I26) -> 0 | K27: =SUM(K6:K26) -> 0 | M27: =SUM(M6:M26) -> 0 | N27: =IF(K27="","",M27-K27) -> 0 | O27: =IF(K27=0,"",N27/K27*100)
A28: =#REF!&#REF! -> #REF! | M28: ="评估人员："&#REF! -> #REF!
A29: =CONCATENATE(#REF!,#REF!,#REF!,#REF!,#REF!,#REF!,#REF!) -> #REF!

Sheet 持有到期投资
A1: 返回索引页 | B1: 返回
A2: 持有至到期投资评估明细表
A3: =CONCATENATE(#REF!,#REF!,#REF!,#REF!,#REF!,#REF!,#REF!) -> #REF!
A4: =#REF!&#REF! -> #REF! | P4: 金额单位：人民币元
A5: 序号 | B5: 对应核算单位 | C5: 被投资单位名称 | D5: 投资类别 | E5: 投资日期 | F5: 到期日 | G5: 票面利率% | H5: 投资成本 | I5: 审计前账面值 | J5: 跌价准备 | K5: 账面价值 | L5: 跌价准备 | M5: 评估价值 | N5: 增减值 | O5: 增值率% | P5: 备注
N6: =IF(K6="","",M6-K6) | O6: =IF(K6=0,"",N6/K6*100)
N7: =IF(K7="","",M7-K7) | O7: =IF(K7=0,"",N7/K7*100)
N8: =IF(K8="","",M8-K8) | O8: =IF(K8=0,"",N8/K8*100)
N9: =IF(K9="","",M9-K9) | O9: =IF(K9=0,"",N9/K9*100)
N10: =IF(K10="","",M10-K10) | O10: =IF(K10=0,"",N10/K10*100)
N11: =IF(K11="","",M11-K11) | O11: =IF(K11=0,"",N11/K11*100)
N12: =IF(K12="","",M12-K12) | O12: =IF(K12=0,"",N12/K12*100)
N13: =IF(K13="","",M13-K13) | O13: =IF(K13=0,"",N13/K13*100)
N14: =IF(K14="","",M14-K14) | O14: =IF(K14=0,"",N14/K14*100)
N15: =IF(K15="","",M15-K15) | O15: =IF(K15=0,"",N15/K15*100)
N16: =IF(K16="","",M16-K16) | O16: =IF(K16=0,"",N16/K16*100)
N17: =IF(K17="","",M17-K17) | O17: =IF(K17=0,"",N17/K17*100)
... N24: =IF(K24="","",M24-K24) | O24: =IF(K24=0,"",N24/K24*100)
A25: 合 计 | I25: =SUM(I6:I24) -> 0 | K25: =SUM(K6:K24) -> 0 | M25: =SUM(M6:M24) -> 0 | N25: =IF(K25="","",M25-K25) -> 0 | O25: =IF(K25=0,"",N25/K25*100)
A26: 减：持有至到期投资减值准备 | M26: 0 | N26: =IF(K26="","",M26-K26) | O26: =IF(K26=0,"",N26/K26*100)
A27: 净 额 | I27: =I25-I26 -> 0 | K27: =K25-K26 -> 0 | M27: =M25-M26 -> 0 | N27: =IF(K27="","",M27-K27) -> 0 | O27: =IF(K27=0,"",N27/K27*100)
A28: =#REF!&#REF! -> #REF! | M28: ="评估人员："&#REF! -> #REF!
A29: =CONCATENATE(#REF!,#REF!,#REF!,#REF!,#REF!,#REF!,#REF!) -> #REF!

Sheet 长期应收
A1: 返回索引页 | B1: 返回
A2: 长期应收款评估明细表
A3: =CONCATENATE(#REF!,#REF!,#REF!,#REF!,#REF!,#REF!,#REF!) -> #REF!
A4: =#REF!&#REF! -> #REF! | K4: 金额单位：人民币元
A5: 序号 | B5: 对应核算单位 | C5: 欠款单位名称（结算对象) | D5: 业务内容 | E5: 发生日期 | F5: 审计前账面值 | G5: 账面价值 | H5: 评估价值 | I5: 增减值 | J5: 增值率% | K5: 备注
I6: =IF(G6="","",H6-G6) | J6: =IF(G6=0,"",I6/G6*100)
I7: =IF(G7="","",H7-G7) | J7: =IF(G7=0,"",I7/G7*100)
I8: =IF(G8="","",H8-G8) | J8: =IF(G8=0,"",I8/G8*100)
I9: =IF(G9="","",H9-G9) | J9: =IF(G9=0,"",I9/G9*100)
I10: =IF(G10="","",H10-G10) | J10: =IF(G10=0,"",I10/G10*100)
I11: =IF(G11="","",H11-G11) | J11: =IF(G11=0,"",I11/G11*100)
I12: =IF(G12="","",H12-G12) | J12: =IF(G12=0,"",I12/G12*100)
I13: =IF(G13="","",H13-G13) | J13: =IF(G13=0,"",I13/G13*100)
I14: =IF(G14="","",H14-G14) | J14: =IF(G14=0,"",I14/G14*100)
I15: =IF(G15="","",H15-G15) | J15: =IF(G15=0,"",I15/G15*100)
I16: =IF(G16="","",H16-G16) | J16: =IF(G16=0,"",I16/G16*100)
I17: =IF(G17="","",H17-G17) | J17: =IF(G17=0,"",I17/G17*100)
... I23: =IF(G23="","",H23-G23) | J23: =IF(G23=0,"",I23/G23*100)
A24: 合 计 | F24: =SUM(F6:F23) -> 0 | G24: =SUM(G6:G23) -> 0 | H24: =SUM(H6:H23) -> 0 | I24: =IF(G24="","",H24-G24) -> 0 | J24: =IF(G24=0,"",I24/G24*100)
A25: 减：坏账准备 | H25: 0 | I25: =IF(G25="","",H25-G25) | J25: =IF(G25=0,"",I25/G25*100)
A26: 减：评估风险损失 | I26: =IF(G26="","",H26-G26) | J26: =IF(G26=0,"",I26/G26*100)
A27: 净 额 | F27: =F24-F25-F26 -> 0 | G27: =G24-G25-G26 -> 0 | H27: =H24-H25-H26 -> 0 | I27: =IF(G27="","",H27-G27) -> 0 | J27: =IF(G27=0,"",I27/G27*100)
A28: =#REF!&#REF! -> #REF! | H28: ="评估人员："&#REF! -> #REF!
A29: =CONCATENATE(#REF!,#REF!,#REF!,#REF!,#REF!,#REF!,#REF!) -> #REF!
B30: 注1： | C30: 注明账齡在一年以上的账款的可收回性，若有部分可能不能收回，请估计不能收回的金額，以供评估时作參考。
B31: 注2：“备注”栏填写方法： | C31: 1）欠款单位为关联方、总公司内部或本公司内部单位的，应在备注栏注明“关联方”、“总公司内部”、“内部单位”；
C32: 2） 涉诉款项应在备注中标明“涉诉”；
C33: 3）评估基准日后已部分或全部收回款项的，应注明日期及金额，如“2003年2月4日收回8,530.00元”；
C34: 4）填表单位认为其他应说明的事项

Sheet 长期股权投资
A1: 返回索引页 | B1: 返回
A2: 长期股权投资评估明细表
A3: =CONCATENATE(#REF!,#REF!,#REF!,#REF!,#REF!,#REF!,#REF!) -> #REF!
A4: =#REF!&#REF! -> #REF! | O4: 金额单位：人民币元
A5: 序号 | B5: 核算单位 | C5: 被投资单位名称 | D5: 投资日期 | E5: 协议投资期限 | F5: 投资比例% | G5: 投资成本 | H5: 审计前账面值 | I5: 减值准备 | J5: 账面价值 | K5: 减值准备 | L5: 评估价值 | M5: 增减值 | N5: 增值率% | O5: 备注
M6: =IF(J6="","",L6-J6) | N6: =IF(J6=0,"",M6/J6*100)
M7: =IF(J7="","",L7-J7) | N7: =IF(J7=0,"",M7/J7*100)
M8: =IF(J8="","",L8-J8) | N8: =IF(J8=0,"",M8/J8*100)
M9: =IF(J9="","",L9-J9) | N9: =IF(J9=0,"",M9/J9*100)
M10: =IF(J10="","",L10-J10) | N10: =IF(J10=0,"",M10/J10*100)
M11: =IF(J11="","",L11-J11) | N11: =IF(J11=0,"",M11/J11*100)
M12: =IF(J12="","",L12-J12) | N12: =IF(J12=0,"",M12/J12*100)
M13: =IF(J13="","",L13-J13) | N13: =IF(J13=0,"",M13/J13*100)
M14: =IF(J14="","",L14-J14) | N14: =IF(J14=0,"",M14/J14*100)
M15: =IF(J15="","",L15-J15) | N15: =IF(J15=0,"",M15/J15*100)
M16: =IF(J16="","",L16-J16) | N16: =IF(J16=0,"",M16/J16*100)
M17: =IF(J17="","",L17-J17) | N17: =IF(J17=0,"",M17/J17*100)
... M24: =IF(J24="","",L24-J24) | N24: =IF(J24=0,"",M24/J24*100)
A25: 合 计 | H25: =SUM(H6:H24) -> 0 | J25: =SUM(J6:J24) -> 0 | L25: =SUM(L6:L24) -> 0 | M25: =IF(J25="","",L25-J25) -> 0 | N25: =IF(J25=0,"",M25/J25*100)
A26: 减：长期股权投资减值准备 | L26: 0 | M26: =IF(J26="","",L26-J26) | N26: =IF(J26=0,"",M26/J26*100)
A27: 净 额 | H27: =H25-H26 -> 0 | J27: =J25-J26 -> 0 | L27: =L25-L26 -> 0 | M27: =IF(J27="","",L27-J27) -> 0 | N27: =IF(J27=0,"",M27/J27*100)
A28: =#REF!&#REF! -> #REF! | L28: ="评估人员："&#REF! -> #REF!
A29: =CONCATENATE(#REF!,#REF!,#REF!,#REF!,#REF!,#REF!,#REF!) -> #REF!

Sheet 投资性房地产-房屋成本计量
A1: 返回索引页 | B1: 返回
A2: 投资性房地产—房屋评估明细表(采用成本模式计量)
A3: =CONCATENATE(#REF!,#REF!,#REF!,#REF!,#REF!,#REF!,#REF!) -> #REF!
A4: =#REF!&#REF! -> #REF! | AZ4: 金额单位：人民币元
A5: 序号 | B5: 对应核算单位 | C5: 土地情况 | L5: 权证编号 | M5: 证载权利人名称 | N5: 实际占用人名称 | O5: 房产 名称 | P5: 来源 | Q5: 结构 | R5: 建成年月 | S5: 计量单位 | T5: 建筑面积 (m2) | U5: 成本单价 (元/m2) | V5: 详细地址 | W5: 现用途 | X5: 层高 | Y5: 檐高 | Z5: 总层数 | AA5: 本单位占第几层 | AB5: 若未取得房产证，目前权利人 | AC5: 使用状况 | AD5: 房地产来源 | AE5: 账外资产原始取得价格 | AF5: 账面值中含电梯空调主机等大型设备的价值 | AG5: 是否包含土地价值 | AH5: 是否设定抵押权 | AI5: 是否为外购商品房 | AJ5: 是否为房改房 | AK5: 如是房改房是否还要继续房改 | AL5: 是否存在有账无实情况 | AM5: 采用成本/公允价值模式计量 | AN5: 原始入帐价值（转入日公允价值） | AO5: 审计前账面值 | AR5: 账面价值 | AT5: 减值准备 | AU5: 评估价值 | AX5: 增值率% | AY5: 评估单价(元/m2) | AZ5: 备注
C6: 宗地所在省市(县) | D6: 宗地编号 | E6: 宗地名称 | F6: 土地证编号 | G6: 详细座落地址 | H6: 土地面积(M2) | I6: 土地用途 | J6: 开发程度 | K6: 土地权属性质 | AO6: 原值 | AP6: 净值 | AQ6: 减值准备 | AR6: 原值 | AS6: 净值 | AU6: 原值 | AV6: 成新率% | AW6: 净值
A7: 1 | AU7: =ROUND(T7*AY7,-1) -> 0 | AW7: =ROUND(AU7*AV7/100,0) -> 0 | AX7: =IF(AS7=0,"",(AW7-AS7)/AS7*100)
A8: 2 | AU8: =ROUND(T8*AY8,-1) -> 0 | AW8: =ROUND(AU8*AV8/100,0) -> 0 | AX8: =IF(AS8=0,"",(AW8-AS8)/AS8*100)
A9: 3 | AU9: =ROUND(T9*AY9,-1) -> 0 | AW9: =ROUND(AU9*AV9/100,0) -> 0 | AX9: =IF(AS9=0,"",(AW9-AS9)/AS9*100)
A10: 4 | AU10: =ROUND(T10*AY10,-1) -> 0 | AW10: =ROUND(AU10*AV10/100,0) -> 0 | AX10: =IF(AS10=0,"",(AW10-AS10)/AS10*100)
A11: 5 | AU11: =ROUND(T11*AY11,-1) -> 0 | AW11: =ROUND(AU11*AV11/100,0) -> 0 | AX11: =IF(AS11=0,"",(AW11-AS11)/AS11*100)
A12: 6 | AU12: =ROUND(T12*AY12,-1) -> 0 | AW12: =ROUND(AU12*AV12/100,0) -> 0 | AX12: =IF(AS12=0,"",(AW12-AS12)/AS12*100)
A13: 7 | AU13: =ROUND(T13*AY13,-1) -> 0 | AW13: =ROUND(AU13*AV13/100,0) -> 0 | AX13: =IF(AS13=0,"",(AW13-AS13)/AS13*100)
A14: 8 | AU14: =ROUND(T14*AY14,-1) -> 0 | AW14: =ROUND(AU14*AV14/100,0) -> 0 | AX14: =IF(AS14=0,"",(AW14-AS14)/AS14*100)
A15: 9 | AU15: =ROUND(T15*AY15,-1) -> 0 | AW15: =ROUND(AU15*AV15/100,0) -> 0 | AX15: =IF(AS15=0,"",(AW15-AS15)/AS15*100)
A16: 10 | AU16: =ROUND(T16*AY16,-1) -> 0 | AW16: =ROUND(AU16*AV16/100,0) -> 0 | AX16: =IF(AS16=0,"",(AW16-AS16)/AS16*100)
A17: 11 | AU17: =ROUND(T17*AY17,-1) -> 0 | AW17: =ROUND(AU17*AV17/100,0) -> 0 | AX17: =IF(AS17=0,"",(AW17-AS17)/AS17*100)
A18: 12 | AU18: =ROUND(T18*AY18,-1) -> 0 | AW18: =ROUND(AU18*AV18/100,0) -> 0 | AX18: =IF(AS18=0,"",(AW18-AS18)/AS18*100)
... A23: 17 | AU23: =ROUND(T23*AY23,-1) -> 0 | AW23: =ROUND(AU23*AV23/100,0) -> 0 | AX23: =IF(AS23=0,"",(AW23-AS23)/AS23*100)
A24: 18 | AX24: =IF(AS24=0,"",(AW24-AS24)/AS24*100)
A25: 合 计 | AO25: =SUM(AO7:AO24) -> 0 | AP25: =SUM(AP7:AP24) -> 0 | AR25: =SUM(AR7:AR24) -> 0 | AS25: =SUM(AS7:AS24) -> 0 | AU25: =SUM(AU7:AU24) -> 0 | AW25: =SUM(AW7:AW24) -> 0 | AX25: =IF(AS25=0,"",(AW25-AS25)/AS25*100)
A26: 减：投资性房地产减值准备 | AP26: =SUM(AQ7:AQ24) -> 0 | AS26: =SUM(AT7:AT24) -> 0 | AW26: 0 | AX26: =IF(AS26=0,"",(AW26-AS26)/AS26*100)
A27: 净 额 | AO27: =AO25-AO26 -> 0 | AP27: =AP25-AP26 -> 0 | AR27: =AR25-AR26 -> 0 | AS27: =AS25-AS26 -> 0 | AU27: =AU25-AU26 -> 0 | AW27: =AW25-AW26 -> 0 | AX27: =IF(AS27=0,"",(AW27-AS27)/AS27*100)
A28: =#REF!&#REF! -> #REF! | AU28: ="评估人员："&#REF! -> #REF!
A29: =CONCATENATE(#REF!,#REF!,#REF!,#REF!,#REF!,#REF!,#REF!) -> #REF!

Sheet 投资性房地产-房屋公允价值计量
A1: 返回索引页 | B1: 返回
A2: 投资性房地产—房屋评估明细表(采用公允价值模式计量)
A3: =CONCATENATE(#REF!,#REF!,#REF!,#REF!,#REF!,#REF!,#REF!) -> #REF!
A4: =#REF!&#REF! -> #REF! | AY4: 金额单位：人民币元
A5: 序号 | B5: 对应核算单位 | C5: 土地情况 | L5: 权证编号 | M5: 证载权利人名称 | N5: 实际占用人名称 | O5: 房产 名称 | P5: 来源 | Q5: 结构 | R5: 建成年月 | S5: 计量单位 | T5: 建筑面积 (m2) | U5: 成本单价 (元/m2) | V5: 详细地址 | W5: 现用途 | X5: 层高 | Y5: 檐高 | Z5: 总层数 | AA5: 本单位占第几层 | AB5: 若未取得房产证，目前权利人 | AC5: 使用状况 | AD5: 房地产来源 | AE5: 账外资产原始取得价格 | AF5: 账面值中含电梯空调主机等大型设备的价值 | AG5: 是否包含土地价值 | AH5: 是否设定抵押权 | AI5: 是否为外购商品房 | AJ5: 是否为房改房 | AK5: 如是房改房是否还要继续房改 | AL5: 是否存在有账无实情况 | AM5: 采用成本/公允价值模式计量 | AN5: 原始入帐价值（转入日公允价值） | AO5: 审计前账面值 | AR5: 原始入账价值 | AS5: 账面价值 | AT5: 减值准备 | AU5: 评估价值 | AV5: 增减值 | AW5: 增值率% | AX5: 评估单价(元/m2) | AY5: 备注
C6: 宗地所在省市(县) | D6: 宗地编号 | E6: 宗地名称 | F6: 土地证编号 | G6: 详细座落地址 | H6: 土地面积(M2) | I6: 土地用途 | J6: 开发程度 | K6: 土地权属性质 | AO6: 原值 | AP6: 净值 | AQ6: 减值准备
A7: 1 | AU7: =ROUND(T7*AX7,-1) -> 0 | AV7: =AU7-AS7 -> 0 | AW7: =IF(AS7=0,"",(AV7)/AS7*100)
A8: 2 | AU8: =ROUND(T8*AX8,-1) -> 0 | AV8: =AU8-AS8 -> 0 | AW8: =IF(AS8=0,"",(AV8)/AS8*100)
A9: 3 | AU9: =ROUND(T9*AX9,-1) -> 0 | AV9: =AU9-AS9 -> 0 | AW9: =IF(AS9=0,"",(AV9)/AS9*100)
A10: 4 | AU10: =ROUND(T10*AX10,-1) -> 0 | AV10: =AU10-AS10 -> 0 | AW10: =IF(AS10=0,"",(AV10)/AS10*100)
A11: 5 | AU11: =ROUND(T11*AX11,-1) -> 0 | AV11: =AU11-AS11 -> 0 | AW11: =IF(AS11=0,"",(AV11)/AS11*100)
A12: 6 | AU12: =ROUND(T12*AX12,-1) -> 0 | AV12: =AU12-AS12 -> 0 | AW12: =IF(AS12=0,"",(AV12)/AS12*100)
A13: 7 | AU13: =ROUND(T13*AX13,-1) -> 0 | AV13: =AU13-AS13 -> 0 | AW13: =IF(AS13=0,"",(AV13)/AS13*100)
A14: 8 | AU14: =ROUND(T14*AX14,-1) -> 0 | AV14: =AU14-AS14 -> 0 | AW14: =IF(AS14=0,"",(AV14)/AS14*100)
A15: 9 | AU15: =ROUND(T15*AX15,-1) -> 0 | AV15: =AU15-AS15 -> 0 | AW15: =IF(AS15=0,"",(AV15)/AS15*100)
A16: 10 | AU16: =ROUND(T16*AX16,-1) -> 0 | AV16: =AU16-AS16 -> 0 | AW16: =IF(AS16=0,"",(AV16)/AS16*100)
A17: 11 | AU17: =ROUND(T17*AX17,-1) -> 0 | AV17: =AU17-AS17 -> 0 | AW17: =IF(AS17=0,"",(AV17)/AS17*100)
A18: 12 | AU18: =ROUND(T18*AX18,-1) -> 0 | AV18: =AU18-AS18 -> 0 | AW18: =IF(AS18=0,"",(AV18)/AS18*100)
... A23: 17 | AU23: =ROUND(T23*AX23,-1) -> 0 | AV23: =AU23-AS23 -> 0 | AW23: =IF(AS23=0,"",(AV23)/AS23*100)
A24: 18 | AV24: =AU24-AS24 -> 0 | AW24: =IF(AS24=0,"",(AV24)/AS24*100)
A25: 合 计 | AO25: =SUM(AO7:AO24) -> 0 | AP25: =SUM(AP7:AP24) -> 0 | AR25: =SUM(AR7:AR24) -> 0 | AS25: =SUM(AS7:AS24) -> 0 | AU25: =SUM(AU7:AU24) -> 0 | AV25: =AU25-AS25 -> 0 | AW25: =IF(AS25=0,"",(AV25)/AS25*100)
A26: 减：投资性房地产减值准备 | AP26: =SUM(AQ7:AQ24) -> 0 | AS26: =SUM(AT7:AT24) -> 0 | AV26: =AU26-AS26 -> 0 | AW26: =IF(AS26=0,"",(AV26)/AS26*100)
A27: 净 额 | AO27: =AO25-AO26 -> 0 | AP27: =AP25-AP26 -> 0 | AR27: =AR25-AR26 -> 0 | AS27: =AS25-AS26 -> 0 | AU27: =AU25-AU26 -> 0 | AV27: =AU27-AS27 -> 0 | AW27: =IF(AS27=0,"",(AV27)/AS27*100)
A28: =#REF!&#REF! -> #REF! | AU28: ="评估人员："&#REF! -> #REF!
A29: =CONCATENATE(#REF!,#REF!,#REF!,#REF!,#REF!,#REF!,#REF!) -> #REF!

Sheet 投资性房地产-土地成本计量
A1: 返回索引页 | B1: 返回
A2: 投资性房地产—土地使用权评估明细表(采用成本模式计量)
A3: =CONCATENATE(#REF!,#REF!,#REF!,#REF!,#REF!,#REF!,#REF!) -> #REF!
A4: =#REF!&#REF! -> #REF! | AD4: 金额单位：人民币元
A5: 序号 | B5: 对应核算单位 | C5: 宗地所在省 | D5: 宗地所在市（县） | E5: 宗地编号 | F5: 土地权证编号 | G5: 宗地名称 | H5: 来源 | I5: 土地位置 | J5: 取得日期 | K5: 用地性质 | L5: 土地用途 | M5: 准用年限 | N5: 开发程度 | O5: 面积(M2) | P5: 原始入账价值 | Q5: 入账日期 | R5: 土地使用者 | S5: 地上建筑物总面积 | T5: 有无他项权利 | U5: 未办证原因 | V5: 审计前账面价值 | Y5: 账面价值 | Z5: 减值准备 | AA5: 评估价值 | AB5: 增减值 | AC5: 增值率% | AD5: 备注
V6: 原值(原始取得价值) | W6: 净值(摊余价值) | X6: 减值准备
A7: 1 | AB7: =AA7-Y7 -> 0 | AC7: =IF(Y7=0,"",(AB7)/Y7*100)
A8: 2 | AB8: =AA8-Y8 -> 0 | AC8: =IF(Y8=0,"",(AB8)/Y8*100)
A9: 3 | AB9: =AA9-Y9 -> 0 | AC9: =IF(Y9=0,"",(AB9)/Y9*100)
A10: 4 | AB10: =AA10-Y10 -> 0 | AC10: =IF(Y10=0,"",(AB10)/Y10*100)
A11: 5 | AB11: =AA11-Y11 -> 0 | AC11: =IF(Y11=0,"",(AB11)/Y11*100)
A12: 6 | AB12: =AA12-Y12 -> 0 | AC12: =IF(Y12=0,"",(AB12)/Y12*100)
A13: 7 | AB13: =AA13-Y13 -> 0 | AC13: =IF(Y13=0,"",(AB13)/Y13*100)
A14: 8 | AB14: =AA14-Y14 -> 0 | AC14: =IF(Y14=0,"",(AB14)/Y14*100)
A15: 9 | AB15: =AA15-Y15 -> 0 | AC15: =IF(Y15=0,"",(AB15)/Y15*100)
A16: 10 | AB16: =AA16-Y16 -> 0 | AC16: =IF(Y16=0,"",(AB16)/Y16*100)
A17: 11 | AB17: =AA17-Y17 -> 0 | AC17: =IF(Y17=0,"",(AB17)/Y17*100)
A18: 12 | AB18: =AA18-Y18 -> 0 | AC18: =IF(Y18=0,"",(AB18)/Y18*100)
... A24: 18 | AB24: =AA24-Y24 -> 0 | AC24: =IF(Y24=0,"",(AB24)/Y24*100)
A25: 合 计 | W25: =SUM(W7:W24) -> 0 | Y25: =SUM(Y7:Y24) -> 0 | AA25: =SUM(AA7:AA24) -> 0 | AB25: =AA25-Y25 -> 0 | AC25: =IF(Y25=0,"",(AB25)/Y25*100)
A26: 减：投资性房地产减值准备 | W26: =SUM(X7:X24) -> 0 | Y26: =SUM(Z7:Z24) -> 0 | AA26: 0 | AB26: =AA26-Y26 -> 0 | AC26: =IF(Y26=0,"",(AB26)/Y26*100)
A27: 净 额 | W27: =W25-W26 -> 0 | Y27: =Y25-Y26 -> 0 | AA27: =AA25-AA26 -> 0 | AB27: =AA27-Y27 -> 0 | AC27: =IF(Y27=0,"",(AB27)/Y27*100)
A28: =#REF!&#REF! -> #REF! | AA28: ="评估人员："&#REF! -> #REF!
A29: =CONCATENATE(#REF!,#REF!,#REF!,#REF!,#REF!,#REF!,#REF!) -> #REF!

Sheet 投资性房地产-土地公允价值计量
A1: 返回索引页 | B1: 返回
A2: 投资性房地产—土地使用权评估明细表(采用公允价值模式计量)
A3: =CONCATENATE(#REF!,#REF!,#REF!,#REF!,#REF!,#REF!,#REF!) -> #REF!
A4: =#REF!&#REF! -> #REF! | AD4: 金额单位：人民币元
A5: 序号 | B5: 对应核算单位 | C5: 宗地所在省 | D5: 宗地所在市（县） | E5: 宗地编号 | F5: 土地权证编号 | G5: 宗地名称 | H5: 来源 | I5: 土地位置 | J5: 取得日期 | K5: 用地性质 | L5: 土地用途 | M5: 准用年限 | N5: 开发程度 | O5: 面积(M2) | P5: 原始入账价值(转入日公允价值) | Q5: 入账日期 | R5: 土地使用者 | S5: 地上建筑物总面积 | T5: 有无他项权利 | U5: 未办证原因 | V5: 审计前账面价值 | Y5: 账面价值 | Z5: 减值准备 | AA5: 评估价值 | AB5: 增减值 | AC5: 增值率% | AD5: 备注
V6: 原值(原始取得价值) | W6: 净值(摊余价值) | X6: 减值准备
A7: 1 | AB7: =AA7-Y7 -> 0 | AC7: =IF(Y7=0,"",(AB7)/Y7*100)
A8: 2 | AB8: =AA8-Y8 -> 0 | AC8: =IF(Y8=0,"",(AB8)/Y8*100)
A9: 3 | AB9: =AA9-Y9 -> 0 | AC9: =IF(Y9=0,"",(AB9)/Y9*100)
A10: 4 | AB10: =AA10-Y10 -> 0 | AC10: =IF(Y10=0,"",(AB10)/Y10*100)
A11: 5 | AB11: =AA11-Y11 -> 0 | AC11: =IF(Y11=0,"",(AB11)/Y11*100)
A12: 6 | AB12: =AA12-Y12 -> 0 | AC12: =IF(Y12=0,"",(AB12)/Y12*100)
A13: 7 | AB13: =AA13-Y13 -> 0 | AC13: =IF(Y13=0,"",(AB13)/Y13*100)
A14: 8 | AB14: =AA14-Y14 -> 0 | AC14: =IF(Y14=0,"",(AB14)/Y14*100)
A15: 9 | AB15: =AA15-Y15 -> 0 | AC15: =IF(Y15=0,"",(AB15)/Y15*100)
A16: 10 | AB16: =AA16-Y16 -> 0 | AC16: =IF(Y16=0,"",(AB16)/Y16*100)
A17: 11 | AB17: =AA17-Y17 -> 0 | AC17: =IF(Y17=0,"",(AB17)/Y17*100)
A18: 12 | AB18: =AA18-Y18 -> 0 | AC18: =IF(Y18=0,"",(AB18)/Y18*100)
... A24: 18 | AB24: =AA24-Y24 -> 0 | AC24: =IF(Y24=0,"",(AB24)/Y24*100)
A25: 合 计 | W25: =SUM(W7:W24) -> 0 | Y25: =SUM(Y7:Y24) -> 0 | AA25: =SUM(AA7:AA24) -> 0 | AB25: =AA25-Y25 -> 0 | AC25: =IF(Y25=0,"",(AB25)/Y25*100)
A26: 减：投资性房地产减值准备 | W26: =SUM(X7:X24) -> 0 | Y26: =SUM(Z7:Z24) -> 0 | AA26: 0 | AB26: =AA26-Y26 -> 0 | AC26: =IF(Y26=0,"",(AB26)/Y26*100)
A27: 净 额 | W27: =W25-W26 -> 0 | Y27: =Y25-Y26 -> 0 | AA27: =AA25-AA26 -> 0 | AB27: =AA27-Y27 -> 0 | AC27: =IF(Y27=0,"",(AB27)/Y27*100)
A28: =#REF!&#REF! -> #REF! | AA28: ="评估人员："&#REF! -> #REF!
A29: =CONCATENATE(#REF!,#REF!,#REF!,#REF!,#REF!,#REF!,#REF!) -> #REF!

Sheet 房屋建筑物
A1: 返回索引页 | B1: 返回
A2: 固定资产—房屋建筑物评估明细表
A3: =CONCATENATE(#REF!,#REF!,#REF!,#REF!,#REF!,#REF!,#REF!) -> #REF!
A4: =#REF!&#REF! -> #REF! | AY4: 金额单位：人民币元
A5: 序号 | B5: 对应核算单位 | C5: 土地情况 | K5: 权证编号 | L5: 证载权利人名称 | M5: 实际占用人名称 | N5: 建筑物 名称 | O5: 坐落位置 | P5: 结构 | Q5: 建成年月 | R5: 建筑面积/体积 (m2)/(m3) | S5: 成本单价 (元/m2) | T5: 详细地址 | U5: 现用途 | V5: 层高 | W5: 檐高 | X5: 总层数 | Y5: 本单位占第几层 | Z5: 若未取得房产证，目前权利人 | AA5: 使用状况 | AB5: 房地产来源 | AC5: 账外资产原始取得价格 | AD5: 账面值中含电梯空调主机等大型设备的价值 | AE5: 是否包含土地价值 | AF5: 是否设定抵押权 | AG5: 是否为外购商品房 | AH5: 是否为房改房 | AI5: 如是房改房是否还要继续房改 | AJ5: 是否存在有账无实情况 | AK5: 审计前账面价值 | AQ5: 账面价值 | AT5: 评估价值 | AW5: 增值率% | AX5: 评估单价(元/m2) | AY5: 备注 | AZ5: 核验
C6: 宗地所在省市(县) | D6: 宗地编号 | E6: 宗地名称 | F6: 土地证编号 | G6: 详细座落地址 | H6: 土地面积(M2) | I6: 土地用途 | J6: 土地权属性质 | AK6: 原值 | AL6: 工程造价 | AM6: 分摊费用 | AN6: 其它 | AO6: 净值 | AP6: 减值准备 | AQ6: 原值 | AR6: 净值 | AS6: 减值准备 | AT6: 原值 | AU6: 成新率% | AV6: 净值 | AZ6: 原值增值 | BA6: 原值增值率 | BB6: 核验
A7: 1 | AV7: =ROUND(AT7*AU7/100,0) -> 0 | AW7: =IF(AR7-AS7=0,"",(AV7-AR7+AS7)/(AR7-AS7)*100) | AX7: =AT7/R7 -> #DIV/0! | AZ7: =AT7-AQ7 -> 0 | BA7: =IF(AQ7=0,0,AZ7/AQ7) -> 0 | BB7: =IF(ABS(BA7)>=0.3,"核查","")
A8: 2 | AV8: =ROUND(AT8*AU8/100,0) -> 0 | AW8: =IF(AR8-AS8=0,"",(AV8-AR8+AS8)/(AR8-AS8)*100) | AX8: =AT8/R8 -> #DIV/0! | AZ8: =AT8-AQ8 -> 0 | BA8: =IF(AQ8=0,0,AZ8/AQ8) -> 0 | BB8: =IF(ABS(BA8)>=0.3,"核查","")
A9: 3 | AV9: =ROUND(AT9*AU9/100,0) -> 0 | AW9: =IF(AR9-AS9=0,"",(AV9-AR9+AS9)/(AR9-AS9)*100) | AX9: =AT9/R9 -> #DIV/0! | AZ9: =AT9-AQ9 -> 0 | BA9: =IF(AQ9=0,0,AZ9/AQ9) -> 0 | BB9: =IF(ABS(BA9)>=0.3,"核查","")
A10: 4 | AV10: =ROUND(AT10*AU10/100,0) -> 0 | AW10: =IF(AR10-AS10=0,"",(AV10-AR10+AS10)/(AR10-AS10)*100) | AX10: =AT10/R10 -> #DIV/0! | AZ10: =AT10-AQ10 -> 0 | BA10: =IF(AQ10=0,0,AZ10/AQ10) -> 0 | BB10: =IF(ABS(BA10)>=0.3,"核查","")
A11: 5 | AV11: =ROUND(AT11*AU11/100,0) -> 0 | AW11: =IF(AR11-AS11=0,"",(AV11-AR11+AS11)/(AR11-AS11)*100) | AX11: =AT11/R11 -> #DIV/0! | AZ11: =AT11-AQ11 -> 0 | BA11: =IF(AQ11=0,0,AZ11/AQ11) -> 0 | BB11: =IF(ABS(BA11)>=0.3,"核查","")
A12: 6 | AV12: =ROUND(AT12*AU12/100,0) -> 0 | AW12: =IF(AR12-AS12=0,"",(AV12-AR12+AS12)/(AR12-AS12)*100) | AX12: =AT12/R12 -> #DIV/0! | AZ12: =AT12-AQ12 -> 0 | BA12: =IF(AQ12=0,0,AZ12/AQ12) -> 0 | BB12: =IF(ABS(BA12)>=0.3,"核查","")
A13: 7 | AV13: =ROUND(AT13*AU13/100,0) -> 0 | AW13: =IF(AR13-AS13=0,"",(AV13-AR13+AS13)/(AR13-AS13)*100) | AX13: =AT13/R13 -> #DIV/0! | AZ13: =AT13-AQ13 -> 0 | BA13: =IF(AQ13=0,0,AZ13/AQ13) -> 0 | BB13: =IF(ABS(BA13)>=0.3,"核查","")
A14: 8 | AV14: =ROUND(AT14*AU14/100,0) -> 0 | AW14: =IF(AR14-AS14=0,"",(AV14-AR14+AS14)/(AR14-AS14)*100) | AX14: =AT14/R14 -> #DIV/0! | AZ14: =AT14-AQ14 -> 0 | BA14: =IF(AQ14=0,0,AZ14/AQ14) -> 0 | BB14: =IF(ABS(BA14)>=0.3,"核查","")
A15: 9 | AV15: =ROUND(AT15*AU15/100,0) -> 0 | AW15: =IF(AR15-AS15=0,"",(AV15-AR15+AS15)/(AR15-AS15)*100) | AX15: =AT15/R15 -> #DIV/0! | AZ15: =AT15-AQ15 -> 0 | BA15: =IF(AQ15=0,0,AZ15/AQ15) -> 0 | BB15: =IF(ABS(BA15)>=0.3,"核查","")
A16: 10 | AV16: =ROUND(AT16*AU16/100,0) -> 0 | AW16: =IF(AR16-AS16=0,"",(AV16-AR16+AS16)/(AR16-AS16)*100) | AX16: =AT16/R16 -> #DIV/0! | AZ16: =AT16-AQ16 -> 0 | BA16: =IF(AQ16=0,0,AZ16/AQ16) -> 0 | BB16: =IF(ABS(BA16)>=0.3,"核查","")
A17: 11 | AV17: =ROUND(AT17*AU17/100,0) -> 0 | AW17: =IF(AR17-AS17=0,"",(AV17-AR17+AS17)/(AR17-AS17)*100) | AX17: =AT17/R17 -> #DIV/0! | AZ17: =AT17-AQ17 -> 0 | BA17: =IF(AQ17=0,0,AZ17/AQ17) -> 0 | BB17: =IF(ABS(BA17)>=0.3,"核查","")
A18: 12 | AV18: =ROUND(AT18*AU18/100,0) -> 0 | AW18: =IF(AR18-AS18=0,"",(AV18-AR18+AS18)/(AR18-AS18)*100) | AX18: =AT18/R18 -> #DIV/0! | AZ18: =AT18-AQ18 -> 0 | BA18: =IF(AQ18=0,0,AZ18/AQ18) -> 0 | BB18: =IF(ABS(BA18)>=0.3,"核查","")
... A23: 17 | AV23: =ROUND(AT23*AU23/100,0) -> 0 | AW23: =IF(AR23-AS23=0,"",(AV23-AR23+AS23)/(AR23-AS23)*100) | AX23: =AT23/R23 -> #DIV/0! | AZ23: =AT23-AQ23 -> 0 | BA23: =IF(AQ23=0,0,AZ23/AQ23) -> 0 | BB23: =IF(ABS(BA23)>=0.3,"核查","")
AW24: =IF(AR24-AS24=0,"",(AV24-AR24+AS24)/(AR24-AS24)*100) | AX24: =AT24/R24 -> #DIV/0! | AZ24: =AT24-AQ24 -> 0 | BA24: =IF(AQ24=0,0,AZ24/AQ24) -> 0 | BB24: =IF(ABS(BA24)>=0.3,"核查","")
AW25: =IF(AR25-AS25=0,"",(AV25-AR25+AS25)/(AR25-AS25)*100) | AX25: =AT25/R25 -> #DIV/0! | AZ25: =AT25-AQ25 -> 0 | BA25: =IF(AQ25=0,0,AZ25/AQ25) -> 0 | BB25: =IF(ABS(BA25)>=0.3,"核查","")
AJ26: =IF(AI26=0,"",AQ26/AI26) | AV26: =ROUND(AT26*AU26/100,0) -> 0 | AW26: =IF(AR26-AS26=0,"",(AV26-AR26+AS26)/(AR26-AS26)*100) | AX26: =AT26/R26 -> #DIV/0! | AZ26: =AT26-AQ26 -> 0 | BA26: =IF(AQ26=0,0,AZ26/AQ26) -> 0 | BB26: =IF(ABS(BA26)>=0.3,"核查","")
AJ27: =IF(AI27=0,"",AQ27/AI27) | AV27: =ROUND(AT27*AU27/100,0) -> 0 | AW27: =IF(AR27=0,"",(AV27-AR27)/AR27*100) | AX27: =AT27/R27 -> #DIV/0! | AZ27: =AT27-AQ27 -> 0 | BA27: =IF(AQ27=0,0,AZ27/AQ27) -> 0 | BB27: =IF(ABS(BA27)>=0.3,"核查","")
A28: 合 计 | AJ28: =IF(AI28=0,"",AQ28/AI28) | AK28: =SUM(AK7:AK27) -> 0 | AL28: =SUM(AL7:AL27) -> 0 | AM28: =SUM(AM7:AM27) -> 0 | AO28: =SUM(AO7:AO27) -> 0 | AQ28: =SUM(AQ7:AQ27) -> 0 | AR28: =SUM(AR7:AR27) -> 0 | AT28: =SUM(AT7:AT27) -> 0 | AV28: =SUM(AV7:AV27) -> 0 | AW28: =IF(AR28=0,"",(AV28-AR28)/AR28*100) | AZ28: =AT28-AQ28 -> 0 | BA28: =IF(AQ28=0,0,AZ28/AQ28) -> 0 | BB28: =IF(ABS(BA28)>=0.3,"核查","")
A29: 减：房屋建筑物减值准备 | AP29: =SUM(AP7:AP27) -> 0 | AS29: =SUM(AS7:AS27) -> 0 | AW29: =IF(AR29=0,"",(AV29-AR29)/AR29*100) | AZ29: =AT29-AQ29 -> 0 | BA29: =IF(AQ29=0,0,AZ29/AQ29) -> 0 | BB29: =IF(ABS(BA29)>=0.3,"核查","")
A30: 合 计 | AK30: =AK28-AO29 -> 0 | AL30: =AL28-AP29 -> 0 | AM30: =AM28-AQ29 -> 0 | AO30: =AO28-AP29 -> 0 | AQ30: =AQ28-AQ29 -> 0 | AR30: =AR28-AS29 -> 0 | AT30: =AT28 -> 0 | AV30: =AV28 -> 0 | AW30: =IF(AR30=0,"",(AV30-AR30)/AR30*100) | AZ30: =AT30-AQ30 -> 0 | BA30: =IF(AQ30=0,0,AZ30/AQ30) -> 0 | BB30: =IF(ABS(BA30)>=0.3,"核查","")
A31: =#REF!&#REF! -> #REF! | AT31: ="评估人员："&#REF! -> #REF!
A32: =CONCATENATE(#REF!,#REF!,#REF!,#REF!,#REF!,#REF!,#REF!) -> #REF!
AM33: =机器设备!W31 -> 0
A35: 填表说明：
A36: 填写该表的原则是“房地匹配”。如例，填写时，先填写宗地，再将该宗地上对应的所有建筑物逐一填写。
A37: 1、房产证编号：为该申报房屋建筑物在房地产证或房产证上之编号（完整的法定编号，请按产权证封面完整填写，不要只填数字部分，如“粤房证(2006)字第0012号”）。若尚未办理房产证，则填写“无”。
A38: 2、建筑物名称：为该申报建筑物之名称，要求同房产证上的建筑物名称一致，若尚未办证或房产证上未标注清楚，则按该建筑物现时用途之名称，若现时用途之名称同资产台帐上的名称不一致，则将资产台帐名称用括号填入。例如：XX大楼、XX仓库，名称一定要写全名；
A39: 3、详细地址：填写申报建筑物房产证证载地址,无房产证则填写详细地址,应具备省、市、县、区、街、巷、号、层、单元等要素。
A40: 4、建筑结构：为该申报建筑物之结构类型。例如：框剪、排架、框架、砖混、砖木、简易等。若排架、框架结构中的柱、梁、屋架均为钢结构时，则填写钢排架或钢框架结构；
A41: 5、建成日期：为该申报建筑物竣工之年、月；
A42: 6、建筑面积：为该申报建筑物面积，以平方米为单位。该面积必须与房产证上登记之面积相同。若现时暂未办理房产证，则按原竣工验收入帐的面积填列，等本次办测量后再按办面积修改。对已进行过改建扩建的房产，按现时实际面积填报，对改建、扩建面积在备注中说明；
A43: 7、成本单价：为帐面原值与建筑面积的比值；
A44: 8、用途：（即实物形态）指办公用房、仓库、车库、培训用房、商业用房、营业用房、宿舍、其他非营业用房等。按照房产证载用途填写，无证的按实际用途填写；若目前空置，请填上“空置”；若租出给外单位，请填上“租出”并提供有关租赁合同
A45: 9、总层数：按房屋的实际层数填写。例如房屋共计30层，其中包含地下室2层，则：填写 -2/30 ；
A46: 10、本单位占第几层：为本单位所在层数，如果占多层，要分别填写；
... A60: 24、是否存在有账无实情况：有账无实情况包括：已出售未调账、已拆除未调账、已房改未调账等；无上述情况则填写“无”。

Sheet 房屋建筑物评估过程表
A1: 1 | B1: 0 | C1: 综合办公楼 | D1: 砖混 | E1: 38898 | F1: 平方米 | G1: 1275.8 | H1: 881.15813 | I1: 1124181.5 | J1: 923936.7 | AA1: 820 | AB1: 1046156 | AC1: 有证大型 | AD1: 163.82 | AE1: 209001.56 | AF1: 0.077 | AH1: 80554.01 | AI1: 289555.57 | AJ1: 1 | AK1: 0.0531 | AL1: 35463.14 | AT1: 1371175 | AV1: 40268 | AZ1: 50 | BC1: 45 | BF1: 555 | BP1: 92.5 | BQ1: 95 | BS1: 94 | BW1: 1288905 | BX1: 246993.46 | BY1: 364968.3 | BZ1: 21.970959 | CA1: 39.50144
A2: 房屋建筑物清查评估明细表 | CA2: 索引号：C4-6-1-1-3/2
A3: =#REF!&#REF! -> #REF! | AJ3: =CONCATENATE(#REF!,#REF!,#REF!,#REF!,#REF!,#REF!,#REF!) -> #REF! | CA3: 页次：共 页第 页
A5: 账面情况 | K5: 单方造价 | X5: 重置成本 | AV5: 成新率 | BT5: 评估价值
A6: 序号 | B6: 权证编号 | C6: 建筑物名称 | D6: 结构 | E6: 建成 年月 | F6: 计量单位 | G6: 建筑 面积/容积 | H6: 成本单价(元/m2) | I6: 账面价值 | K6: 基准造价 | O6: 期日修正 | P6: 结构调整 | T6: 装修 调整 | U6: 设备 调整 | V6: 其它 调整 | W6: 调整后造价 | X6: 部位造价 | AA6: 单方造价 | AB6: 建安造价 | AC6: 类别 | AD6: 前期费用及其他费用 | AJ6: 计息工期 | AK6: 计息利息 | AL6: 资金成本 | AM6: 开发利润 | AO6: 增值税考虑 | AT6: 重置成本 | AU6: 重置成本核对 | AV6: 评估基准日 | AW6: 启用日期 | AZ6: 经济使用年限 | BC6: 已使用月 | BF6: 尚可使用年限 | BI6: 部位年限成新率 | BL6: 造价权重 | BO6: 年限成新率 | BQ6: 现场勘察评分 | BR6: 成新差异核对 | BS6: 综合成新率 | BT6: 继续使用价值 | BU6: 产权变动增值税率 | BV6: 产权变动增值税 | BW6: 评估价值 | BX6: 增值 | BZ6: 增值率
I7: 原值 | J7: 净值 | K7: 结构 | L7: 装饰 | M7: 安装 | N7: 合计 | P7: 层数 | Q7: 层高 | R7: 跨度 柱距 | S7: 其它 | X7: 结构 | Y7: 装饰 | Z7: 安装 | AB7: 含税 | AD7: 按建筑面积计费 | AF7: 其他费用 | AG7: 管理费用率 | AH7: 按工程造价计费 | AI7: 小计 | AM7: 利润率 | AN7: 开发利润 | AO7: 税票种类 | AP7: 是否抵扣 | AQ7: 工程造价抵减税金 | AR7: 其他费用抵减税金 | AS7: 可抵减税金合计 | AW7: 结构 | AX7: 装饰 | AY7: 安装 | AZ7: 结构 | BA7: 装饰 | BB7: 安装 | BC7: 结构 | BD7: 装饰 | BE7: 安装 | BF7: 结构 | BG7: 装饰 | BH7: 安装 | BI7: 结构 | BJ7: 装饰 | BK7: 安装 | BL7: 结构 | BM7: 装饰 | BN7: 安装 | BO7: 确定方法 | BP7: 年限成新率 | BX7: 原值 | BY7: 净值 | BZ7: 原值 | CA7: 净值
A8: 1 | B8: 0 | C8: 综合办公楼 | D8: 砖混 | E8: 38898 | F8: 平方米 | G8: 1275.8 | H8: 881.15813 | I8: 1124181.5 | J8: 923936.7 | X8: 500 | Y8: 220 | Z8: 100 | AA8: =SUM(X8:Z8) -> 820 | AB8: =ROUND(AA8*G8,2) -> 1046156 | AC8: 有证含税 | AD8: =IF($AC8="有证含税",[26]前期费用及其他费用调查表!$F$15,IF(AC8="有证不含税",[26]前期费用及其他费用调查表!$G$15,IF(AC8="无证含税",[26]前期费用及其他费用调查表!$H$15,IF(AC8="无证不含税",[26]前期费用及其他费用调查表!$I$15,0)))) -> 163.82 | AE8: =ROUND(G8*AD8,2) -> 209001.56 | AF8: 0.036 | AG8: 0.015 | AH8: =ROUND(AB8*(AF8+AG8),2) -> 53353.96 | AI8: =AE8+AH8 -> 262355.52 | AJ8: 1 | AK8: 0.0531 | AL8: =ROUND((AB8+AI8)*AK8*0.5*AJ8,2) -> 34740.98 | AM8: 0.08 | AN8: =ROUND((AB8+AI8+AL8)*AM8,2) -> 107460.2 | AO8: 专票 | AP8: 不扣除进项税 | AQ8: =ROUND(AB8/1.11*0.11,2) -> 103673.12 | AR8: =AB8*AF8/1.06*6% -> 2131.7896 | AS8: =SUM(AQ8:AR8) -> 105804.91 | AT8: =IF(AO8="普票",ROUND(AB8+AI8+AL8+AN8,0),IF(AP8="不扣除进项税",ROUND(AB8+AI8+AL8+AN8,0),ROUND(AB8+AI8+AL8+AN8-AS8,0))) -> 1450713 | AU8: =IF((AT8-I8)/I8>0.3,"核实",IF((AT8-I8)/I8<-0.3,"核实","")) | AV8: ='[26]房屋建筑物底稿目录(成本法)'!D3 -> 43465 | AW8: =E8 -> 38898 | AX8: 39082 | AY8: 39447 | AZ8: =IF(D8="框架",50,IF(D8="排架",50,IF(D8="混合",40,IF(D8="砖混",40,IF(D8="钢结构",50,IF(D8="砖木",30,IF(D8="轻钢",35,IF(D8="简易",10,30)))))))) -> 40 | BA8: 20 | BB8: 15 | BC8: =IF(AZ8=0,"",(IF(AW8=0,"",(YEAR($AV8)-YEAR(AW8))*12+MONTH($AV8)-MONTH(AW8)))) -> 150 | BD8: =IF(BA8=0,"",(IF(AX8=0,"",(YEAR($AV8)-YEAR(AX8))*12+MONTH($AV8)-MONTH(AX8)))) -> 144 | BE8: =IF(BB8=0,"",(IF(AY8=0,"",(YEAR($AV8)-YEAR(AY8))*12+MONTH($AV8)-MONTH(AY8)))) -> 132 | BF8: =IF(AW8=0,0,AZ8*12-BC8) -> 330 | BG8: =IF(AX8=0,0,BA8*12-BD8) -> 96 | BH8: =IF(AY8=0,0,BB8*12-BE8) -> 48 | BI8: =IF(AZ8=0,"",BF8/(AZ8*12)*100) -> 68.75 | BJ8: =IF(BA8=0,"",BG8/(BA8*12)*100) -> 40 | BK8: =IF(BB8=0,"",BH8/(BB8*12)*100) -> 26.666667 | BL8: =ROUND(X8/$AA8,2) -> 0.61 | BM8: =ROUND(Y8/$AA8,2) -> 0.27 | BN8: =ROUND(Z8/$AA8,2) -> 0.12 | BO8: 整体法 | BP8: =ROUND(IF(AZ8=0,0,IF(BO8="部位法",BI8*BL8+BJ8*BM8+BK8*BN8,BF8/(AZ8*12)*100)),2) -> 68.75 | BQ8: 30 | BR8: =IF(BQ8-BP8>15,"核实",IF((BQ8-BP8)<-15,"核实","")) -> 核实 | BS8: =IF(BQ8-BP8>15,ROUND(BQ8,0),IF(BQ8-BP8<-15,ROUND(BQ8,0),ROUND(BP8*0.4+BQ8*0.6,0))) -> 30 | BT8: =ROUND(AT8*BS8/100,0) -> 435214 | BU8: 0.05 | BV8: =ROUND(BT8*BU8,0) -> 21761 | BW8: =ROUND(BT8+BV8,0) -> 456975 | BX8: =AT8-I8 -> 326531.46 | BY8: =BW8-J8 -> -466961.7 | BZ8: =BX8/I8*100 -> 29.04615 | CA8: =BY8/J8*100 -> -50.540443
A9: 2 | B9: 0 | C9: 西矿泉井房 | D9: 砖混 | E9: 38990 | F9: 平方米 | G9: 16 | H9: 1812.5 | I9: 29000 | J9: 24178.75 | X9: 500 | Y9: 220 | Z9: 100 | AA9: =SUM(X9:Z9) -> 820 | AB9: =ROUND(AA9*G9,2) -> 13120 | AC9: 有证含税 | AD9: =IF($AC9="有证含税",[26]前期费用及其他费用调查表!$F$15,IF(AC9="有证不含税",[26]前期费用及其他费用调查表!$G$15,IF(AC9="无证含税",[26]前期费用及其他费用调查表!$H$15,IF(AC9="无证不含税",[26]前期费用及其他费用调查表!$I$15,0)))) -> 163.82 | AE9: =ROUND(G9*AD9,2) -> 2621.12 | AF9: 0.036 | AG9: 0.015 | AH9: =ROUND(AB9*(AF9+AG9),2) -> 669.12 | AI9: =AE9+AH9 -> 3290.24 | AJ9: 0.5 | AK9: 0.0486 | AL9: =ROUND((AB9+AI9)*AK9*0.5*AJ9,2) -> 199.38 | AM9: 0.08 | AN9: =ROUND((AB9+AI9+AL9)*AM9,2) -> 1328.77 | AO9: 专票 | AP9: 不扣除进项税 | AQ9: =ROUND(AB9/1.11*0.11,2) -> 1300.18 | AR9: =AB9*AF9/1.06*6% -> 26.735094 | AS9: =SUM(AQ9:AR9) -> 1326.9151 | AT9: =IF(AO9="普票",ROUND(AB9+AI9+AL9+AN9,0),IF(AP9="不扣除进项税",ROUND(AB9+AI9+AL9+AN9,0),ROUND(AB9+AI9+AL9+AN9-AS9,0))) -> 17938 | AU9: =IF((AT9-I9)/I9>0.3,"核实",IF((AT9-I9)/I9<-0.3,"核实","")) -> 核实 | AV9: =AV8 -> 43465 | AW9: =E9 -> 38990 | AX9: 39082 | AY9: 39447 | AZ9: =IF(D9="框架",50,IF(D9="排架",50,IF(D9="混合",40,IF(D9="砖混",40,IF(D9="钢结构",50,IF(D9="砖木",30,IF(D9="轻钢",35,IF(D9="简易",10,30)))))))) -> 40 | BA9: 20 | BB9: 15 | BC9: =IF(AZ9=0,"",(IF(AW9=0,"",(YEAR($AV9)-YEAR(AW9))*12+MONTH($AV9)-MONTH(AW9)))) -> 147 | BD9: =IF(BA9=0,"",(IF(AX9=0,"",(YEAR($AV9)-YEAR(AX9))*12+MONTH($AV9)-MONTH(AX9)))) -> 144 | BE9: =IF(BB9=0,"",(IF(AY9=0,"",(YEAR($AV9)-YEAR(AY9))*12+MONTH($AV9)-MONTH(AY9)))) -> 132 | BF9: =IF(AW9=0,0,AZ9*12-BC9) -> 333 | BG9: =IF(AX9=0,0,BA9*12-BD9) -> 96 | BH9: =IF(AY9=0,0,BB9*12-BE9) -> 48 | BI9: =IF(AZ9=0,"",BF9/(AZ9*12)*100) -> 69.375 | BJ9: =IF(BA9=0,"",BG9/(BA9*12)*100) -> 40 | BK9: =IF(BB9=0,"",BH9/(BB9*12)*100) -> 26.666667 | BL9: =ROUND(X9/$AA9,2) -> 0.61 | BM9: =ROUND(Y9/$AA9,2) -> 0.27 | BN9: =ROUND(Z9/$AA9,2) -> 0.12 | BO9: 部位法 | BP9: =ROUND(IF(AZ9=0,0,IF(BO9="部位法",BI9*BL9+BJ9*BM9+BK9*BN9,BF9/(AZ9*12)*100)),2) -> 56.32 | BQ9: 90 | BR9: =IF(BQ9-BP9>15,"核实",IF((BQ9-BP9)<-15,"核实","")) -> 核实 | BS9: =IF(BQ9-BP9>15,ROUND(BQ9,0),IF(BQ9-BP9<-15,ROUND(BQ9,0),ROUND(BP9*0.4+BQ9*0.6,0))) -> 90 | BT9: =ROUND(AT9*BS9/100,0) -> 16144 | BU9: 0.05 | BV9: =ROUND(BT9*BU9,0) -> 807 | BW9: =ROUND(AT9*BS9/100*(1+BU9),0) -> 16951 | BX9: =AT9-I9 -> -11062 | BY9: =BW9-J9 -> -7227.75 | BZ9: =BX9/I9*100 -> -38.144828 | CA9: =BY9/J9*100 -> -29.892985
A10: 3 | B10: 0 | C10: 吹塑车间 | D10: 砖混 | E10: 39300 | F10: 平方米 | G10: 508.2 | H10: 703.8452 | I10: 357694.13 | J10: 313802.08 | X10: 500 | Y10: 220 | Z10: 100 | AA10: =SUM(X10:Z10) -> 820 | AB10: =ROUND(AA10*G10,2) -> 416724 | AC10: 有证含税 | AD10: =IF($AC10="有证含税",[26]前期费用及其他费用调查表!$F$15,IF(AC10="有证不含税",[26]前期费用及其他费用调查表!$G$15,IF(AC10="无证含税",[26]前期费用及其他费用调查表!$H$15,IF(AC10="无证不含税",[26]前期费用及其他费用调查表!$I$15,0)))) -> 163.82 | AE10: =ROUND(G10*AD10,2) -> 83253.32 | AF10: 0.036 | AG10: 0.015 | AH10: =ROUND(AB10*(AF10+AG10),2) -> 21252.92 | AI10: =AE10+AH10 -> 104506.24 | AJ10: 0.5 | AK10: 0.0486 | AL10: =ROUND((AB10+AI10)*AK10*0.5*AJ10,2) -> 6332.95 | AM10: 0.08 | AN10: =ROUND((AB10+AI10+AL10)*AM10,2) -> 42205.06 | AO10: 专票 | AP10: 不扣除进项税 | AQ10: =ROUND(AB10/1.11*0.11,2) -> 41296.97 | AR10: =AB10*AF10/1.06*6% -> 849.17343 | AS10: =SUM(AQ10:AR10) -> 42146.143 | AT10: =IF(AO10="普票",ROUND(AB10+AI10+AL10+AN10,0),IF(AP10="不扣除进项税",ROUND(AB10+AI10+AL10+AN10,0),ROUND(AB10+AI10+AL10+AN10-AS10,0))) -> 569768 | AU10: =IF((AT10-I10)/I10>0.3,"核实",IF((AT10-I10)/I10<-0.3,"核实","")) -> 核实 | AV10: =AV9 -> 43465 | AW10: =E10 -> 39300 | AX10: 39082 | AY10: 39447 | AZ10: =IF(D10="框架",50,IF(D10="排架",50,IF(D10="混合",40,IF(D10="砖混",40,IF(D10="钢结构",50,IF(D10="砖木",30,IF(D10="轻钢",35,IF(D10="简易",10,30)))))))) -> 40 | BA10: 20 | BB10: 15 | BC10: =IF(AZ10=0,"",(IF(AW10=0,"",(YEAR($AV10)-YEAR(AW10))*12+MONTH($AV10)-MONTH(AW10)))) -> 136 | BD10: =IF(BA10=0,"",(IF(AX10=0,"",(YEAR($AV10)-YEAR(AX10))*12+MONTH($AV10)-MONTH(AX10)))) -> 144 | BE10: =IF(BB10=0,"",(IF(AY10=0,"",(YEAR($AV10)-YEAR(AY10))*12+MONTH($AV10)-MONTH(AY10)))) -> 132 | BF10: =IF(AW10=0,0,AZ10*12-BC10) -> 344 | BG10: =IF(AX10=0,0,BA10*12-BD10) -> 96 | BH10: =IF(AY10=0,0,BB10*12-BE10) -> 48 | BI10: =IF(AZ10=0,"",BF10/(AZ10*12)*100) -> 71.666667 | BJ10: =IF(BA10=0,"",BG10/(BA10*12)*100) -> 40 | BK10: =IF(BB10=0,"",BH10/(BB10*12)*100) -> 26.666667 | BL10: =ROUND(X10/$AA10,2) -> 0.61 | BM10: =ROUND(Y10/$AA10,2) -> 0.27 | BN10: =ROUND(Z10/$AA10,2) -> 0.12 | BO10: 部位法 | BP10: =ROUND(IF(AZ10=0,0,IF(BO10="部位法",BI10*BL10+BJ10*BM10+BK10*BN10,BF10/(AZ10*12)*100)),2) -> 57.72 | BQ10: 90 | BR10: =IF(BQ10-BP10>15,"核实",IF((BQ10-BP10)<-15,"核实","")) -> 核实 | BS10: =IF(BQ10-BP10>15,ROUND(BQ10,0),IF(BQ10-BP10<-15,ROUND(BQ10,0),ROUND(BP10*0.4+BQ10*0.6,0))) -> 90 | BT10: =ROUND(AT10*BS10/100,0) -> 512791 | BU10: 0.05 | BV10: =ROUND(BT10*BU10,0) -> 25640 | BW10: =ROUND(AT10*BS10/100*(1+BU10),0) -> 538431 | BX10: =AT10-I10 -> 212073.87 | BY10: =BW10-J10 -> 224628.92 | BZ10: =BX10/I10*100 -> 59.289167 | CA10: =BY10/J10*100 -> 71.582993
A11: 4 | B11: 0 | C11: 大门传达室 | D11: 砖混 | E11: 39326 | F11: 平方米 | G11: 30 | H11: 4756.039 | I11: 142681.17 | J11: 125737.78 | X11: 500 | Y11: 220 | Z11: 100 | AA11: =SUM(X11:Z11) -> 820 | AB11: =ROUND(AA11*G11,2) -> 24600 | AC11: 有证含税 | AD11: =IF($AC11="有证含税",[26]前期费用及其他费用调查表!$F$15,IF(AC11="有证不含税",[26]前期费用及其他费用调查表!$G$15,IF(AC11="无证含税",[26]前期费用及其他费用调查表!$H$15,IF(AC11="无证不含税",[26]前期费用及其他费用调查表!$I$15,0)))) -> 163.82 | AE11: =ROUND(G11*AD11,2) -> 4914.6 | AF11: 0.036 | AG11: 0.015 | AH11: =ROUND(AB11*(AF11+AG11),2) -> 1254.6 | AI11: =AE11+AH11 -> 6169.2 | AJ11: 0.25 | AK11: 0.0486 | AL11: =ROUND((AB11+AI11)*AK11*0.5*AJ11,2) -> 186.92 | AM11: 0.08 | AN11: =ROUND((AB11+AI11+AL11)*AM11,2) -> 2476.49 | AO11: 专票 | AP11: 不扣除进项税 | AQ11: =ROUND(AB11/1.11*0.11,2) -> 2437.84 | AR11: =AB11*AF11/1.06*6% -> 50.128302 | AS11: =SUM(AQ11:AR11) -> 2487.9683 | AT11: =IF(AO11="普票",ROUND(AB11+AI11+AL11+AN11,0),IF(AP11="不扣除进项税",ROUND(AB11+AI11+AL11+AN11,0),ROUND(AB11+AI11+AL11+AN11-AS11,0))) -> 33433 | AU11: =IF((AT11-I11)/I11>0.3,"核实",IF((AT11-I11)/I11<-0.3,"核实","")) -> 核实 | AV11: =AV10 -> 43465 | AW11: =E11 -> 39326 | AX11: 39082 | AY11: 39447 | AZ11: =IF(D11="框架",50,IF(D11="排架",50,IF(D11="混合",40,IF(D11="砖混",40,IF(D11="钢结构",50,IF(D11="砖木",30,IF(D11="轻钢",35,IF(D11="简易",10,30)))))))) -> 40 | BA11: 20 | BB11: 15 | BC11: =IF(AZ11=0,"",(IF(AW11=0,"",(YEAR($AV11)-YEAR(AW11))*12+MONTH($AV11)-MONTH(AW11)))) -> 135 | BD11: =IF(BA11=0,"",(IF(AX11=0,"",(YEAR($AV11)-YEAR(AX11))*12+MONTH($AV11)-MONTH(AX11)))) -> 144 | BE11: =IF(BB11=0,"",(IF(AY11=0,"",(YEAR($AV11)-YEAR(AY11))*12+MONTH($AV11)-MONTH(AY11)))) -> 132 | BF11: =IF(AW11=0,0,AZ11*12-BC11) -> 345 | BG11: =IF(AX11=0,0,BA11*12-BD11) -> 96 | BH11: =IF(AY11=0,0,BB11*12-BE11) -> 48 | BI11: =IF(AZ11=0,"",BF11/(AZ11*12)*100) -> 71.875 | BJ11: =IF(BA11=0,"",BG11/(BA11*12)*100) -> 40 | BK11: =IF(BB11=0,"",BH11/(BB11*12)*100) -> 26.666667 | BL11: =ROUND(X11/$AA11,2) -> 0.61 | BM11: =ROUND(Y11/$AA11,2) -> 0.27 | BN11: =ROUND(Z11/$AA11,2) -> 0.12 | BO11: 部位法 | BP11: =ROUND(IF(AZ11=0,0,IF(BO11="部位法",BI11*BL11+BJ11*BM11+BK11*BN11,BF11/(AZ11*12)*100)),2) -> 57.84 | BQ11: 95 | BR11: =IF(BQ11-BP11>15,"核实",IF((BQ11-BP11)<-15,"核实","")) -> 核实 | BS11: =IF(BQ11-BP11>15,ROUND(BQ11,0),IF(BQ11-BP11<-15,ROUND(BQ11,0),ROUND(BP11*0.4+BQ11*0.6,0))) -> 95 | BT11: =ROUND(AT11*BS11/100,0) -> 31761 | BU11: 0.05 | BV11: =ROUND(BT11*BU11,0) -> 1588 | BW11: =ROUND(AT11*BS11/100*(1+BU11),0) -> 33349 | BX11: =AT11-I11 -> -109248.17 | BY11: =BW11-J11 -> -92388.78 | BZ11: =BX11/I11*100 -> -76.568036 | CA11: =BY11/J11*100 -> -73.477343
A12: 5 | B12: 0 | C12: 厂房 | D12: 轻钢 | E12: 39661 | F12: 平方米 | G12: 2916 | H12: 704.19809 | I12: 2053441.6 | J12: 1886813.1 | X12: 500 | Y12: 220 | Z12: 100 | AA12: =SUM(X12:Z12) -> 820 | AB12: =ROUND(AA12*G12,2) -> 2391120 | AC12: 有证含税 | AD12: =IF($AC12="有证含税",[26]前期费用及其他费用调查表!$F$15,IF(AC12="有证不含税",[26]前期费用及其他费用调查表!$G$15,IF(AC12="无证含税",[26]前期费用及其他费用调查表!$H$15,IF(AC12="无证不含税",[26]前期费用及其他费用调查表!$I$15,0)))) -> 163.82 | AE12: =ROUND(G12*AD12,2) -> 477699.12 | AF12: 0.036 | AG12: 0.015 | AH12: =ROUND(AB12*(AF12+AG12),2) -> 121947.12 | AI12: =AE12+AH12 -> 599646.24 | AJ12: 1 | AK12: 0.0531 | AL12: =ROUND((AB12+AI12)*AK12*0.5*AJ12,2) -> 79404.84 | AM12: 0.08 | AN12: =ROUND((AB12+AI12+AL12)*AM12,2) -> 245613.69 | AO12: 专票 | AP12: 不扣除进项税 | AQ12: =ROUND(AB12/1.11*0.11,2) -> 236957.84 | AR12: =AB12*AF12/1.06*6% -> 4872.4709 | AS12: =SUM(AQ12:AR12) -> 241830.31 | AT12: =IF(AO12="普票",ROUND(AB12+AI12+AL12+AN12,0),IF(AP12="不扣除进项税",ROUND(AB12+AI12+AL12+AN12,0),ROUND(AB12+AI12+AL12+AN12-AS12,0))) -> 3315785 | AU12: =IF((AT12-I12)/I12>0.3,"核实",IF((AT12-I12)/I12<-0.3,"核实","")) -> 核实 | AV12: =AV11 -> 43465 | AW12: =E12 -> 39661 | AX12: 39082 | AY12: 39447 | AZ12: =IF(D12="框架",50,IF(D12="排架",50,IF(D12="混合",40,IF(D12="砖混",40,IF(D12="钢结构",50,IF(D12="砖木",30,IF(D12="轻钢",35,IF(D12="简易",10,30)))))))) -> 35 | BA12: 20 | BB12: 15 | BC12: =IF(AZ12=0,"",(IF(AW12=0,"",(YEAR($AV12)-YEAR(AW12))*12+MONTH($AV12)-MONTH(AW12)))) -> 124 | BD12: =IF(BA12=0,"",(IF(AX12=0,"",(YEAR($AV12)-YEAR(AX12))*12+MONTH($AV12)-MONTH(AX12)))) -> 144 | BE12: =IF(BB12=0,"",(IF(AY12=0,"",(YEAR($AV12)-YEAR(AY12))*12+MONTH($AV12)-MONTH(AY12)))) -> 132 | BF12: =IF(AW12=0,0,AZ12*12-BC12) -> 296 | BG12: =IF(AX12=0,0,BA12*12-BD12) -> 96 | BH12: =IF(AY12=0,0,BB12*12-BE12) -> 48 | BI12: =IF(AZ12=0,"",BF12/(AZ12*12)*100) -> 70.47619 | BJ12: =IF(BA12=0,"",BG12/(BA12*12)*100) -> 40 | BK12: =IF(BB12=0,"",BH12/(BB12*12)*100) -> 26.666667 | BL12: =ROUND(X12/$AA12,2) -> 0.61 | BM12: =ROUND(Y12/$AA12,2) -> 0.27 | BN12: =ROUND(Z12/$AA12,2) -> 0.12 | BO12: 部位法 | BP12: =ROUND(IF(AZ12=0,0,IF(BO12="部位法",BI12*BL12+BJ12*BM12+BK12*BN12,BF12/(AZ12*12)*100)),2) -> 56.99 | BQ12: 95 | BR12: =IF(BQ12-BP12>15,"核实",IF((BQ12-BP12)<-15,"核实","")) -> 核实 | BS12: =IF(BQ12-BP12>15,ROUND(BQ12,0),IF(BQ12-BP12<-15,ROUND(BQ12,0),ROUND(BP12*0.4+BQ12*0.6,0))) -> 95 | BT12: =ROUND(AT12*BS12/100,0) -> 3149996 | BU12: 0.05 | BV12: =ROUND(BT12*BU12,0) -> 157500 | BW12: =ROUND(AT12*BS12/100*(1+BU12),0) -> 3307496 | BX12: =AT12-I12 -> 1262343.4 | BY12: =BW12-J12 -> 1420682.9 | BZ12: =BX12/I12*100 -> 61.474518 | CA12: =BY12/J12*100 -> 75.295374
A13: 6 | B13: 0 | C13: 综合办公楼 | D13: 砖混 | E13: 38898 | F13: 平方米 | G13: 1275.8 | H13: 881.15813 | I13: 1124181.5 | J13: 923936.7 | X13: 500 | Y13: 220 | Z13: 100 | AA13: =SUM(X13:Z13) -> 820 | AB13: =ROUND(AA13*G13,2) -> 1046156 | AC13: 有证含税 | AD13: =IF($AC13="有证含税",[26]前期费用及其他费用调查表!$F$15,IF(AC13="有证不含税",[26]前期费用及其他费用调查表!$G$15,IF(AC13="无证含税",[26]前期费用及其他费用调查表!$H$15,IF(AC13="无证不含税",[26]前期费用及其他费用调查表!$I$15,0)))) -> 163.82 | AE13: =ROUND(G13*AD13,2) -> 209001.56 | AF13: 0.036 | AG13: 0.015 | AH13: =ROUND(AB13*(AF13+AG13),2) -> 53353.96 | AI13: =AE13+AH13 -> 262355.52 | AJ13: 1 | AK13: 0.0531 | AL13: =ROUND((AB13+AI13)*AK13*0.5*AJ13,2) -> 34740.98 | AM13: 0.08 | AN13: =ROUND((AB13+AI13+AL13)*AM13,2) -> 107460.2 | AO13: 专票 | AP13: 不扣除进项税 | AQ13: =ROUND(AB13/1.11*0.11,2) -> 103673.12 | AR13: =AB13*AF13/1.06*6% -> 2131.7896 | AS13: =SUM(AQ13:AR13) -> 105804.91 | AT13: =IF(AO13="普票",ROUND(AB13+AI13+AL13+AN13,0),IF(AP13="不扣除进项税",ROUND(AB13+AI13+AL13+AN13,0),ROUND(AB13+AI13+AL13+AN13-AS13,0))) -> 1450713 | AU13: =IF((AT13-I13)/I13>0.3,"核实",IF((AT13-I13)/I13<-0.3,"核实","")) | AV13: =AV12 -> 43465 | AW13: =E13 -> 38898 | AX13: 39082 | AY13: 39447 | AZ13: =IF(D13="框架",50,IF(D13="排架",50,IF(D13="混合",40,IF(D13="砖混",40,IF(D13="钢结构",50,IF(D13="砖木",30,IF(D13="轻钢",35,IF(D13="简易",10,30)))))))) -> 40 | BA13: 20 | BB13: 15 | BC13: =IF(AZ13=0,"",(IF(AW13=0,"",(YEAR($AV13)-YEAR(AW13))*12+MONTH($AV13)-MONTH(AW13)))) -> 150 | BD13: =IF(BA13=0,"",(IF(AX13=0,"",(YEAR($AV13)-YEAR(AX13))*12+MONTH($AV13)-MONTH(AX13)))) -> 144 | BE13: =IF(BB13=0,"",(IF(AY13=0,"",(YEAR($AV13)-YEAR(AY13))*12+MONTH($AV13)-MONTH(AY13)))) -> 132 | BF13: =IF(AW13=0,0,AZ13*12-BC13) -> 330 | BG13: =IF(AX13=0,0,BA13*12-BD13) -> 96 | BH13: =IF(AY13=0,0,BB13*12-BE13) -> 48 | BI13: =IF(AZ13=0,"",BF13/(AZ13*12)*100) -> 68.75 | BJ13: =IF(BA13=0,"",BG13/(BA13*12)*100) -> 40 | BK13: =IF(BB13=0,"",BH13/(BB13*12)*100) -> 26.666667 | BL13: =ROUND(X13/$AA13,2) -> 0.61 | BM13: =ROUND(Y13/$AA13,2) -> 0.27 | BN13: =ROUND(Z13/$AA13,2) -> 0.12 | BO13: 部位法 | BP13: =ROUND(IF(AZ13=0,0,IF(BO13="部位法",BI13*BL13+BJ13*BM13+BK13*BN13,BF13/(AZ13*12)*100)),2) -> 55.94 | BQ13: 95 | BR13: =IF(BQ13-BP13>15,"核实",IF((BQ13-BP13)<-15,"核实","")) -> 核实 | BS13: =IF(BQ13-BP13>15,ROUND(BQ13,0),IF(BQ13-BP13<-15,ROUND(BQ13,0),ROUND(BP13*0.4+BQ13*0.6,0))) -> 95 | BT13: =ROUND(AT13*BS13/100,0) -> 1378177 | BU13: 0.05 | BV13: =ROUND(BT13*BU13,0) -> 68909 | BW13: =ROUND(AT13*BS13/100*(1+BU13),0) -> 1447086 | BX13: =AT13-I13 -> 326531.46 | BY13: =BW13-J13 -> 523149.3 | BZ13: =BX13/I13*100 -> 29.04615 | CA13: =BY13/J13*100 -> 56.621769
A14: 7 | B14: 0 | C14: 西矿泉井房 | D14: 砖混 | E14: 38990 | F14: 平方米 | G14: 16 | H14: 1812.5 | I14: 29000 | J14: 24178.75 | X14: 500 | Y14: 220 | Z14: 100 | AA14: =SUM(X14:Z14) -> 820 | AB14: =ROUND(AA14*G14,2) -> 13120 | AC14: 有证含税 | AD14: =IF($AC14="有证含税",[26]前期费用及其他费用调查表!$F$15,IF(AC14="有证不含税",[26]前期费用及其他费用调查表!$G$15,IF(AC14="无证含税",[26]前期费用及其他费用调查表!$H$15,IF(AC14="无证不含税",[26]前期费用及其他费用调查表!$I$15,0)))) -> 163.82 | AE14: =ROUND(G14*AD14,2) -> 2621.12 | AF14: 0.036 | AG14: 0.015 | AH14: =ROUND(AB14*(AF14+AG14),2) -> 669.12 | AI14: =AE14+AH14 -> 3290.24 | AJ14: 0.5 | AK14: 0.0486 | AL14: =ROUND((AB14+AI14)*AK14*0.5*AJ14,2) -> 199.38 | AM14: 0.08 | AN14: =ROUND((AB14+AI14+AL14)*AM14,2) -> 1328.77 | AO14: 专票 | AP14: 不扣除进项税 | AQ14: =ROUND(AB14/1.11*0.11,2) -> 1300.18 | AR14: =AB14*AF14/1.06*6% -> 26.735094 | AS14: =SUM(AQ14:AR14) -> 1326.9151 | AT14: =IF(AO14="普票",ROUND(AB14+AI14+AL14+AN14,0),IF(AP14="不扣除进项税",ROUND(AB14+AI14+AL14+AN14,0),ROUND(AB14+AI14+AL14+AN14-AS14,0))) -> 17938 | AU14: =IF((AT14-I14)/I14>0.3,"核实",IF((AT14-I14)/I14<-0.3,"核实","")) -> 核实 | AV14: =AV13 -> 43465 | AW14: =E14 -> 38990 | AX14: 39082 | AY14: 39447 | AZ14: =IF(D14="框架",50,IF(D14="排架",50,IF(D14="混合",40,IF(D14="砖混",40,IF(D14="钢结构",50,IF(D14="砖木",30,IF(D14="轻钢",35,IF(D14="简易",10,30)))))))) -> 40 | BA14: 20 | BB14: 15 | BC14: =IF(AZ14=0,"",(IF(AW14=0,"",(YEAR($AV14)-YEAR(AW14))*12+MONTH($AV14)-MONTH(AW14)))) -> 147 | BD14: =IF(BA14=0,"",(IF(AX14=0,"",(YEAR($AV14)-YEAR(AX14))*12+MONTH($AV14)-MONTH(AX14)))) -> 144 | BE14: =IF(BB14=0,"",(IF(AY14=0,"",(YEAR($AV14)-YEAR(AY14))*12+MONTH($AV14)-MONTH(AY14)))) -> 132 | BF14: =IF(AW14=0,0,AZ14*12-BC14) -> 333 | BG14: =IF(AX14=0,0,BA14*12-BD14) -> 96 | BH14: =IF(AY14=0,0,BB14*12-BE14) -> 48 | BI14: =IF(AZ14=0,"",BF14/(AZ14*12)*100) -> 69.375 | BJ14: =IF(BA14=0,"",BG14/(BA14*12)*100) -> 40 | BK14: =IF(BB14=0,"",BH14/(BB14*12)*100) -> 26.666667 | BL14: =ROUND(X14/$AA14,2) -> 0.61 | BM14: =ROUND(Y14/$AA14,2) -> 0.27 | BN14: =ROUND(Z14/$AA14,2) -> 0.12 | BO14: 整体法 | BP14: =ROUND(IF(AZ14=0,0,IF(BO14="部位法",BI14*BL14+BJ14*BM14+BK14*BN14,BF14/(AZ14*12)*100)),2) -> 69.38 | BQ14: 90 | BR14: =IF(BQ14-BP14>15,"核实",IF((BQ14-BP14)<-15,"核实","")) -> 核实 | BS14: =IF(BQ14-BP14>15,ROUND(BQ14,0),IF(BQ14-BP14<-15,ROUND(BQ14,0),ROUND(BP14*0.4+BQ14*0.6,0))) -> 90 | BT14: =ROUND(AT14*BS14/100,0) -> 16144 | BU14: 0.05 | BV14: =ROUND(BT14*BU14,0) -> 807 | BW14: =ROUND(AT14*BS14/100*(1+BU14),0) -> 16951 | BX14: =AT14-I14 -> -11062 | BY14: =BW14-J14 -> -7227.75 | BZ14: =BX14/I14*100 -> -38.144828 | CA14: =BY14/J14*100 -> -29.892985
A15: 8 | B15: 0 | C15: 吹塑车间 | D15: 砖混 | E15: 39300 | F15: 平方米 | G15: 508.2 | H15: 703.8452 | I15: 357694.13 | J15: 313802.08 | X15: 500 | Y15: 220 | Z15: 100 | AA15: =SUM(X15:Z15) -> 820 | AB15: =ROUND(AA15*G15,2) -> 416724 | AC15: 有证含税 | AD15: =IF($AC15="有证含税",[26]前期费用及其他费用调查表!$F$15,IF(AC15="有证不含税",[26]前期费用及其他费用调查表!$G$15,IF(AC15="无证含税",[26]前期费用及其他费用调查表!$H$15,IF(AC15="无证不含税",[26]前期费用及其他费用调查表!$I$15,0)))) -> 163.82 | AE15: =ROUND(G15*AD15,2) -> 83253.32 | AF15: 0.036 | AG15: 0.015 | AH15: =ROUND(AB15*(AF15+AG15),2) -> 21252.92 | AI15: =AE15+AH15 -> 104506.24 | AJ15: 0.5 | AK15: 0.0486 | AL15: =ROUND((AB15+AI15)*AK15*0.5*AJ15,2) -> 6332.95 | AM15: 0.08 | AN15: =ROUND((AB15+AI15+AL15)*AM15,2) -> 42205.06 | AO15: 专票 | AP15: 不扣除进项税 | AQ15: =ROUND(AB15/1.11*0.11,2) -> 41296.97 | AR15: =AB15*AF15/1.06*6% -> 849.17343 | AS15: =SUM(AQ15:AR15) -> 42146.143 | AT15: =IF(AO15="普票",ROUND(AB15+AI15+AL15+AN15,0),IF(AP15="不扣除进项税",ROUND(AB15+AI15+AL15+AN15,0),ROUND(AB15+AI15+AL15+AN15-AS15,0))) -> 569768 | AU15: =IF((AT15-I15)/I15>0.3,"核实",IF((AT15-I15)/I15<-0.3,"核实","")) -> 核实 | AV15: =AV14 -> 43465 | AW15: =E15 -> 39300 | AX15: 39082 | AY15: 39447 | AZ15: =IF(D15="框架",50,IF(D15="排架",50,IF(D15="混合",40,IF(D15="砖混",40,IF(D15="钢结构",50,IF(D15="砖木",30,IF(D15="轻钢",35,IF(D15="简易",10,30)))))))) -> 40 | BA15: 20 | BB15: 15 | BC15: =IF(AZ15=0,"",(IF(AW15=0,"",(YEAR($AV15)-YEAR(AW15))*12+MONTH($AV15)-MONTH(AW15)))) -> 136 | BD15: =IF(BA15=0,"",(IF(AX15=0,"",(YEAR($AV15)-YEAR(AX15))*12+MONTH($AV15)-MONTH(AX15)))) -> 144 | BE15: =IF(BB15=0,"",(IF(AY15=0,"",(YEAR($AV15)-YEAR(AY15))*12+MONTH($AV15)-MONTH(AY15)))) -> 132 | BF15: =IF(AW15=0,0,AZ15*12-BC15) -> 344 | BG15: =IF(AX15=0,0,BA15*12-BD15) -> 96 | BH15: =IF(AY15=0,0,BB15*12-BE15) -> 48 | BI15: =IF(AZ15=0,"",BF15/(AZ15*12)*100) -> 71.666667 | BJ15: =IF(BA15=0,"",BG15/(BA15*12)*100) -> 40 | BK15: =IF(BB15=0,"",BH15/(BB15*12)*100) -> 26.666667 | BL15: =ROUND(X15/$AA15,2) -> 0.61 | BM15: =ROUND(Y15/$AA15,2) -> 0.27 | BN15: =ROUND(Z15/$AA15,2) -> 0.12 | BO15: 整体法 | BP15: =ROUND(IF(AZ15=0,0,IF(BO15="部位法",BI15*BL15+BJ15*BM15+BK15*BN15,BF15/(AZ15*12)*100)),2) -> 71.67 | BQ15: 90 | BR15: =IF(BQ15-BP15>15,"核实",IF((BQ15-BP15)<-15,"核实","")) -> 核实 | BS15: =IF(BQ15-BP15>15,ROUND(BQ15,0),IF(BQ15-BP15<-15,ROUND(BQ15,0),ROUND(BP15*0.4+BQ15*0.6,0))) -> 90 | BT15: =ROUND(AT15*BS15/100,0) -> 512791 | BU15: 0.11 | BV15: =ROUND(BT15*BU15,0) -> 56407 | BW15: =ROUND(AT15*BS15/100*(1+BU15),0) -> 569198 | BX15: =AT15-I15 -> 212073.87 | BY15: =BW15-J15 -> 255395.92 | BZ15: =BX15/I15*100 -> 59.289167 | CA15: =BY15/J15*100 -> 81.38758
A16: 9 | B16: 0 | C16: 大门传达室 | D16: 砖混 | E16: 39326 | F16: 平方米 | G16: 30 | H16: 4756.039 | I16: 142681.17 | J16: 125737.78 | X16: 500 | Y16: 220 | Z16: 100 | AA16: =SUM(X16:Z16) -> 820 | AB16: =ROUND(AA16*G16,2) -> 24600 | AC16: 有证含税 | AD16: =IF($AC16="有证含税",[26]前期费用及其他费用调查表!$F$15,IF(AC16="有证不含税",[26]前期费用及其他费用调查表!$G$15,IF(AC16="无证含税",[26]前期费用及其他费用调查表!$H$15,IF(AC16="无证不含税",[26]前期费用及其他费用调查表!$I$15,0)))) -> 163.82 | AE16: =ROUND(G16*AD16,2) -> 4914.6 | AF16: 0.036 | AG16: 0.015 | AH16: =ROUND(AB16*(AF16+AG16),2) -> 1254.6 | AI16: =AE16+AH16 -> 6169.2 | AJ16: 0.25 | AK16: 0.0486 | AL16: =ROUND((AB16+AI16)*AK16*0.5*AJ16,2) -> 186.92 | AM16: 0.08 | AN16: =ROUND((AB16+AI16+AL16)*AM16,2) -> 2476.49 | AO16: 专票 | AP16: 不扣除进项税 | AQ16: =ROUND(AB16/1.11*0.11,2) -> 2437.84 | AR16: =AB16*AF16/1.06*6% -> 50.128302 | AS16: =SUM(AQ16:AR16) -> 2487.9683 | AT16: =IF(AO16="普票",ROUND(AB16+AI16+AL16+AN16,0),IF(AP16="不扣除进项税",ROUND(AB16+AI16+AL16+AN16,0),ROUND(AB16+AI16+AL16+AN16-AS16,0))) -> 33433 | AU16: =IF((AT16-I16)/I16>0.3,"核实",IF((AT16-I16)/I16<-0.3,"核实","")) -> 核实 | AV16: =AV15 -> 43465 | AW16: =E16 -> 39326 | AX16: 39082 | AY16: 39447 | AZ16: =IF(D16="框架",50,IF(D16="排架",50,IF(D16="混合",40,IF(D16="砖混",40,IF(D16="钢结构",50,IF(D16="砖木",30,IF(D16="轻钢",35,IF(D16="简易",10,30)))))))) -> 40 | BA16: 20 | BB16: 15 | BC16: =IF(AZ16=0,"",(IF(AW16=0,"",(YEAR($AV16)-YEAR(AW16))*12+MONTH($AV16)-MONTH(AW16)))) -> 135 | BD16: =IF(BA16=0,"",(IF(AX16=0,"",(YEAR($AV16)-YEAR(AX16))*12+MONTH($AV16)-MONTH(AX16)))) -> 144 | BE16: =IF(BB16=0,"",(IF(AY16=0,"",(YEAR($AV16)-YEAR(AY16))*12+MONTH($AV16)-MONTH(AY16)))) -> 132 | BF16: =IF(AW16=0,0,AZ16*12-BC16) -> 345 | BG16: =IF(AX16=0,0,BA16*12-BD16) -> 96 | BH16: =IF(AY16=0,0,BB16*12-BE16) -> 48 | BI16: =IF(AZ16=0,"",BF16/(AZ16*12)*100) -> 71.875 | BJ16: =IF(BA16=0,"",BG16/(BA16*12)*100) -> 40 | BK16: =IF(BB16=0,"",BH16/(BB16*12)*100) -> 26.666667 | BL16: =ROUND(X16/$AA16,2) -> 0.61 | BM16: =ROUND(Y16/$AA16,2) -> 0.27 | BN16: =ROUND(Z16/$AA16,2) -> 0.12 | BO16: 整体法 | BP16: =ROUND(IF(AZ16=0,0,IF(BO16="部位法",BI16*BL16+BJ16*BM16+BK16*BN16,BF16/(AZ16*12)*100)),2) -> 71.88 | BQ16: 95 | BR16: =IF(BQ16-BP16>15,"核实",IF((BQ16-BP16)<-15,"核实","")) -> 核实 | BS16: =IF(BQ16-BP16>15,ROUND(BQ16,0),IF(BQ16-BP16<-15,ROUND(BQ16,0),ROUND(BP16*0.4+BQ16*0.6,0))) -> 95 | BT16: =ROUND(AT16*BS16/100,0) -> 31761 | BU16: 0.11 | BV16: =ROUND(BT16*BU16,0) -> 3494 | BW16: =ROUND(AT16*BS16/100*(1+BU16),0) -> 35255 | BX16: =AT16-I16 -> -109248.17 | BY16: =BW16-J16 -> -90482.78 | BZ16: =BX16/I16*100 -> -76.568036 | CA16: =BY16/J16*100 -> -71.96149
A17: 10 | B17: 0 | C17: 厂房 | D17: 轻钢 | E17: 39661 | F17: 平方米 | G17: 2916 | H17: 704.19809 | I17: 2053441.6 | J17: 1886813.1 | X17: 500 | Y17: 220 | Z17: 100 | AA17: =SUM(X17:Z17) -> 820 | AB17: =ROUND(AA17*G17,2) -> 2391120 | AC17: 有证含税 | AD17: =IF($AC17="有证含税",[26]前期费用及其他费用调查表!$F$15,IF(AC17="有证不含税",[26]前期费用及其他费用调查表!$G$15,IF(AC17="无证含税",[26]前期费用及其他费用调查表!$H$15,IF(AC17="无证不含税",[26]前期费用及其他费用调查表!$I$15,0)))) -> 163.82 | AE17: =ROUND(G17*AD17,2) -> 477699.12 | AF17: 0.036 | AG17: 0.015 | AH17: =ROUND(AB17*(AF17+AG17),2) -> 121947.12 | AI17: =AE17+AH17 -> 599646.24 | AJ17: 1 | AK17: 0.0531 | AL17: =ROUND((AB17+AI17)*AK17*0.5*AJ17,2) -> 79404.84 | AM17: 0.08 | AN17: =ROUND((AB17+AI17+AL17)*AM17,2) -> 245613.69 | AO17: 专票 | AP17: 不扣除进项税 | AQ17: =ROUND(AB17/1.11*0.11,2) -> 236957.84 | AR17: =AB17*AF17/1.06*6% -> 4872.4709 | AS17: =SUM(AQ17:AR17) -> 241830.31 | AT17: =IF(AO17="普票",ROUND(AB17+AI17+AL17+AN17,0),IF(AP17="不扣除进项税",ROUND(AB17+AI17+AL17+AN17,0),ROUND(AB17+AI17+AL17+AN17-AS17,0))) -> 3315785 | AU17: =IF((AT17-I17)/I17>0.3,"核实",IF((AT17-I17)/I17<-0.3,"核实","")) -> 核实 | AV17: =AV16 -> 43465 | AW17: =E17 -> 39661 | AX17: 39082 | AY17: 39447 | AZ17: =IF(D17="框架",50,IF(D17="排架",50,IF(D17="混合",40,IF(D17="砖混",40,IF(D17="钢结构",50,IF(D17="砖木",30,IF(D17="轻钢",35,IF(D17="简易",10,30)))))))) -> 35 | BA17: 20 | BB17: 15 | BC17: =IF(AZ17=0,"",(IF(AW17=0,"",(YEAR($AV17)-YEAR(AW17))*12+MONTH($AV17)-MONTH(AW17)))) -> 124 | BD17: =IF(BA17=0,"",(IF(AX17=0,"",(YEAR($AV17)-YEAR(AX17))*12+MONTH($AV17)-MONTH(AX17)))) -> 144 | BE17: =IF(BB17=0,"",(IF(AY17=0,"",(YEAR($AV17)-YEAR(AY17))*12+MONTH($AV17)-MONTH(AY17)))) -> 132 | BF17: =IF(AW17=0,0,AZ17*12-BC17) -> 296 | BG17: =IF(AX17=0,0,BA17*12-BD17) -> 96 | BH17: =IF(AY17=0,0,BB17*12-BE17) -> 48 | BI17: =IF(AZ17=0,"",BF17/(AZ17*12)*100) -> 70.47619 | BJ17: =IF(BA17=0,"",BG17/(BA17*12)*100) -> 40 | BK17: =IF(BB17=0,"",BH17/(BB17*12)*100) -> 26.666667 | BL17: =ROUND(X17/$AA17,2) -> 0.61 | BM17: =ROUND(Y17/$AA17,2) -> 0.27 | BN17: =ROUND(Z17/$AA17,2) -> 0.12 | BO17: 整体法 | BP17: =ROUND(IF(AZ17=0,0,IF(BO17="部位法",BI17*BL17+BJ17*BM17+BK17*BN17,BF17/(AZ17*12)*100)),2) -> 70.48 | BQ17: 95 | BR17: =IF(BQ17-BP17>15,"核实",IF((BQ17-BP17)<-15,"核实","")) -> 核实 | BS17: =IF(BQ17-BP17>15,ROUND(BQ17,0),IF(BQ17-BP17<-15,ROUND(BQ17,0),ROUND(BP17*0.4+BQ17*0.6,0))) -> 95 | BT17: =ROUND(AT17*BS17/100,0) -> 3149996 | BU17: 0.11 | BV17: =ROUND(BT17*BU17,0) -> 346500 | BW17: =ROUND(AT17*BS17/100*(1+BU17),0) -> 3496495 | BX17: =AT17-I17 -> 1262343.4 | BY17: =BW17-J17 -> 1609681.9 | BZ17: =BX17/I17*100 -> 61.474518 | CA17: =BY17/J17*100 -> 85.312212
BR18: =IF(BQ18-BP18>15,"核实",IF((BQ18-BP18)<-15,"核实",""))
G19: =SUM(G8:G18) -> 9492 | I19: =SUM(I8:I18) -> 7413997 | J19: =SUM(J8:J18) -> 6548936.7 | K19: =SUM(K8:K18) -> 0 | O19: =SUM(O8:O18) -> 0 | P19: =SUM(P8:P18) -> 0 | Q19: =SUM(Q8:Q18) -> 0 | R19: =SUM(R8:R18) -> 0 | S19: =SUM(S8:S18) -> 0 | T19: =SUM(T8:T18) -> 0 | U19: =SUM(U8:U18) -> 0 | V19: =SUM(V8:V18) -> 0 | W19: =SUM(W8:W18) -> 0 | AB19: =SUM(AB8:AB18) -> 7783440 | AC19: =SUM(AC8:AC18) -> 0 | AE19: =SUM(AE8:AE18) -> 1554979.4 | AH19: =SUM(AH8:AH18) -> 396955.44 | AI19: =SUM(AI8:AI18) -> 1951934.9 | AL19: =SUM(AL8:AL18) -> 241730.14 | AT19: =SUM(AT8:AT18) -> 10775274 | BR19: =IF(BQ19-BP19>15,"核实",IF((BQ19-BP19)<-15,"核实","")) | BW19: =SUM(BW8:BW18) -> 9918187 | BX19: =SUM(BX8:BX18) -> 3361277 | BY19: =SUM(BY8:BY18) -> 3369250.3 | BZ19: =BX19/I19*100 -> 45.336909 | CA19: =BY19/J19*100 -> 51.447287
C20: 评估人员：BBB | I20: 清查日期：2019年1月5日 | AE20: 复核人员：CCC | AL20: 复核日期：2019年1月25日

Sheet 构筑物
A1: 返回索引页 | B1: 返回
A2: 固定资产—构筑物及其他辅助设施评估明细表
A3: =CONCATENATE(#REF!,#REF!,#REF!,#REF!,#REF!,#REF!,#REF!) -> #REF!
A4: =#REF!&#REF! -> #REF! | AF4: 金额单位：人民币元
A5: 序号 | B5: 对应核算单位 | C5: 构筑物名称 | D5: 土地情况 | I5: 结构 | J5: 建成年月 | K5: 长度（M） | L5: 宽度（M） | M5: 高度（M） | N5: 计量单位 | O5: 建筑面积或体积 | P5: 账外资产原始取得价格 | Q5: 账面价值 | X5: 调整后账面价值 | AA5: 评估价值 | AD5: 增值率% | AE5: 评估单价(元/m2) | AF5: 备注 | AG5: 核验
D6: 宗地编号 | E6: 宗地名称 | F6: 土地证编号 | G6: 详细座落地址 | H6: 土地面积(M2) | Q6: 原值 | R6: 审定造价 | S6: 分摊费用 | T6: 其他 | U6: 合计 | V6: 净值 | W6: 减值准备 | X6: 原值 | Y6: 净值 | Z6: 减值准备 | AA6: 原值 | AB6: 成新率% | AC6: 净值 | AG6: 原值增值 | AH6: 原值增值率 | AI6: 核验
AC7: =ROUND(AA7*AB7/100,0) -> 0 | AD7: =IF(Y7=0,"",(AC7-Y7)/Y7*100) | AG7: =AA7-X7 -> 0 | AH7: =IF(X7=0,0,AG7/X7) -> 0 | AI7: =IF(ABS(AH7)>=0.3,"核查","")
AC8: =ROUND(AA8*AB8/100,0) -> 0 | AD8: =IF(Y8=0,"",(AC8-Y8)/Y8*100) | AG8: =AA8-X8 -> 0 | AH8: =IF(X8=0,0,AG8/X8) -> 0 | AI8: =IF(ABS(AH8)>=0.3,"核查","")
AC9: =ROUND(AA9*AB9/100,0) -> 0 | AD9: =IF(Y9=0,"",(AC9-Y9)/Y9*100) | AG9: =AA9-X9 -> 0 | AH9: =IF(X9=0,0,AG9/X9) -> 0 | AI9: =IF(ABS(AH9)>=0.3,"核查","")
AC10: =ROUND(AA10*AB10/100,0) -> 0 | AD10: =IF(Y10=0,"",(AC10-Y10)/Y10*100) | AG10: =AA10-X10 -> 0 | AH10: =IF(X10=0,0,AG10/X10) -> 0 | AI10: =IF(ABS(AH10)>=0.3,"核查","")
AC11: =ROUND(AA11*AB11/100,0) -> 0 | AD11: =IF(Y11=0,"",(AC11-Y11)/Y11*100) | AG11: =AA11-X11 -> 0 | AH11: =IF(X11=0,0,AG11/X11) -> 0 | AI11: =IF(ABS(AH11)>=0.3,"核查","")
AC12: =ROUND(AA12*AB12/100,0) -> 0 | AD12: =IF(Y12=0,"",(AC12-Y12)/Y12*100) | AG12: =AA12-X12 -> 0 | AH12: =IF(X12=0,0,AG12/X12) -> 0 | AI12: =IF(ABS(AH12)>=0.3,"核查","")
AC13: =ROUND(AA13*AB13/100,0) -> 0 | AD13: =IF(Y13=0,"",(AC13-Y13)/Y13*100) | AG13: =AA13-X13 -> 0 | AH13: =IF(X13=0,0,AG13/X13) -> 0 | AI13: =IF(ABS(AH13)>=0.3,"核查","")
AC14: =ROUND(AA14*AB14/100,0) -> 0 | AD14: =IF(Y14=0,"",(AC14-Y14)/Y14*100) | AG14: =AA14-X14 -> 0 | AH14: =IF(X14=0,0,AG14/X14) -> 0 | AI14: =IF(ABS(AH14)>=0.3,"核查","")
AC15: =ROUND(AA15*AB15/100,0) -> 0 | AD15: =IF(Y15=0,"",(AC15-Y15)/Y15*100) | AG15: =AA15-X15 -> 0 | AH15: =IF(X15=0,0,AG15/X15) -> 0 | AI15: =IF(ABS(AH15)>=0.3,"核查","")
AC16: =ROUND(AA16*AB16/100,0) -> 0 | AD16: =IF(Y16=0,"",(AC16-Y16)/Y16*100) | AG16: =AA16-X16 -> 0 | AH16: =IF(X16=0,0,AG16/X16) -> 0 | AI16: =IF(ABS(AH16)>=0.3,"核查","")
AC17: =ROUND(AA17*AB17/100,0) -> 0 | AD17: =IF(Y17=0,"",(AC17-Y17)/Y17*100) | AG17: =AA17-X17 -> 0 | AH17: =IF(X17=0,0,AG17/X17) -> 0 | AI17: =IF(ABS(AH17)>=0.3,"核查","")
AG18: =AA18-X18 -> 0 | AH18: =IF(X18=0,0,AG18/X18) -> 0 | AI18: =IF(ABS(AH18)>=0.3,"核查","")
AC19: =ROUND(AA19*AB19/100,0) -> 0 | AD19: =IF(Y19=0,"",(AC19-Y19)/Y19*100) | AG19: =AA19-X19 -> 0 | AH19: =IF(X19=0,0,AG19/X19) -> 0 | AI19: =IF(ABS(AH19)>=0.3,"核查","")
AC20: =ROUND(AA20*AB20/100,0) -> 0 | AD20: =IF(Y20=0,"",(AC20-Y20)/Y20*100) | AG20: =AA20-X20 -> 0 | AH20: =IF(X20=0,0,AG20/X20) -> 0 | AI20: =IF(ABS(AH20)>=0.3,"核查","")
AC21: =ROUND(AA21*AB21/100,0) -> 0 | AD21: =IF(Y21=0,"",(AC21-Y21)/Y21*100) | AG21: =AA21-X21 -> 0 | AH21: =IF(X21=0,0,AG21/X21) -> 0 | AI21: =IF(ABS(AH21)>=0.3,"核查","")
AG22: =AA22-X22 -> 0 | AH22: =IF(X22=0,0,AG22/X22) -> 0 | AI22: =IF(ABS(AH22)>=0.3,"核查","")
AC23: =ROUND(AA23*AB23/100,0) -> 0 | AD23: =IF(Y23=0,"",(AC23-Y23)/Y23*100) | AG23: =AA23-X23 -> 0 | AH23: =IF(X23=0,0,AG23/X23) -> 0 | AI23: =IF(ABS(AH23)>=0.3,"核查","")
AC24: =ROUND(AA24*AB24/100,0) -> 0 | AG24: =AA24-X24 -> 0 | AH24: =IF(X24=0,0,AG24/X24) -> 0 | AI24: =IF(ABS(AH24)>=0.3,"核查","")
AC25: =ROUND(AA25*AB25/100,0) -> 0 | AD25: =IF(Y25=0,"",(AC25-Y25)/Y25*100) | AG25: =AA25-X25 -> 0 | AH25: =IF(X25=0,0,AG25/X25) -> 0 | AI25: =IF(ABS(AH25)>=0.3,"核查","")
AC26: =ROUND(AA26*AB26/100,0) -> 0 | AD26: =IF(Y26=0,"",(AC26-Y26)/Y26*100) | AG26: =AA26-X26 -> 0 | AH26: =IF(X26=0,0,AG26/X26) -> 0 | AI26: =IF(ABS(AH26)>=0.3,"核查","")
AG27: =AA27-X27 -> 0 | AH27: =IF(X27=0,0,AG27/X27) -> 0 | AI27: =IF(ABS(AH27)>=0.3,"核查","")
AC28: =ROUND(AA28*AB28/100,0) -> 0 | AD28: =IF(Y28=0,"",(AC28-Y28)/Y28*100) | AG28: =AA28-X28 -> 0 | AH28: =IF(X28=0,0,AG28/X28) -> 0 | AI28: =IF(ABS(AH28)>=0.3,"核查","")
A29: 合 计 | Q29: =SUM(Q7:Q28) -> 0 | V29: =SUM(V7:V28) -> 0 | X29: =SUM(X7:X28) -> 0 | Y29: =SUM(Y7:Y28) -> 0 | AA29: =SUM(AA7:AA28) -> 0 | AC29: =SUM(AC7:AC28) -> 0 | AD29: =IF(Y29=0,"",(AC29-Y29)/Y29*100) | AG29: =AA29-X29 -> 0 | AH29: =IF(X29=0,0,AG29/X29) -> 0 | AI29: =IF(ABS(AH29)>=0.3,"核查","")
A30: 减：构筑物及其他辅助设施减值准备 | W30: =SUM(W7:W28) -> 0 | Z30: =SUM(Z7:Z28) -> 0 | AD30: =IF(Y30=0,"",(AC30-Y30)/Y30*100) | AG30: =AA30-X30 -> 0 | AH30: =IF(X30=0,0,AG30/X30) -> 0 | AI30: =IF(ABS(AH30)>=0.3,"核查","")
A31: 合 计 | Q31: =Q29-V30 -> 0 | V31: =V29-W30 -> 0 | X31: =X29-X30 -> 0 | Y31: =Y29-Z30 -> 0 | AA31: =AA29 -> 0 | AC31: =AC29 -> 0 | AD31: =IF(Y31=0,"",(AC31-Y31)/Y31*100) | AG31: =AA31-X31 -> 0 | AH31: =IF(X31=0,0,AG31/X31) -> 0 | AI31: =IF(ABS(AH31)>=0.3,"核查","")
A32: =#REF!&#REF! -> #REF! | AA32: ="评估人员："&#REF! -> #REF!
A33: =CONCATENATE(#REF!,#REF!,#REF!,#REF!,#REF!,#REF!,#REF!) -> #REF!

Sheet 管道沟槽
A1: 返回索引页 | B1: 返回
A2: 固定资产—管道和沟槽评估明细表
A3: =CONCATENATE(#REF!,#REF!,#REF!,#REF!,#REF!,#REF!,#REF!) -> #REF!
A4: =#REF!&#REF! -> #REF! | AF4: 金额单位：人民币元
A5: 序号 | B5: 对应核算单位 | C5: 对应核算单位 | D5: 名称 | E5: 土地情况 | J5: 坐落位置 | K5: 长度（M） | L5: 槽深（M） | M5: 沟宽×沟厚(mm*mm) | N5: 材质 | O5: 绝缘方式 | P5: 建成年月 | Q5: 账外资产原始取得价格 | R5: 原值构成 | V5: 账面价值 | Y5: 审计后账面价值 | AB5: 评估价值 | AE5: 增值率% | AF5: 备注 | AG5: 核验
E6: 宗地编号 | F6: 宗地名称 | G6: 土地证编号 | H6: 详细座落地址 | I6: 土地面积(M2) | M6: 管径×壁厚(mm*mm) | R6: 审计造价 | S6: 分摊费用 | T6: 其他 | U6: 合计 | V6: 原值 | W6: 净值 | X6: 减值准备 | Y6: 原值 | Z6: 净值 | AA6: 减值准备 | AB6: 原值 | AC6: 成新率% | AD6: 净值 | AG6: 原值增值 | AH6: 原值增值率 | AI6: 核验
AD7: =ROUND(AB7*AC7/100,0) -> 0 | AE7: =IF(Z7=0,"",(AD7-Z7)/Z7*100) | AG7: =AB7-Y7 -> 0 | AH7: =IF(Y7=0,0,AG7/Y7) -> 0 | AI7: =IF(AH7>0.3,"核查",IF(AH7<-0.3,"核查",""))
AD8: =ROUND(AB8*AC8/100,0) -> 0 | AE8: =IF(Z8=0,"",(AD8-Z8)/Z8*100) | AG8: =AB8-Y8 -> 0 | AH8: =IF(Y8=0,0,AG8/Y8) -> 0 | AI8: =IF(AH8>0.3,"核查",IF(AH8<-0.3,"核查",""))
AD9: =ROUND(AB9*AC9/100,0) -> 0 | AE9: =IF(Z9=0,"",(AD9-Z9)/Z9*100) | AG9: =AB9-Y9 -> 0 | AH9: =IF(Y9=0,0,AG9/Y9) -> 0 | AI9: =IF(AH9>0.3,"核查",IF(AH9<-0.3,"核查",""))
AD10: =ROUND(AB10*AC10/100,0) -> 0 | AE10: =IF(Z10=0,"",(AD10-Z10)/Z10*100) | AG10: =AB10-Y10 -> 0 | AH10: =IF(Y10=0,0,AG10/Y10) -> 0 | AI10: =IF(AH10>0.3,"核查",IF(AH10<-0.3,"核查",""))
AD11: =ROUND(AB11*AC11/100,0) -> 0 | AE11: =IF(Z11=0,"",(AD11-Z11)/Z11*100) | AG11: =AB11-Y11 -> 0 | AH11: =IF(Y11=0,0,AG11/Y11) -> 0 | AI11: =IF(AH11>0.3,"核查",IF(AH11<-0.3,"核查",""))
AD12: =ROUND(AB12*AC12/100,0) -> 0 | AE12: =IF(Z12=0,"",(AD12-Z12)/Z12*100) | AG12: =AB12-Y12 -> 0 | AH12: =IF(Y12=0,0,AG12/Y12) -> 0 | AI12: =IF(AH12>0.3,"核查",IF(AH12<-0.3,"核查",""))
AD13: =ROUND(AB13*AC13/100,0) -> 0 | AE13: =IF(Z13=0,"",(AD13-Z13)/Z13*100) | AG13: =AB13-Y13 -> 0 | AH13: =IF(Y13=0,0,AG13/Y13) -> 0 | AI13: =IF(AH13>0.3,"核查",IF(AH13<-0.3,"核查",""))
AG14: =AB14-Y14 -> 0 | AH14: =IF(Y14=0,0,AG14/Y14) -> 0 | AI14: =IF(AH14>0.3,"核查",IF(AH14<-0.3,"核查",""))
AD15: =ROUND(AB15*AC15/100,0) -> 0 | AE15: =IF(Z15=0,"",(AD15-Z15)/Z15*100) | AG15: =AB15-Y15 -> 0 | AH15: =IF(Y15=0,0,AG15/Y15) -> 0 | AI15: =IF(AH15>0.3,"核查",IF(AH15<-0.3,"核查",""))
AD16: =ROUND(AB16*AC16/100,0) -> 0 | AE16: =IF(Z16=0,"",(AD16-Z16)/Z16*100) | AG16: =AB16-Y16 -> 0 | AH16: =IF(Y16=0,0,AG16/Y16) -> 0 | AI16: =IF(AH16>0.3,"核查",IF(AH16<-0.3,"核查",""))
AD17: =ROUND(AB17*AC17/100,0) -> 0 | AE17: =IF(Z17=0,"",(AD17-Z17)/Z17*100) | AG17: =AB17-Y17 -> 0 | AH17: =IF(Y17=0,0,AG17/Y17) -> 0 | AI17: =IF(AH17>0.3,"核查",IF(AH17<-0.3,"核查",""))
AD18: =ROUND(AB18*AC18/100,0) -> 0 | AE18: =IF(Z18=0,"",(AD18-Z18)/Z18*100) | AG18: =AB18-Y18 -> 0 | AH18: =IF(Y18=0,0,AG18/Y18) -> 0 | AI18: =IF(AH18>0.3,"核查",IF(AH18<-0.3,"核查",""))
AD19: =ROUND(AB19*AC19/100,0) -> 0 | AE19: =IF(Z19=0,"",(AD19-Z19)/Z19*100) | AG19: =AB19-Y19 -> 0 | AH19: =IF(Y19=0,0,AG19/Y19) -> 0 | AI19: =IF(AH19>0.3,"核查",IF(AH19<-0.3,"核查",""))
AD20: =ROUND(AB20*AC20/100,0) -> 0 | AE20: =IF(Z20=0,"",(AD20-Z20)/Z20*100) | AG20: =AB20-Y20 -> 0 | AH20: =IF(Y20=0,0,AG20/Y20) -> 0 | AI20: =IF(AH20>0.3,"核查",IF(AH20<-0.3,"核查",""))
AD21: =ROUND(AB21*AC21/100,0) -> 0 | AE21: =IF(Z21=0,"",(AD21-Z21)/Z21*100) | AG21: =AB21-Y21 -> 0 | AH21: =IF(Y21=0,0,AG21/Y21) -> 0 | AI21: =IF(AH21>0.3,"核查",IF(AH21<-0.3,"核查",""))
AD22: =ROUND(AB22*AC22/100,0) -> 0 | AE22: =IF(Z22=0,"",(AD22-Z22)/Z22*100) | AG22: =AB22-Y22 -> 0 | AH22: =IF(Y22=0,0,AG22/Y22) -> 0 | AI22: =IF(AH22>0.3,"核查",IF(AH22<-0.3,"核查",""))
AD23: =ROUND(AB23*AC23/100,0) -> 0 | AE23: =IF(Z23=0,"",(AD23-Z23)/Z23*100) | AG23: =AB23-Y23 -> 0 | AH23: =IF(Y23=0,0,AG23/Y23) -> 0 | AI23: =IF(AH23>0.3,"核查",IF(AH23<-0.3,"核查",""))
AD24: =ROUND(AB24*AC24/100,0) -> 0 | AE24: =IF(Z24=0,"",(AD24-Z24)/Z24*100) | AG24: =AB24-Y24 -> 0 | AH24: =IF(Y24=0,0,AG24/Y24) -> 0 | AI24: =IF(AH24>0.3,"核查",IF(AH24<-0.3,"核查",""))
AD25: =ROUND(AB25*AC25/100,0) -> 0 | AE25: =IF(Z25=0,"",(AD25-Z25)/Z25*100) | AG25: =AB25-Y25 -> 0 | AH25: =IF(Y25=0,0,AG25/Y25) -> 0 | AI25: =IF(AH25>0.3,"核查",IF(AH25<-0.3,"核查",""))
AD26: =ROUND(AB26*AC26/100,0) -> 0 | AE26: =IF(Z26=0,"",(AD26-Z26)/Z26*100) | AG26: =AB26-Y26 -> 0 | AH26: =IF(Y26=0,0,AG26/Y26) -> 0 | AI26: =IF(AH26>0.3,"核查",IF(AH26<-0.3,"核查",""))
AG27: =AB27-Y27 -> 0 | AH27: =IF(Y27=0,0,AG27/Y27) -> 0 | AI27: =IF(AH27>0.3,"核查",IF(AH27<-0.3,"核查",""))
AG28: =AB28-Y28 -> 0 | AH28: =IF(Y28=0,0,AG28/Y28) -> 0 | AI28: =IF(AH28>0.3,"核查",IF(AH28<-0.3,"核查",""))
AD29: =ROUND(AB29*AC29/100,0) -> 0 | AE29: =IF(Z29=0,"",(AD29-Z29)/Z29*100) | AG29: =AB29-Y29 -> 0 | AH29: =IF(Y29=0,0,AG29/Y29) -> 0 | AI29: =IF(AH29>0.3,"核查",IF(AH29<-0.3,"核查",""))
AD30: =ROUND(AB30*AC30/100,0) -> 0 | AE30: =IF(Z30=0,"",(AD30-Z30)/Z30*100) | AG30: =AB30-Y30 -> 0 | AH30: =IF(Y30=0,0,AG30/Y30) -> 0 | AI30: =IF(AH30>0.3,"核查",IF(AH30<-0.3,"核查",""))
AD31: =ROUND(AB31*AC31/100,0) -> 0 | AE31: =IF(Z31=0,"",(AD31-Z31)/Z31*100) | AG31: =AB31-Y31 -> 0 | AH31: =IF(Y31=0,0,AG31/Y31) -> 0 | AI31: =IF(AH31>0.3,"核查",IF(AH31<-0.3,"核查",""))
A32: 合 计 | V32: =SUM(V7:V31) -> 0 | W32: =SUM(W7:W31) -> 0 | Y32: =SUM(Y7:Y31) -> 0 | Z32: =SUM(Z7:Z31) -> 0 | AB32: =SUM(AB7:AB31) -> 0 | AD32: =SUM(AD7:AD31) -> 0 | AE32: =IF(Z32=0,"",(AD32-Z32)/Z32*100) | AG32: =AB32-Y32 -> 0 | AH32: =IF(Y32=0,0,AG32/Y32) -> 0 | AI32: =IF(AH32>0.3,"核查",IF(AH32<-0.3,"核查",""))
A33: 减：管道和沟槽减值准备 | X33: =SUM(X7:X31) -> 0 | AA33: =SUM(AA7:AA31) -> 0 | AE33: =IF(Z33=0,"",(AD33-Z33)/Z33*100) | AG33: =AB33-Y33 -> 0 | AH33: =IF(Y33=0,0,AG33/Y33) -> 0 | AI33: =IF(AH33>0.3,"核查",IF(AH33<-0.3,"核查",""))
A34: 合 计 | V34: =V32-W33 -> 0 | W34: =W32-X33 -> 0 | Y34: =Y32-Y33 -> 0 | Z34: =Z32-AA33 -> 0 | AB34: =AB32 -> 0 | AD34: =AD32 -> 0 | AE34: =IF(Z34=0,"",(AD34-Z34)/Z34*100) | AG34: =AB34-Y34 -> 0 | AH34: =IF(Y34=0,0,AG34/Y34) -> 0 | AI34: =IF(AH34>0.3,"核查",IF(AH34<-0.3,"核查",""))
A35: =#REF!&#REF! -> #REF! | AB35: ="评估人员："&#REF! -> #REF!
A36: =CONCATENATE(#REF!,#REF!,#REF!,#REF!,#REF!,#REF!,#REF!) -> #REF!

Sheet 机器设备
A1: 返回索引页 | C1: 返回
A2: 固定资产—机器设备评估明细表
A3: =CONCATENATE(#REF!,#REF!,#REF!,#REF!,#REF!,#REF!,#REF!) -> #REF!
A4: =#REF!&#REF! -> #REF! | AO4: 金额单位：人民币元
A5: 序号 | B5: 财务序号 | C5: 对应核算单位 | D5: 设备编号 | E5: 设备名称 | F5: 规格型号 | G5: 主要参数 | H5: 生产厂家 | I5: 计量单位 | J5: 数量 | K5: 重量 | L5: 功率 | M5: 重量 | N5: 使用状况 | O5: 存放位置 | P5: 分类 | Q5: 折旧年限 | R5: 已提折旧年限 | S5: 购置日期 | T5: 启用日期 | U5: 审计前账面值 | AH5: 账面价值 | AK5: 评估价值 | AN5: 增值率% | AO5: 备注 | AP5: 核验
U6: 原值 | V6: 资产核实 | W6: 资产核实 | X6: 审定造价 | Y6: 甲方供材 | Z6: 原始入账价值 | AA6: 记入价值 | AB6: 分摊费用 | AC6: 其他 | AD6: 合计 | AE6: 差异 | AF6: 净值 | AG6: 减值准备 | AH6: 原值 | AI6: 净值 | AJ6: 减值准备 | AK6: 原值 | AL6: 成新率% | AM6: 净值 | AP6: 单价 | AQ6: 同价检验 | AR6: 同价检验 | AS6: 原值增值 | AT6: 原值增值率 | AU6: 核验
AM7: =ROUND(AK7*AL7/100,0) -> 0 | AN7: =IF(AI7=0,"",(AM7-AI7)/AI7*100) | AP7: =ROUND(IF(J7="",0,AK7/J7),-1) -> 0 | AQ7: =COUNTIFS(E:E,E7,F:F,F7,AP:AP,AP7)=COUNTIFS(E:E,E7,F:F,F7) -> TRUE | AR7: =IF(AQ7=TRUE,0,"单价不同") -> 0 | AS7: =AK7-AH7 -> 0 | AT7: =IF(AH7=0,0,AS7/AH7) -> 0 | AU7: =IF(AT7>0.3,"核查",IF(AT7<-0.3,"核查",""))
